Workbook

Sheet 00_DATOS_1
A1: Item | B1: Descripción | C1: Indices | D1: Costo unitario
A2: 1 | B2: Valor del suelo Base GDB 2025 Catastro ($/m2) | D2: 2600000
A3: 2 | B3: IVIUR 2024 Bogotá | C3: 0.0581
A4: 3 | B4: IVIUR 2025 Bogotá | C4: 0.0682
A5: 4 | B5: IIVIUR 2024-2025 Bogotá | C5: =SUM(C3:C4) -> 0.1263
D6: Industrial | E6: Comercial | F6: Residencial No Vis | G6: Vis / Vip
A7: 5 | B7: ICOCED | D7: 1394257 | E7: 1974962 | F7: 1124998 | G7: 670000
B8: 2019 | C8: 0.028 | D8: =D7*(1+C8) -> 1433296.2 | E8: =E7*(1+C8) -> 2030260.9 | F8: =F7*(1+C8) -> 1156497.9 | G8: =G7*(1+C8) -> 688760
B9: 2020 | C9: 0.0426 | D9: =D8*(1+C9) -> 1494354.6 | E9: =E8*(1+C9) -> 2116750.1 | F9: =F8*(1+C9) -> 1205764.8 | G9: =G8*(1+C9) -> 718101.18
B10: 2021 | C10: 0.071 | D10: =D9*(1+C10) -> 1600453.8 | E10: =E9*(1+C10) -> 2267039.3 | F10: =F9*(1+C10) -> 1291374.1 | G10: =G9*(1+C10) -> 769086.36
B11: 2022 | C11: 0.1078 | D11: =D10*(1+C11) -> 1772982.7 | E11: =E10*(1+C11) -> 2511426.1 | F11: =F10*(1+C11) -> 1430584.2 | G11: =G10*(1+C11) -> 851993.87
B12: 2023 | C12: 0.0751 | D12: =D11*(1+C12) -> 1906133.7 | E12: =E11*(1+C12) -> 2700034.2 | F12: =F11*(1+C12) -> 1538021 | G12: =G11*(1+C12) -> 915978.61
B13: 2024 | C13: 0.0438 | D13: =D12*(1+C13) -> 1989622.4 | E13: =E12*(1+C13) -> 2818295.7 | F13: =F12*(1+C13) -> 1605386.4 | G13: =G12*(1+C13) -> 956098.47
B14: 2025 | C14: 0.0353 | D14: =D13*(1+C14) -> 2059856 | E14: =E13*(1+C14) -> 2917781.6 | F14: =F13*(1+C14) -> 1662056.5 | G14: =G13*(1+C14) -> 989848.75
A17: Item | B17: Descripción | C17: Indice | D17: Costo directo
A18: 6 | B18: Obligación VIP / VIS sobre Ice
A19: 7 | B19: VIP | C19: 0.1
A20: 8 | B20: VIS | C20: 0.15
A22: 9 | B22: Compensacion ESB | C22: 70890.97
A23: 10 | B23: Compensacion CORFERIAS | C23: 4363
A25: 11 | B25: Valor Directo Construcción (Chat GPT 2025) | D25: $/m2 cnt directo
A26: 12 | B26: 1-Comercio puntual | D26: 2200000
A27: 13 | B27: 2-Comercio en centros comerciales | D27: 2800000
A28: 14 | B28: 3-Espacio Público | D28: 0
A29: 15 | B29: 4-Industrial | D29: 1900000
A30: 16 | B30: 5-Logístico | D30: 1100000
A31: 17 | B31: 6-Oficinas | D31: 2800000
A32: 18 | B32: 7-Residencial | D32: 2500000
A33: 19 | B33: 8-Servicios (Clinicas,etc) | D33: 3200000
A34: 20 | B34: 9-Urbanizado_no_edificado | D34: 0
B36: OBLIGACIONES URBANISTICAS
A37: 21 | B37: Adecuacion de Espacio Público | D37: 719000 | E37: Renobo AE Calle 72
A38: 22 | B38: Costo urbanismo interno Bogotá | D38: 200000 | E38: PP Everfit 2018
A39: 23 | B39: Adeciación de vías | D39: 2170000 | E39: Renobo AE Calle 72
A41: 24 | B41: Calificación suelo VIS/VIP
A42: 25 | B42: Valor Catastra Suelo (2023) | D42: 2881206.2 | E42: $/m2
A43: 26 | B43: Valor Comercial Suelo (2023) | D43: 3472790.8 | E43: $/m2
A44: 27 | B44: Iviur 2024 | D44: 0.0581
A45: 28 | B45: Iviur 2025 | D45: 0.0682
A46: 29 | B46: Iviut Total | D46: =SUM(D44:D45) -> 0.1263
A47: 30 | B47: Valor Suelo Catastral (2026) | D47: =D42*(1+D46) -> 3245102.6 | E47: $/m2
A48: 31 | B48: Valor Comercial Suelo (2026) | D48: 3535000 | E48: $/m2
A49: 32 | B49: Valor Catastra Suelo (2026)
B51: ESTACIONAMIENTOS
A52: 26 | B52: Exigido | C52: 0 | D52: n.a.
A53: 27 | B53: Opcional Base (0-10%) | C53: 0.1 | D53: % a.t.c.
A54: 28 | B54: Opcional Adicional sujeto a compensación (0 a 15 %) | C54: 0.15 | D54: % a.t.c.

Sheet 00_DATOS_NORMA
A1: DATOS NORMA
A2: Item | B2: Descripción | D2: Indices
D3: valor | E3: unidad
B5: Dimensión antejardín | D5: 0 | E5: ml
B7: OBLIGACIONES URBANíSTICAS
B8: Carácter local
A9: a | B9: Cesión de suelo + Construcción de Espacio público | C9: Si | D9: 0.65 | E9: a.b.
A10: b | B10: Cesión de suelo + Construcción de Malla Vial intermedia y local | C10: Si | D10: -
A11: c | B11: El suelo de las zonas de cesión para equipamiento comunal público | C11: Si | D11: 0.03 | E11: a.b.
B12: ¿Construcción de equipamientos? | C12: x | D12: -
A13: d | B13: El suelo y la construcción de redes secundarias y locales de los servicios públicos domiciliarios y sus infraestructuras relacionadas. | C13: x
A14: e | B14: Destinación de un porcentaje obligatorio de suelo o su equivalente en área construida para VIS y VIP, | C14: Si | D14: 0.2 | E14: a.u.
A15: f | B15: Costos de estudios y ejecución de obras de mitigación de los suelos que deban sanear pasivos ameintales, contaminados o degradados | C15: x
A16: g | B16: Costos política de proytección a moradores y actividades productivas y participación ciudadana | C16: Si
A17: h | B17: Costos de formulación | C17: Si
B19: Indice de Construcción Efectivo | D19: 7
B21: Califiación suelo VIP / VIS IC > 7 Planes Parciales
B22: Vip | D22: 0.1
B23: VIS | D23: 0.15
B25: Condición artículo 305 Dec 555-2021 | D25: 0.08
B27: Elevación máxima aeropuerto | D27: 109 | E27: ml
B29: Norma de Parqueaderos
B31: Usos permitidos | F31: A.C.
B32: Residencial | C32: Si
B33: No Vis | D33: 80 | E33: m2/viv | F33: 0.25
B34: Vis | D34: 42 | E34: m2/viv | F34: 0.2
B35: Vip | D35: 42 | E35: m2 / viv | F35: 0.15
B36: Viv con servicios | F36: 0.15
B37: Medicalizadas | F37: 0.15
B41: Dotacional
B42: Equipamiento Tipo 1 | C42: Si
B43: Equipamiento Tipo 2 | C43: Si
B44: Equipamiento Tipo 3
B45: Comercial y de servicios
B46: Clasificación por área
B47: Comercial y de servicios 1 | C47: Si
B48: Comercial y de servicios 2 | C48: Si
B49: Comercial y de servicios 3 | C49: Si
B50: Clasificación por uso
B51: Comercios y servicios creativos | C51: Si
B52: Comercios y servicios básicos | C52: Si
B53: Servicios de hospedaje | C53: SI
B54: Servicios de Oficinas: | C54: SI
B55: Servicios al automóvil | C55: No
B56: Servicios Especiales. | C56: No
B57: Servicios logísticos | C57: Si?
B58: Usos industriales
B59: Clasificacion por área
B60: Industrial tipo 1 | C60: Si
B61: Industrial tipo 2 | C61: No
B62: Industrial tipo 3 | C62: No
B63: Clasificación por tipo
B64: Producción artesanal | C64: Si
B65: Industria transformadora | C65: No
B66: a. Industria Liviana | C66: No
B67: b. Industria Mediana: | C67: No
B68: c. Industria Pesada: | C68: No
B70: Estacionamientos (Ver art 389 Dec. 555 - 2021)
A71: 1 | B71: Area de actividad estructurante Receptora de obligaciones urbanísticas.AAERVIS
B72: Exigido
A73: 2 | B73: No se exige un mínimo de áreas para estacionamientos
B74: Opcional
A75: 3 | B75: % área máxima destinada para estacionamientos sobre el área construida del proyecto para el cálculo de estacionamientos. | D75: 0-10% | E75: A.C.
A76: 4 | B76: % área adicional destinada para estacionamiento sujeta a pago compensatorio calculado sobre sobre el área construida del proyecto para el cálculo de estacionamientos | D76: 0-15% | E76: A.C.
A77: 5 | B77: * El porcentaje de área destinada a estacionamientos incluye únicamente zonas de parqueo, maniobra y circulación vehicular.
A78: 6 | B78: Estacioamientos para bicicletas
A79: 8 | B79: Residencial
A80: 9 | B80: 0 - 80 | C80: 1 | D80: pq/viv.
A81: 10 | B81: >80 - 120 | C81: 2 | D81: pq/viv.
A82: 11 | B82: > 120 | C82: 3 | D82: pq/viv.

Sheet 00_DATOS_Usos_Norma
A1: Descripción | B1: indice | C1: Observaciones
A2: Usos permitidos
A3: Residencial (ver
A4: Vip (Obligacion en suelo) | B4: 0.1
A5: Vip (Obligacion en suelo) | B5: 0.15
A6: Vip (Obligacion en m2 cnt) | B6: 0.06
A7: Vip (Obligacion en m2 cnt) | B7: 0.08
A8: Dotacional
A9: Equipamiento Tipo 1 | C9: Con área construida < = 4000 m²
A10: Equipamiento Tipo 2 | C10: Con área construida >4000 m² <=15,000 m2.
A11: Equipamiento Tipo 3 | C11: Con área construida > 15.000 m2.
A12: Comercial y de servicios
A13: Clasificación por área
A14: Comercial y de servicios 1 | C14: Uso aglomerado o individual con área construida <= 500 m2.
A15: Comercial y de servicios 2 | C15: Uso aglomerado o individual con área construida > 500 m2. <= 4000 m2.
A16: Comercial y de servicios 3 | C16: Uso aglomerado o individual con área construida > 4000 m2.
A17: Clasificación por uso
A18: Comercios y servicios básicos
A19: Servicios de hospedaje
A20: Servicios de Oficinas:
A21: Servicios al automóvil
A22: Servicios Especiales.
A23: Servicios logísticos
A25: Usos industriales
A26: Industrial tipo 1 | C26: Uso aglomerado o individual con área construida <= 500 m2.
A27: Industrial tipo 2 | C27: Uso aglomerado o individual con área construida > 500 m2. <= 4000 m2.
A28: Industrial tipo 3 | C28: Uso aglomerado o individual con área construida > 4000 m2.

Sheet 00_Datos_Mercado
A1: Item | B1: Descripción | C1: Indice | E1: Cantidad | G1: Valor unitario | I1: Valor Total | L1: Area promedio unidad x uso | Q1: Precio m2 / uso
C2: valor | D2: unidad | E2: valor | F2: unidad | G2: valor | H2: unidad | I2: valor | J2: unidad | L2: Valor | M2: unidad
A3: 1 | B3: a_CS - Creativos | E3: 100 | L3: 70 | M3: m2 | Q3: 6500000
A4: 2 | B4: b_CS - General (Comercio + Oficinas + Hospedaje) | E4: 100 | L4: 70 | M4: m2 | Q4: 7500000
A5: 3 | B5: c_CS - Grandes Superficies | E5: 100 | Q5: 3000000
A6: 4 | B6: d_CS - Torre Empresarial (Oficinas + Hospedaje) | E6: 100 | L6: 150 | M6: m2 | Q6: 12000000
A7: 5 | B7: e_CS - Innovation (H, CS, Gamers) | E7: 100 | L7: 50 | M7: m2 | N7: vip | Q7: 9000000
A8: 6 | B8: f_RES - VIS Ru | L8: =E13 -> 48 | M8: m2 | N8: =E14 -> 42 | O8: m2
A9: 7 | B9: h_RES - VIP Ru | L9: 42 | M9: m2
A10: 8 | B10: i_RES - No VIS | E10: 80 | L10: 90 | M10: m2
B12: No Vis | Q12: 7500000
A13: 9 | B13: Vis RU | C13: 175 | D13: SMMLV | E13: 48 | F13: m2 | G13: =I13/E13 -> 6383507.8 | H13: $/m2 | I13: =C13*I15 -> 306408375 | J13: $ | Q13: =I13/E13 -> 6383507.8
A14: 10 | B14: Vip RU | C14: 90 | D14: SMMLV | E14: 42 | F14: m2 | G14: =I14/E14 -> 3751939.3 | H14: $/m2 | I14: =C14*I15 -> 157581450 | J14: $ | Q14: =I14/E14 -> 3751939.3
A15: 11 | B15: SMMLV | I15: =1750905 -> 1750905 | J15: $
B18: Locales Comerciales | E18: =SUM(E19:E22) -> 905.63 | F18: m2 | G18: =I18/E18 -> 5284777.6 | H18: $/m2 | I18: =SUM(I19:I22) -> 4786053175
A19: 12 | B19: Torre Estación Central | E19: 20.63 | F19: m2 | G19: =I19/E19 -> 7365971.9 | H19: $/m2 | I19: 151960000 | J19: $
A20: 13 | B20: Local venta Chapinero (Usado) | E20: 450 | F20: m2 | G20: =I20/E20 -> 5111111.1 | H20: $/m2 | I20: 2300000000 | J20: $
A21: 14 | B21: Local venta Santa Fé (usado) | E21: 135 | F21: m2 | G21: =I21/E21 -> 6548838.3 | H21: $/m2 | I21: 884093175 | J21: $
A22: 15 | B22: Local Venta Quinta Camacho (Usado) | E22: 300 | F22: m2 | G22: =I22/E22 -> 4833333.3 | H22: $/m2 | I22: 1450000000 | J22: $
A23: 16 | B23: Florens Origen Consultorios | E23: 89 | F23: m2 | G23: =I23/E23 -> 4885618 | H23: $/m2 | I23: 434820000 | J23: $
B24: Oficinas
A25: 17 | B25: Torre 126 Oficina en Venta | E25: 70.02 | F25: m2 | G25: =I25/E25 -> 11983390 | H25: $/m2 | I25: 839077000 | J25: $
A26: 18 | B26: Meridiano IKONIK | E26: 37.37 | F26: m2 | G26: =I26/E26 -> 8000000 | H26: $/m2 | I26: 298960000 | J26: $
A27: 19 | B27: Life 72 | E27: 48 | F27: m2 | G27: =I27/E27 -> 9333333.3 | H27: $/m2 | I27: 448000000 | J27: $
B28: NO VIS | E28: =SUM(E29:E33) -> 273.46 | G28: =I28/E28 -> 8168652.3 | H28: $/m2 | I28: =SUM(I29:I33) -> 2233799668 | J28: $
A29: 20 | B29: Arborea | E29: 69.75 | F29: m2 | G29: =I29/E29 -> 4074618.9 | H29: $/m2 | I29: 284204668 | J29: $
A30: 21 | B30: Celeste | E30: 44 | F30: m2 | G30: =I30/E30 -> 7413636.4 | H30: $/m2 | I30: 326200000 | J30: $
A31: 22 | B31: Centriko | E31: 60.35 | F31: m2 | G31: =I31/E31 -> 8483761.4 | H31: $/m2 | I31: 511995000 | J31: $
A32: 23 | B32: Bosscatta | E32: 36 | F32: m2 | G32: =I32/E32 -> 10277778 | H32: $/m2 | I32: 370000000 | J32: $
A33: 24 | B33: Element 142 | E33: 63.36 | F33: m2 | G33: =I33/E33 -> 11701389 | H33: $/m2 | I33: 741400000 | J33: $
B34: Fuente: https://www.metrocuadrado.com/local/venta/bogota/?search=form
B36: Parqueaderos | E36: =SUM(E37:E39) -> 58 | G36: =I36/E36 -> 2741379.3 | H36: $/m2 | I36: =SUM(I37:I39) -> 159000000
A37: 25 | B37: Chapinero la Cabrera (usado) | E37: 10 | F37: m2 | G37: =I37/E37 -> 4000000 | H37: $/m2 | I37: 40000000 | J37: $
A38: 26 | B38: Usaquén Parques de Lorena (Usado) | E38: 24 | F38: m2 | G38: =I38/E38 -> 1958333.3 | H38: $/m2 | I38: 47000000 | J38: $
A39: 27 | B39: Usaquén Escuela de Infantería (Usado) | E39: 24 | F39: m2 | G39: =I39/E39 -> 3000000 | H39: $/m2 | I39: 72000000 | J39: $
B40: Fuente: https://www.ciencuadras.com/venta/bogota/parqueadero

Sheet 00_DATOS_PMoradores
A1: Lucro cesante | B1: 2024 | C1: 2025 | D1: 2026 | E1: 2027 | F1: 2028 | G1: 2029 | H1: 2030
A2: % indexación IPC | B2: 0.0514
A3: Viviendas ($/m2) | B3: 55000 | C3: =B3+(B3*$B$2) -> 57827 | D3: =C3+(C3*$B$2) -> 60799.308 | E3: =D3+(D3*$B$2) -> 63924.392 | F3: =E3+(E3*$B$2) -> 67210.106 | G3: =F3+(F3*$B$2) -> 70664.705 | H3: =G3+(G3*$B$2) -> 74296.871
A4: Locales ($/m2) | B4: 95000 | C4: =B4+(B4*$B$2) -> 99883 | D4: =C4+(C4*$B$2) -> 105016.99 | E4: =D4+(D4*$B$2) -> 110414.86 | F4: =E4+(E4*$B$2) -> 116090.18 | G4: =F4+(F4*$B$2) -> 122057.22 | H4: =G4+(G4*$B$2) -> 128330.96
A5: Mudanza por trayecto | B5: 600000 | C5: =B5+(B5*$B$2) -> 630840 | D5: =C5+(C5*$B$2) -> 663265.18 | E5: =D5+(D5*$B$2) -> 697357.01 | F5: =E5+(E5*$B$2) -> 733201.16 | G5: =F5+(F5*$B$2) -> 770887.7 | H5: =G5+(G5*$B$2) -> 810511.32
A6: $ mensual arriendo transitorio residencial | B6: 2100000 | C6: =B6+(B6*$B$2) -> 2207940 | D6: =C6+(C6*$B$2) -> 2321428.1 | E6: =D6+(D6*$B$2) -> 2440749.5 | F6: =E6+(E6*$B$2) -> 2566204 | G6: =F6+(F6*$B$2) -> 2698106.9 | H6: =G6+(G6*$B$2) -> 2836789.6
A7: $ mensual arriendo transitorio comercial | B7: 7000000 | C7: =B7+(B7*$B$2) -> 7359800 | D7: =C7+(C7*$B$2) -> 7738093.7 | E7: =D7+(D7*$B$2) -> 8135831.7 | F7: =E7+(E7*$B$2) -> 8554013.5 | G7: =F7+(F7*$B$2) -> 8993689.8 | H7: =G7+(G7*$B$2) -> 9455965.4
A8: Obligaciones transitorias
A9: Lucro cesante para todos | B9: 3 | C9: meses
A10: Arriendo transitorio | B10: 18 | C10: meses
A11: Mudanza | B11: 2 | C11: trayectos

Sheet 00_Datos_General
A1: GENERAL
A2: DESCRIPCION | B2: % Circulaciones | C2: Costo Construcción | E2: Valor Ventas (2026) | F2: Utilidad | G2: Área Unidad
D3: %
A4: a_CS - Creativos | B4: 0.3 | C4: =E4*D4 -> 2275000 | D4: 0.35 | E4: ='00_Datos_Mercado'!Q3 -> 6500000 | F4: 0.113 | G4: 50
A5: b_CS - General (Comercio + Oficinas + Hospedaje) | B5: 0.35 | C5: =E5*D5 -> 2625000 | D5: 0.35 | E5: ='00_Datos_Mercado'!Q4 -> 7500000 | F5: 0.113 | G5: 70
A6: c_CS - Grandes Superficies | B6: 0.5 | C6: =E6*D6 -> 1500000 | D6: 0.5 | E6: ='00_Datos_Mercado'!Q5 -> 3000000 | F6: 0.113 | G6: n.a.
A7: d_CS - Torre Empresarial (Oficinas + Hospedaje) | B7: 0.35 | C7: =E7*D7 -> 4200000 | D7: 0.35 | E7: ='00_Datos_Mercado'!Q6 -> 12000000 | F7: 0.113 | G7: 150
A8: e_CS - Innovation (H, CS, Gamers) | B8: 0.35 | C8: =E8*D8 -> 3150000 | D8: 0.35 | E8: ='00_Datos_Mercado'!Q7 -> 9000000 | F8: 0.113 | G8: 50
A9: No Vis | B9: 0.2 | C9: =E9*D9 -> 3375000 | D9: 0.45 | E9: ='00_Datos_Mercado'!Q12 -> 7500000 | F9: 0.113 | G9: 70
A10: VIS_RU (175 smmlv) | B10: 0.2 | C10: =E10*D10 -> 2872578.5 | D10: 0.45 | E10: ='00_Datos_Mercado'!Q13 -> 6383507.8 | F10: 0.05 | G10: 48
A11: VIP RU (90 smmlv) | B11: 0.2 | C11: =E11*D11 -> 1688372.7 | D11: 0.45 | E11: ='00_Datos_Mercado'!Q14 -> 3751939.3 | F11: 0.05 | G11: 42
A12: Estacionamientos | F12: 0.05
A13: Fuente: Metrocuadrado
A15: Urbanismo Interno | C15: 200000 | D15: $/m2
A16: Adecuación Espacio Público Blando Z.V. | C16: 450000 | D16: $/m2
A17: Adecuación vial | C17: 3500000 | D17: $/m2
A18: Construcción equipamiento Cuidado | C18: 7800000 | D18: $/m2
A19: Fuente: Renobo A.E. ZiBo
A20: Construcción Equipamiento Comunal Privado (ECP) | C20: =C9 -> 3375000 | D20: $/m2
A21: Costo Construcción Parqueaderos | C21: 1600000 | D21: $/m2
A23: Valor suelo | C23: 3535000 | D23: $/m2
A24: Fuente: Datos Abiertos Bogotá (valorref2026.zip)
A26: Valor Venta parqueadero | C26: 50000000 | D26: unidad
A27: Costo construcción parqueadero | C27: 1500000 | D27: $/m2
A28: Area unidad parqueadero | C28: 25 | D28: m2
A30: Costos RenoBo
A31: Item | B31: Descripción | C31: Valor | D31: unidad
A32: 1 | B32: Costo annual | C32: 450000000 | D32: $/año
A33: 2 | B33: Vigencia PP | C33: 20 | D33: años
A34: 3 | B34: Costo Total | C34: =C32*C33 -> 9000000000 | D34: $
B36: Fuente: Renobo

Sheet 00_Lote_CNT_Existente
A1: AVALUO SUELO + CONSTRUCCION EXISTENTES (SIN DEMOLICION)
A2: UAU | D2: VALOR DEL SUELO | G2: VALOR DE LA CONSTRUCCION | M2: Valor total Suelo + Construccion | N2: Valor unitario de suelo con (suelo + construcción) | P2: Costo demolicicón | Q2: Costo CNT - Dem | R2: Valor total Suelo + Construccion
A3: No. | B3: Lot Codigo | C3: Código_Predio | D3: Area | E3: Valor Base GDB 2026 Catastro | F3: Total | G3: Area Construida | H3: Destinación Económica | I3: Costo Directo | K3: Costo Indirecto | L3: Total
K4: 0.07 | P4: 70000
P5: $/m2
D6: =SUM(D7:D37) -> 164776.71 | F6: =SUM(F7:F37) -> 5.8248567e+11 | G6: =SUM(G7:G37) -> 308974.13 | J6: =SUM(J7:J37) -> 620450126000 | K6: =SUM(K7:K37) -> 4.3431509e+10 | L6: =SUM(L7:L37) -> 663881634820 | M6: =SUM(M7:M37) -> 1.2463673e+12 | N6: =M6/D6 -> 7563977.3 | P6: =SUM(P7:P37) -> 21628189100 | Q6: =SUM(Q7:Q37) -> 642253445720 | R6: =SUM(R7:R37) -> 1.2247391e+12
A7: ='04a_PROPUESTA_MO'!R9 -> 1 | B7: 004301001021 | C7: ='04a_PROPUESTA_MO'!S9 -> 21 | D7: ='04a_PROPUESTA_MO'!P9 -> 16461.2 | E7: ='00_Datos_General'!C$23 -> 3535000 | F7: =D7*E7 -> 5.8190343e+10 | G7: ='04a_PROPUESTA_MO'!I9 -> 43867.5 | H7: 4-Industrial | I7: =VLOOKUP(H7,'00_DATOS_1'!$B$26:$D$34,3) -> 1900000 | J7: =G7*I7 -> 83348250000 | K7: =J7*$K$4 -> 5.8343775e+09 | L7: =J7+K7 -> 89182627500 | M7: =F7+L7 -> 147372970914 | N7: =M7/D7 -> 8952747.5 | P7: =G7*$P$4 -> 3070725000 | Q7: =L7-P7 -> 86111902500 | R7: =F7+Q7 -> 144302245914
A8: ='04a_PROPUESTA_MO'!R10 -> 1 | B8: 004301001020 | C8: ='04a_PROPUESTA_MO'!S10 -> 20 | D8: ='04a_PROPUESTA_MO'!P10 -> 807.04813 | E8: ='00_Datos_General'!C$23 -> 3535000 | F8: =D8*E8 -> 2.8529152e+09 | G8: ='04a_PROPUESTA_MO'!I10 -> 811 | H8: 1-Comercio puntual | I8: =VLOOKUP(H8,'00_DATOS_1'!$B$26:$D$34,3) -> 2200000 | J8: =G8*I8 -> 1784200000 | K8: =J8*$K$4 -> 1.24894e+08 | L8: =J8+K8 -> 1909094000 | M8: =F8+L8 -> 4.7620092e+09 | N8: =M8/D8 -> 5900526.8 | P8: =G8*$P$4 -> 56770000 | Q8: =L8-P8 -> 1852324000 | R8: =F8+Q8 -> 4.7052392e+09
A9: ='04a_PROPUESTA_MO'!R11 -> 2 | B9: 004301001018 | C9: ='04a_PROPUESTA_MO'!S11 -> 18 | D9: ='04a_PROPUESTA_MO'!P11 -> 811.64101 | E9: ='00_Datos_General'!C$23 -> 3535000 | F9: =D9*E9 -> 2.869151e+09 | G9: ='04a_PROPUESTA_MO'!I11 -> 811.9 | H9: 4-Industrial | I9: =VLOOKUP(H9,'00_DATOS_1'!$B$26:$D$34,3) -> 1900000 | J9: =G9*I9 -> 1542610000 | K9: =J9*$K$4 -> 1.079827e+08 | L9: =J9+K9 -> 1650592700 | M9: =F9+L9 -> 4.5197437e+09 | N9: =M9/D9 -> 5568648.7 | P9: =G9*$P$4 -> 56833000 | Q9: =L9-P9 -> 1593759700 | R9: =F9+Q9 -> 4.4629107e+09
A10: ='04a_PROPUESTA_MO'!R12 -> 2 | B10: 004301001021 | C10: ='04a_PROPUESTA_MO'!S12 -> 21 | D10: ='04a_PROPUESTA_MO'!P12 -> 12352.429 | E10: ='00_Datos_General'!C$23 -> 3535000 | F10: =D10*E10 -> 4.3665837e+10 | G10: ='04a_PROPUESTA_MO'!I12 -> 43867.5 | H10: 4-Industrial | I10: =VLOOKUP(H10,'00_DATOS_1'!$B$26:$D$34,3) -> 1900000 | J10: =G10*I10 -> 83348250000 | K10: =J10*$K$4 -> 5.8343775e+09 | L10: =J10+K10 -> 89182627500 | M10: =F10+L10 -> 1.3284846e+11 | N10: =M10/D10 -> 10754845 | P10: =G10*$P$4 -> 3070725000 | Q10: =L10-P10 -> 86111902500 | R10: =F10+Q10 -> 1.2977774e+11
A11: ='04a_PROPUESTA_MO'!R13 -> 2 | B11: 004301001019 | C11: ='04a_PROPUESTA_MO'!S13 -> 19 | D11: ='04a_PROPUESTA_MO'!P13 -> 812.16271 | E11: ='00_Datos_General'!C$23 -> 3535000 | F11: =D11*E11 -> 2.8709952e+09 | G11: ='04a_PROPUESTA_MO'!I13 -> 812.2 | H11: 1-Comercio puntual | I11: =VLOOKUP(H11,'00_DATOS_1'!$B$26:$D$34,3) -> 2200000 | J11: =G11*I11 -> 1786840000 | K11: =J11*$K$4 -> 1.250788e+08 | L11: =J11+K11 -> 1911918800 | M11: =F11+L11 -> 4.782914e+09 | N11: =M11/D11 -> 5889108.1 | P11: =G11*$P$4 -> 56854000 | Q11: =L11-P11 -> 1855064800 | R11: =F11+Q11 -> 4.72606e+09
A12: ='04a_PROPUESTA_MO'!R14 -> 2 | B12: 004301001016 | C12: ='04a_PROPUESTA_MO'!S14 -> 16 | D12: ='04a_PROPUESTA_MO'!P14 -> 813.94625 | E12: ='00_Datos_General'!C$23 -> 3535000 | F12: =D12*E12 -> 2.8773e+09 | G12: ='04a_PROPUESTA_MO'!I14 -> 575 | H12: 4-Industrial | I12: =VLOOKUP(H12,'00_DATOS_1'!$B$26:$D$34,3) -> 1900000 | J12: =G12*I12 -> 1092500000 | K12: =J12*$K$4 -> 76475000 | L12: =J12+K12 -> 1168975000 | M12: =F12+L12 -> 4.046275e+09 | N12: =M12/D12 -> 4971182.1 | P12: =G12*$P$4 -> 40250000 | Q12: =L12-P12 -> 1128725000 | R12: =F12+Q12 -> 4.006025e+09
A13: ='04a_PROPUESTA_MO'!R15 -> 2 | B13: 004301001017 | C13: ='04a_PROPUESTA_MO'!S15 -> 17 | D13: ='04a_PROPUESTA_MO'!P15 -> 812.35244 | E13: ='00_Datos_General'!C$23 -> 3535000 | F13: =D13*E13 -> 2.8716659e+09 | G13: ='04a_PROPUESTA_MO'!I15 -> 1024.7 | H13: 1-Comercio puntual | I13: =VLOOKUP(H13,'00_DATOS_1'!$B$26:$D$34,3) -> 2200000 | J13: =G13*I13 -> 2254340000 | K13: =J13*$K$4 -> 1.578038e+08 | L13: =J13+K13 -> 2412143800 | M13: =F13+L13 -> 5.2838097e+09 | N13: =M13/D13 -> 6504331.6 | P13: =G13*$P$4 -> 71729000 | Q13: =L13-P13 -> 2340414800 | R13: =F13+Q13 -> 5.2120807e+09
A14: ='04a_PROPUESTA_MO'!R16 -> 3 | B14: 004301001013 | C14: ='04a_PROPUESTA_MO'!S16 -> 13 | D14: ='04a_PROPUESTA_MO'!P16 -> 817.51623 | E14: ='00_Datos_General'!C$23 -> 3535000 | F14: =D14*E14 -> 2.8899199e+09 | G14: ='04a_PROPUESTA_MO'!I16 -> 820 | H14: 1-Comercio puntual | I14: =VLOOKUP(H14,'00_DATOS_1'!$B$26:$D$34,3) -> 2200000 | J14: =G14*I14 -> 1804000000 | K14: =J14*$K$4 -> 1.2628e+08 | L14: =J14+K14 -> 1930280000 | M14: =F14+L14 -> 4.8201999e+09 | N14: =M14/D14 -> 5896151.9 | P14: =G14*$P$4 -> 57400000 | Q14: =L14-P14 -> 1872880000 | R14: =F14+Q14 -> 4.7627999e+09
A15: ='04a_PROPUESTA_MO'!R17 -> 3 | B15: 004301001015 | C15: ='04a_PROPUESTA_MO'!S17 -> 15 | D15: ='04a_PROPUESTA_MO'!P17 -> 814.02717 | E15: ='00_Datos_General'!C$23 -> 3535000 | F15: =D15*E15 -> 2.8775861e+09 | G15: ='04a_PROPUESTA_MO'!I17 -> 554 | H15: 4-Industrial | I15: =VLOOKUP(H15,'00_DATOS_1'!$B$26:$D$34,3) -> 1900000 | J15: =G15*I15 -> 1052600000 | K15: =J15*$K$4 -> 73682000 | L15: =J15+K15 -> 1126282000 | M15: =F15+L15 -> 4.0038681e+09 | N15: =M15/D15 -> 4918592.6 | P15: =G15*$P$4 -> 38780000 | Q15: =L15-P15 -> 1087502000 | R15: =F15+Q15 -> 3.9650881e+09
A16: ='04a_PROPUESTA_MO'!R18 -> 3 | B16: 004301001014 | C16: ='04a_PROPUESTA_MO'!S18 -> 14 | D16: ='04a_PROPUESTA_MO'!P18 -> 1634.631 | E16: ='00_Datos_General'!C$23 -> 3535000 | F16: =D16*E16 -> 5.7784205e+09 | G16: ='04a_PROPUESTA_MO'!I18 -> 1640 | H16: 1-Comercio puntual | I16: =VLOOKUP(H16,'00_DATOS_1'!$B$26:$D$34,3) -> 2200000 | J16: =G16*I16 -> 3608000000 | K16: =J16*$K$4 -> 2.5256e+08 | L16: =J16+K16 -> 3860560000 | M16: =F16+L16 -> 9.6389805e+09 | N16: =M16/D16 -> 5896731.8 | P16: =G16*$P$4 -> 114800000 | Q16: =L16-P16 -> 3745760000 | R16: =F16+Q16 -> 9.5241805e+09
A17: ='04a_PROPUESTA_MO'!R19 -> 3 | B17: 004301001021 | C17: ='04a_PROPUESTA_MO'!S19 -> 21 | D17: ='04a_PROPUESTA_MO'!P19 -> 14682.019 | E17: ='00_Datos_General'!C$23 -> 3535000 | F17: =D17*E17 -> 5.1900938e+10 | G17: ='04a_PROPUESTA_MO'!I19 -> 43867.5 | H17: 4-Industrial | I17: =VLOOKUP(H17,'00_DATOS_1'!$B$26:$D$34,3) -> 1900000 | J17: =G17*I17 -> 83348250000 | K17: =J17*$K$4 -> 5.8343775e+09 | L17: =J17+K17 -> 89182627500 | M17: =F17+L17 -> 1.4108357e+11 | N17: =M17/D17 -> 9609275.3 | P17: =G17*$P$4 -> 3070725000 | Q17: =L17-P17 -> 86111902500 | R17: =F17+Q17 -> 1.3801284e+11
A18: ='04a_PROPUESTA_MO'!R20 -> 3 | B18: 004301001012 | C18: ='04a_PROPUESTA_MO'!S20 -> 12 | D18: ='04a_PROPUESTA_MO'!P20 -> 820.37307 | E18: ='00_Datos_General'!C$23 -> 3535000 | F18: =D18*E18 -> 2.9000188e+09 | G18: ='04a_PROPUESTA_MO'!I20 -> 910.4 | H18: 1-Comercio puntual | I18: =VLOOKUP(H18,'00_DATOS_1'!$B$26:$D$34,3) -> 2200000 | J18: =G18*I18 -> 2002880000 | K18: =J18*$K$4 -> 140201600 | L18: =J18+K18 -> 2143081600 | M18: =F18+L18 -> 5.0431004e+09 | N18: =M18/D18 -> 6147325.6 | P18: =G18*$P$4 -> 63728000 | Q18: =L18-P18 -> 2079353600 | R18: =F18+Q18 -> 4.9793724e+09
... A37: ='04a_PROPUESTA_MO'!R39 -> 8 | B37: 004301001031 | C37: ='04a_PROPUESTA_MO'!S39 -> 31 | D37: ='04a_PROPUESTA_MO'!P39 -> 14752.699 | E37: ='00_Datos_General'!C$23 -> 3535000 | F37: =D37*E37 -> 5.2150791e+10 | G37: ='04a_PROPUESTA_MO'!I39 -> 27734.6 | H37: 2-Comercio en centros comerciales | I37: =VLOOKUP(H37,'00_DATOS_1'!$B$26:$D$34,3) -> 2800000 | J37: =G37*I37 -> 77656880000 | K37: =J37*$K$4 -> 5.4359816e+09 | L37: =J37+K37 -> 83092861600 | M37: =F37+L37 -> 1.3524365e+11 | N37: =M37/D37 -> 9167383.7 | P37: =G37*$P$4 -> 1941422000 | Q37: =L37-P37 -> 81151439600 | R37: =F37+Q37 -> 1.3330223e+11

Sheet 01_JURIDICO
A1: BASE CATASTRAL | K1: BASE JURIDICA | X1: BASE CATASTRAL | AE1: BASE JURIDICA
A2: LotCodigo | B2: LotCodMzn | C2: NoLote | D2: Codigo_Predio | E2: Codigo_CHIP | F2: Cedula_Cat | G2: Numero_Prredial_Nacional | H2: Tipo_Predio | I2: Direccion_ | J2: Area_CNT | K2: Area_Certificado m2 | L2: Area_Certificado Varas 2 | M2: Area_Cert. m2 Convertidos | N2: Area_Cert. m2 Consolidado | O2: ZHF | P2: Dest_Econ | Q2: Puntaje | R2: Matricula | S2: Estado | T2: Propietario | U2: Tipo_Propietario | V2: OBSERVACIONES | W2: ESTADO_JURIDICO | X2: Area ambito PL CAT | Z2: AMD | AA2: AB-AMD | AC2: % dif. | AD2: % dif. Absoluto | AE2: Area Formulación | AF2: m2 dif. | AG2: % dif. | AH2: % dif. Absoluto | AI2: Propietario | AJ2: AMDs | AL2: AF - AMDs
M3: =SUM(M5:M32) -> 167212.57 | N3: =SUM(N5:N32) -> 173647.73 | W3: =SUM(W5:W32) -> 0 | X3: =SUM(X5:X32) -> 170944.23 | Z3: =SUM(Z5:Z32) -> 6167.5174 | AA3: =SUM(AA5:AA32) -> 164776.71 | AE3: =SUM(AE5:AE32) -> 170940.44 | AK3: =SUM(AK5:AK32) -> 6167.5174 | AL3: =SUM(AL5:AL32) -> 164772.93
A5: 004301001006 | B5: 004301001 | C5: 6 | D5: 6 | E5: AAA0037OZCN | F5: 9 53 16 | G5: 1.1001e+29 | H5: Particular | I5: KR 53F 5C 08 | J5: 820 | K5: 834 | L5: 0 | M5: =IF(K5>0,K5,L5*0.6987) -> 834 | N5: =IF(M5>0,M5,X5) -> 834 | O5: 6853010000000 | P5: Industrial | Q5: 66 | R5: 50C-67685 | S5: ACTIVO | T5: INTERANDINA DE CONDUCTORES LIMITADA | U5: URBANO | V5: LOTE O BODEGA INDUSTRIAL. AREA CONSTRUIDA DE 834 M2 | W5: TRANSFERENCIA A TITULO DE LEASING HABITACIONALDE VIVIEND NO FAMILIAR | X5: 819.95528 | Z5: =IF(Y5="x",X5,0) -> 0 | AA5: =X5-Z5 -> 819.95528 | AB5: =X5-N5 -> -14.044717 | AC5: =AB5/N5 -> -0.016840189 | AD5: =ABS(AC5) -> 0.016840189 | AE5: =IF(AD5>10%,X5,N5) -> 834 | AF5: =X5-AE5 -> -14.044717 | AG5: =AF5/AE5 -> -0.016840189 | AH5: {=ABS(AG5:AG32)} -> 0.016840189 | AK5: =IF(AJ5="x",AE5,0) -> 0 | AL5: =IF(AK5=0,AE5,0) -> 834
A6: 004301001028 | B6: 004301001 | C6: 28 | D6: 28 | E6: AAA0037PACN | F6: 9 50 9 | G6: 1.1001e+29 | H6: Particular | I6: AK 50 5C 71 | J6: 0 | K6: 1524.7 | L6: 0 | M6: =IF(K6>0,K6,L6*0.6987) -> 1524.7 | N6: =IF(M6>0,M6,X6) -> 1524.7 | O6: 6853010000000 | P6: Urbanizado no edificado | Q6: -1 | R6: 50C-1298780 | S6: ACTIVO | T6: CHAID NEME HERMANOS S.A. | U6: SIN INFORMACION | V6: LOTE DE TERRENO CON EXTENSION SUPERFICIARA DE 1.524,70 M2, MATRICULA MATRIZ 50C-1183501 | W6: CONSTITUCION DE REGLAMENTO DE PROPIEDAD HORIZONTAL. REVISAR | X6: 1559.459 | Z6: =IF(Y6="x",X6,0) -> 0 | AA6: =X6-Z6 -> 1559.459 | AB6: =X6-N6 -> 34.759039 | AC6: =AB6/N6 -> 0.022797297 | AD6: =ABS(AC6) -> 0.022797297 | AE6: =IF(AD6>10%,X6,N6) -> 1524.7 | AF6: =X6-AE6 -> 34.759039 | AG6: =AF6/AE6 -> 0.022797297 | AH6: 0.022797297 | AK6: =IF(AJ6="x",AE6,0) -> 0 | AL6: =IF(AK6=0,AE6,0) -> 1524.7
A7: 004301001013 | B7: 004301001 | C7: 13 | D7: 13 | E7: AAA0037OZLF | F7: 9 53 1 | G7: 1.1001e+29 | H7: Particular | I7: KR 53F 5C 44 | J7: 820 | K7: 0 | L7: 1286.45 | M7: =IF(K7>0,K7,L7*0.6987) -> 898.84262 | N7: =IF(M7>0,M7,X7) -> 898.84262 | O7: 6853010000000 | P7: Comercio puntual | Q7: 85 | R7: 50C-104264 | S7: ACTIVO | T7: GASEOSAS LUX S.A | U7: URBANO | V7: LOTE Y BODEGA CON UNA CABIDA DE 1.286,45 V2 | W7: GASEOSAS LUX S.A | X7: 817.51623 | Z7: =IF(Y7="x",X7,0) -> 0 | AA7: =X7-Z7 -> 817.51623 | AB7: =X7-N7 -> -81.326384 | AC7: =AB7/N7 -> -0.090479003 | AD7: =ABS(AC7) -> 0.090479003 | AE7: =IF(AD7>10%,X7,N7) -> 898.84262 | AF7: =X7-AE7 -> -81.326384 | AG7: =AF7/AE7 -> -0.090479003 | AH7: 0.090479003 | AK7: =IF(AJ7="x",AE7,0) -> 0 | AL7: =IF(AK7=0,AE7,0) -> 898.84262
A8: 004301001030 | B8: 004301001 | C8: 30 | D8: 30 | E8: AAA0037PAEP | F8: 9 50 3 | G8: 1.1001014e+29 | H8: Particular | I8: AK 50 5C 29 | J8: 3609.13 | K8: 3821.45 | L8: 0 | M8: =IF(K8>0,K8,L8*0.6987) -> 3821.45 | N8: =IF(M8>0,M8,X8) -> 3821.45 | O8: 6853013353130 | P8: Comercio puntual | Q8: 68 | R8: 50C-1183500 | S8: ACTIVO | T8: GASEOSAS LUX S.A | U8: SIN INFORMACION | V8: LOTE 3.821,45 M2 QUE HACE PARTE DE UNOO DEM AYOR EXTENSION. MATRICULA MATRIZ 50C-109122. DERIVADA 50C-1845369 | W8: GASEOSAS LUX S.A | X8: 3942.0852 | Z8: =IF(Y8="x",X8,0) -> 0 | AA8: =X8-Z8 -> 3942.0852 | AB8: =X8-N8 -> 120.63521 | AC8: =AB8/N8 -> 0.031567914 | AD8: =ABS(AC8) -> 0.031567914 | AE8: =IF(AD8>10%,X8,N8) -> 3821.45 | AF8: =X8-AE8 -> 120.63521 | AG8: =AF8/AE8 -> 0.031567914 | AH8: 0.031567914 | AK8: =IF(AJ8="x",AE8,0) -> 0 | AL8: =IF(AK8=0,AE8,0) -> 3821.45
A9: 004301001003 | B9: 004301001 | C9: 3 | D9: 3 | E9: AAA0037OYZM | F9: 9 50 2 | G9: 1.1001014e+29 | H9: Particular | I9: CL 5C 53 10 | J9: 1412.7 | K9: 4711.012 | L9: 0 | M9: =IF(K9>0,K9,L9*0.6987) -> 4711.012 | N9: =IF(M9>0,M9,X9) -> 4711.012 | O9: 6853011252330 | P9: Industrial | Q9: 42 | R9: 50C-1183502 | S9: ACTIVO | T9: GASEOSAS LUX S.A | U9: SIN INFORMACION | V9: MATRICULA MATRIZ 50C-109122, LOTE NO. 1 CON CABIDA APROXIMADA DE 4711.02 M2. LOTE DE TERRENO EL CUAL HACE PARTE DE UNO DE MAYOR EXTENSION | W9: CANCELACION HIPOTECA. PARECE IMCOMPLETO. GASEOSAS POSTOBON | X9: 4690.4131 | Z9: =IF(Y9="x",X9,0) -> 0 | AA9: =X9-Z9 -> 4690.4131 | AB9: =X9-N9 -> -20.59889 | AC9: =AB9/N9 -> -0.004372498 | AD9: =ABS(AC9) -> 0.004372498 | AE9: =IF(AD9>10%,X9,N9) -> 4711.012 | AF9: =X9-AE9 -> -20.59889 | AG9: =AF9/AE9 -> -0.004372498 | AH9: 0.004372498 | AK9: =IF(AJ9="x",AE9,0) -> 0 | AL9: =IF(AK9=0,AE9,0) -> 4711.012
A10: 004301001018 | B10: 004301001 | C10: 18 | D10: 18 | E10: AAA0037OZRJ | F10: 9 53 5 | G10: 1.1001e+29 | H10: Particular | I10: KR 53F 5C 78 | J10: 811.9 | K10: 0 | L10: 1271.58 | M10: =IF(K10>0,K10,L10*0.6987) -> 888.45295 | N10: =IF(M10>0,M10,X10) -> 888.45295 | O10: 6853010000000 | P10: Industrial | Q10: 79 | R10: 50C-172314 | S10: ACTIVO | T10: GASEOSAS LUX S.A | U10: URBANO | V10: LOTE DE LA URBANIZACION SAN RAFAEL AREA DE 1.271,58 V2 | W10: GASEOSAS LUX S.A | X10: 811.64101 | Z10: =IF(Y10="x",X10,0) -> 0 | AA10: =X10-Z10 -> 811.64101 | AB10: =X10-N10 -> -76.811931 | AC10: =AB10/N10 -> -0.086455824 | AD10: =ABS(AC10) -> 0.086455824 | AE10: =IF(AD10>10%,X10,N10) -> 888.45295 | AF10: =X10-AE10 -> -76.811931 | AG10: =AF10/AE10 -> -0.086455824 | AH10: 0.086455824 | AK10: =IF(AJ10="x",AE10,0) -> 0 | AL10: =IF(AK10=0,AE10,0) -> 888.45295
A11: 004301001015 | B11: 004301001 | C11: 15 | D11: 15 | E11: AAA0037OZNX | F11: 9 53 13 | G11: 1.1001e+29 | H11: Particular | I11: KR 53F 5C 58 | J11: 554 | K11: 818.57 | L11: 0 | M11: =IF(K11>0,K11,L11*0.6987) -> 818.57 | N11: =IF(M11>0,M11,X11) -> 818.57 | O11: 6853010000000 | P11: Industrial | Q11: 78 | R11: 50C-864965 | S11: ACTIVO | T11: GASEOSAS LUX S.A | U11: URBANO | V11: MATRICULA MATRIZ 50C-772308. LOTE DE LA URBANIZACION INDUSTRIAL SAN RAFAEL CON UNA EXTENSION SUPERFICIARA DE 818.57 MS | W11: GASEOSAS LUX S.A | X11: 814.02717 | Z11: =IF(Y11="x",X11,0) -> 0 | AA11: =X11-Z11 -> 814.02717 | AB11: =X11-N11 -> -4.5428262 | AC11: =AB11/N11 -> -0.0055497101 | AD11: =ABS(AC11) -> 0.0055497101 | AE11: =IF(AD11>10%,X11,N11) -> 818.57 | AF11: =X11-AE11 -> -4.5428262 | AG11: =AF11/AE11 -> -0.0055497101 | AH11: 0.0055497101 | AK11: =IF(AJ11="x",AE11,0) -> 0 | AL11: =IF(AK11=0,AE11,0) -> 818.57
A12: 004301001014 | B12: 004301001 | C12: 14 | D12: 14 | E12: AAA0037OZMR | F12: 9 53 14 | G12: 1.1001e+29 | H12: Particular | I12: KR 53F 5C 50 | J12: 1640 | K12: 0 | L12: 0 | M12: =IF(K12>0,K12,L12*0.6987) -> 0 | N12: =IF(M12>0,M12,X12) -> 1634.631 | O12: 6853010000000 | P12: Comercio puntual | Q12: 85 | R12: 50C-82321 | S12: ACTIVO | T12: GASEOSAS LUX S.A | U12: URBANO | V12: INMUEBLE EN LA URBANIZACION INDUSTRIAL SAN RAFAEL NO CONSTA EXTENSION | W12: GASEOSAS LUX S.A | X12: 1634.631 | Z12: =IF(Y12="x",X12,0) -> 0 | AA12: =X12-Z12 -> 1634.631 | AB12: =X12-N12 -> 0 | AC12: =AB12/N12 -> 0 | AD12: =ABS(AC12) -> 0 | AE12: =IF(AD12>10%,X12,N12) -> 1634.631 | AF12: =X12-AE12 -> 0 | AG12: =AF12/AE12 -> 0 | AH12: 0 | AK12: =IF(AJ12="x",AE12,0) -> 0 | AL12: =IF(AK12=0,AE12,0) -> 1634.631
A13: 004301001021 | B13: 004301001 | C13: 21 | D13: 21 | E13: AAA0037OZUH | F13: 9 51 2 | G13: 1.1001e+29 | H13: Particular | I13: AC 9 50 85 | J13: 43867.5 | K13: 55087.11 | L13: 0 | M13: =IF(K13>0,K13,L13*0.6987) -> 55087.11 | N13: =IF(M13>0,M13,X13) -> 55087.11 | O13: 6853010000000 | P13: Industrial | Q13: 45 | R13: 50C-1407090 | S13: ACTIVO | T13: GASEOSAS LUX S.A | U13: URBANO | V13: MATRICULA MATRIZ 50C-70591 Y 1332610. GLOBO DE TERRENO CON UN AREA TOTAL DE 55.087,11M2 | W13: GASEOSAS LUX S.A | X13: 55539.154 | Z13: =IF(Y13="x",X13,0) -> 0 | AA13: =X13-Z13 -> 55539.154 | AB13: =X13-N13 -> 452.04433 | AC13: =AB13/N13 -> 0.008205991 | AD13: =ABS(AC13) -> 0.008205991 | AE13: =IF(AD13>10%,X13,N13) -> 55087.11 | AF13: =X13-AE13 -> 452.04433 | AG13: =AF13/AE13 -> 0.008205991 | AH13: 0.008205991 | AK13: =IF(AJ13="x",AE13,0) -> 0 | AL13: =IF(AK13=0,AE13,0) -> 55087.11
A14: 004301001010 | B14: 004301001 | C14: 10 | D14: 10 | E14: AAA0037OZHK | F14: 9 53 8 | G14: 1.1001e+29 | H14: Particular | I14: KR 53F 5C 28 | J14: 925.5 | K14: 0 | L14: 2590.25 | M14: =IF(K14>0,K14,L14*0.6987) -> 1809.8077 | N14: =IF(M14>0,M14,X14) -> 1809.8077 | O14: 6853010000000 | P14: Comercio puntual | Q14: 42 | R14: 50C-821684 | S14: ACTIVO | T14: SKOTIABANK COLPATRIA | U14: URBANO | V14: LOTE DE TERRENO QUE FORMA PARTE DE LA URBANIZACION SAN RAFAEL. AREA DE TERRENO 2.590,25 | W14: SKOTIABANK COLPATRIA | X14: 821.12635 | Z14: =IF(Y14="x",X14,0) -> 0 | AA14: =X14-Z14 -> 821.12635 | AB14: =X14-N14 -> -988.68132 | AC14: =AB14/N14 -> -0.54629082 | AD14: =ABS(AC14) -> 0.54629082 | AE14: =IF(AD14>10%,X14,N14) -> 821.12635 | AF14: =X14-AE14 -> 0 | AG14: =AF14/AE14 -> 0 | AH14: 0 | AK14: =IF(AJ14="x",AE14,0) -> 0 | AL14: =IF(AK14=0,AE14,0) -> 821.12635
A15: 004301001005 | B15: 004301001 | C15: 5 | D15: 5 | E15: AAA0037OZBS | F15: 9 53 15 | G15: 1.1001e+29 | H15: Particular | I15: KR 53F 5C 04 | J15: 1254.9 | K15: 1391.26 | L15: 1915.68 | M15: =IF(K15>0,K15,L15*0.6987) -> 1391.26 | N15: =IF(M15>0,M15,X15) -> 1391.26 | O15: 6853010000000 | P15: Comercio puntual | Q15: 58 | R15: 50C-740846 | S15: ACTIVO | T15: GASEOSAS LUX S.A | U15: URBANO | V15: BODEGA O LOCAL INDUSRRIAL. AREA APROXIMADA DE 1.915,86 V2 OSEA 1.391,26 M2 | W15: PROPIETARIO GASEOSA LUX | X15: 1206.9701 | Z15: =IF(Y15="x",X15,0) -> 0 | AA15: =X15-Z15 -> 1206.9701 | AB15: =X15-N15 -> -184.28994 | AC15: =AB15/N15 -> -0.13246262 | AD15: =ABS(AC15) -> 0.13246262 | AE15: =IF(AD15>10%,X15,N15) -> 1206.9701 | AF15: =X15-AE15 -> 0 | AG15: =AF15/AE15 -> 0 | AH15: 0 | AK15: =IF(AJ15="x",AE15,0) -> 0 | AL15: =IF(AK15=0,AE15,0) -> 1206.9701
A16: 004301001029 | B16: 004301001 | C16: 29 | D16: 29 | E16: AAA0037PADE | F16: 9 50 4 | G16: 1.1001014e+29 | H16: Particular | I16: AK 50 5C 55 | J16: 8004 | K16: 7962.62 | L16: 0 | M16: =IF(K16>0,K16,L16*0.6987) -> 7962.62 | N16: =IF(M16>0,M16,X16) -> 7962.62 | O16: 6853013353130 | P16: Comercio puntual | Q16: 50 | R16: 50C-1183501 | S16: ACTIVO | T16: GASEOSAS LUX S.A | U16: SIN INFORMACION | V16: LOTE 7.962,62 M2. EL CUAL HACE PARTE DE UNO DE MAYOR EXTENSION. MATRICULA MATRIZ 50C-109122. DERIVADA 50C-1298780 | W16: GASEOSAS LUX S.A | X16: 6020.3175 | Z16: =IF(Y16="x",X16,0) -> 0 | AA16: =X16-Z16 -> 6020.3175 | AB16: =X16-N16 -> -1942.3025 | AC16: =AB16/N16 -> -0.24392757 | AD16: =ABS(AC16) -> 0.24392757 | AE16: =IF(AD16>10%,X16,N16) -> 6020.3175 | AF16: =X16-AE16 -> 0 | AG16: =AF16/AE16 -> 0 | AH16: 0 | AK16: =IF(AJ16="x",AE16,0) -> 0 | AL16: =IF(AK16=0,AE16,0) -> 6020.3175
A17: 004301001009 | B17: 004301001 | C17: 9 | D17: 9 | E17: AAA0037OZFZ | F17: 9 53 17 | G17: 1.1001e+29 | H17: Particular | I17: KR 53F 5C 24 | J17: 924.9 | K17: 900 | L17: 1300 | M17: =IF(K17>0,K17,L17*0.6987) -> 900 | N17: =IF(M17>0,M17,X17) -> 900 | O17: 6853010000000 | P17: Industrial | Q17: 42 | R17: 50C-861722 | S17: ACTIVO | T17: BANCO DAVIVIENDA SA | U17: URBANO | V17: BODEGA LOCAL INDUSTRIAL. AREA APROXIMADA DE 1300 VARAS CUADRADAS. Y 900 M2 TIENE UNA ANOTACION DE ACREEDOR HIPOTECARIO | W17: BANCO DAVIVIENDA | X17: 819.92434 | Z17: =IF(Y17="x",X17,0) -> 0 | AA17: =X17-Z17 -> 819.92434 | AB17: =X17-N17 -> -80.075662 | AC17: =AB17/N17 -> -0.088972958 | AD17: =ABS(AC17) -> 0.088972958 | AE17: =IF(AD17>10%,X17,N17) -> 900 | AF17: =X17-AE17 -> -80.075662 | AG17: =AF17/AE17 -> -0.088972958 | AH17: 0.088972958 | AK17: =IF(AJ17="x",AE17,0) -> 0 | AL17: =IF(AK17=0,AE17,0) -> 900
... A25: 004301001020 | B25: 004301001 | C25: 20 | D25: 20 | E25: AAA0037OZTD | F25: 9 53 11 | G25: 1.1001e+29 | H25: Particular | I25: KR 53F 5C 88 | J25: 811 | K25: 0 | L25: 0 | M25: =IF(K25>0,K25,L25*0.6987) -> 0 | N25: =IF(M25>0,M25,X25) -> 807.04813 | O25: 6853010000000 | P25: Comercio puntual | Q25: 68 | R25: 50C-224322 | S25: ACTIVO | T25: GASEOSAS LUX S.A | U25: URBANO | V25: LOT DE TERRENO Y EDIFICACION | W25: GASEOSAS LUX S.A | X25: 807.04813 | Z25: =IF(Y25="x",X25,0) -> 0 | AA25: =X25-Z25 -> 807.04813 | AB25: =X25-N25 -> 0 | AC25: =AB25/N25 -> 0 | AD25: =ABS(AC25) -> 0 | AE25: =IF(AD25>10%,X25,N25) -> 807.04813 | AF25: =X25-AE25 -> 0 | AG25: =AF25/AE25 -> 0 | AH25: 0 | AK25: =IF(AJ25="x",AE25,0) -> 0 | AL25: =IF(AK25=0,AE25,0) -> 807.04813
A26: 004301001008 | B26: 004301001 | C26: 8 | D26: 8 | E26: AAA0037OZEP | F26: 9 53 7 | G26: 1.1001e+29 | H26: Particular | I26: KR 53F 5C 20 | J26: 926.3 | K26: 831.27 | L26: 1298.86 | M26: =IF(K26>0,K26,L26*0.6987) -> 831.27 | N26: =IF(M26>0,M26,X26) -> 831.27 | O26: 6853010000000 | P26: Industrial | Q26: 64 | R26: 50C-277201 | S26: ACTIVO | T26: TRES PROPIETARIOS, NATURALES | U26: URBANO | V26: CABIDA APROXIMADA DE 1298,86. LOTE DE TERREN JUNTO CON UNA EDIFICACION INDUSTRIAL | X26: 821.42511 | Z26: =IF(Y26="x",X26,0) -> 0 | AA26: =X26-Z26 -> 821.42511 | AB26: =X26-N26 -> -9.8448865 | AC26: =AB26/N26 -> -0.011843188 | AD26: =ABS(AC26) -> 0.011843188 | AE26: =IF(AD26>10%,X26,N26) -> 831.27 | AF26: =X26-AE26 -> -9.8448865 | AG26: =AF26/AE26 -> -0.011843188 | AH26: 0.011843188 | AK26: =IF(AJ26="x",AE26,0) -> 0 | AL26: =IF(AK26=0,AE26,0) -> 831.27
A27: 004301001002 | B27: 004301001 | C27: 23 | D27: 2 | E27: AAA0037OYYX | F27: 9 50 6 | G27: 1.1001014e+29 | H27: Particular | I27: AK 50 5C 09 | J27: 0 | K27: 0 | L27: 0 | M27: =IF(K27>0,K27,L27*0.6987) -> 0 | N27: =IF(M27>0,M27,X27) -> 3264.0751 | O27: 6853015153250 | P27: Espacio público | Q27: -1 | R27: 50C- 1191501 | S27: ACTIVO | U27: SIN INFORMACION | V27: Hace parte de un englobe. MATRICULA MATRIZ 50C-109122. MATRICULAS DERIVADAS 50C-1302429,1367756, 1367759. | W27: CESION A TITULO GRATUITO A DISTRITO CAPITAL | X27: 3264.0751 | Y27: x | Z27: =IF(Y27="x",X27,0) -> 3264.0751 | AA27: =X27-Z27 -> 0 | AB27: =X27-N27 -> 0 | AC27: =AB27/N27 -> 0 | AD27: =ABS(AC27) -> 0 | AE27: =IF(AD27>10%,X27,N27) -> 3264.0751 | AF27: =X27-AE27 -> 0 | AG27: =AF27/AE27 -> 0 | AH27: 0 | AI27: E.p. | AJ27: x | AK27: =IF(AJ27="x",AE27,0) -> 3264.0751 | AL27: =IF(AK27=0,AE27,0) -> 0
A28: 004301001022 | B28: 004301001 | C28: 22 | D28: 22 | E28: AAA0037OZWW | F28: 50 S 27769 | G28: 1.1001e+29 | H28: Particular | I28: AC 9 50 51 | J28: 30513 | K28: 35132.5 | L28: 0 | M28: =IF(K28>0,K28,L28*0.6987) -> 35132.5 | N28: =IF(M28>0,M28,X28) -> 35132.5 | O28: 6853010000000 | P28: Industrial | Q28: 85 | R28: 50C-1333948 | S28: ACTIVO | T28: BANCOLOMBIA | U28: URBANO | V28: FOLIO MATRIZ 50C-5445. LOTE DE TERRENO 35.132,50 M2. | W28: BANCOLOMBIA | X28: 34925.945 | Z28: =IF(Y28="x",X28,0) -> 0 | AA28: =X28-Z28 -> 34925.945 | AB28: =X28-N28 -> -206.55459 | AC28: =AB28/N28 -> -0.0058793025 | AD28: =ABS(AC28) -> 0.0058793025 | AE28: =IF(AD28>10%,X28,N28) -> 35132.5 | AF28: =X28-AE28 -> -206.55459 | AG28: =AF28/AE28 -> -0.0058793025 | AH28: 0.0058793025 | AK28: =IF(AJ28="x",AE28,0) -> 0 | AL28: =IF(AK28=0,AE28,0) -> 35132.5
A29: 004301001025 | B29: 004301001 | C29: 25 | D29: 25 | E29: AAA0037OZZE | F29: 9 50 5 | G29: 1.1001014e+29 | H29: Particular | I29: AK 50 5F 99 | J29: 0 | K29: 0 | L29: 0 | M29: =IF(K29>0,K29,L29*0.6987) -> 0 | N29: =IF(M29>0,M29,X29) -> 729.4074 | O29: 6853015153350 | P29: Espacio público | Q29: -1 | T29: ANDEN | U29: URBANO | X29: 729.4074 | Y29: x | Z29: =IF(Y29="x",X29,0) -> 729.4074 | AA29: =X29-Z29 -> 0 | AB29: =X29-N29 -> 0 | AC29: =AB29/N29 -> 0 | AD29: =ABS(AC29) -> 0 | AE29: =IF(AD29>10%,X29,N29) -> 729.4074 | AF29: =X29-AE29 -> 0 | AG29: =AF29/AE29 -> 0 | AH29: 0 | AI29: E.p. | AJ29: x | AK29: =IF(AJ29="x",AE29,0) -> 729.4074 | AL29: =IF(AK29=0,AE29,0) -> 0
A30: 004301001027 | B30: 004301001 | C30: 27 | D30: 27 | E30: AAA0037PABS | F30: 9 50 1 | G30: 1.1001e+29 | H30: Particular | I30: AK 50 5C 81 | J30: 5521.3 | K30: 8780 | L30: 0 | M30: =IF(K30>0,K30,L30*0.6987) -> 8780 | N30: =IF(M30>0,M30,X30) -> 8780 | O30: 6853010000000 | P30: Comercio puntual | Q30: 49 | R30: 50C-1141725 | S30: ACTIVO | T30: BANCOLOMBIA | U30: URBANO | V30: DESENGLOBE DE UN PORCION DEL INMUEBLE POR 8.780.00 M2. FOLIO MATRIZ 50C-109122 | W30: BANCOLOMBIA | X30: 8572.1149 | Z30: =IF(Y30="x",X30,0) -> 0 | AA30: =X30-Z30 -> 8572.1149 | AB30: =X30-N30 -> -207.88511 | AC30: =AB30/N30 -> -0.02367712 | AD30: =ABS(AC30) -> 0.02367712 | AE30: =IF(AD30>10%,X30,N30) -> 8780 | AF30: =X30-AE30 -> -207.88511 | AG30: =AF30/AE30 -> -0.02367712 | AH30: 0.02367712 | AK30: =IF(AJ30="x",AE30,0) -> 0 | AL30: =IF(AK30=0,AE30,0) -> 8780
A31: 004301001001 | B31: 004301001 | C31: 28 | D31: 1 | E31: AAA0037OYXR | F31: 9 50 11 | G31: 1.1001014e+29 | H31: Distrital | I31: AK 50 5C 13 | J31: 0 | K31: 1766.05 | L31: 0 | M31: =IF(K31>0,K31,L31*0.6987) -> 1766.05 | N31: =IF(M31>0,M31,X31) -> 1766.05 | O31: 6853015153250 | P31: Espacio público | Q31: -1 | R31: 50C-1302429 | S31: CERRADO | U31: SIN INFORMACION | V31: Zona de cesion al distrito por afectacion vial avenida Batallon Caldas. Area 1766,05 m2. MATRICULA MATIZ 50C-1191601 | W31: CESION DE ZONA A DISTRITO CAPITAL | X31: 2174.0348 | Y31: x | Z31: =IF(Y31="x",X31,0) -> 2174.0348 | AA31: =X31-Z31 -> 0 | AB31: =X31-N31 -> 407.98481 | AC31: =AB31/N31 -> 0.23101544 | AD31: =ABS(AC31) -> 0.23101544 | AE31: =IF(AD31>10%,X31,N31) -> 2174.0348 | AF31: =X31-AE31 -> 0 | AG31: =AF31/AE31 -> 0 | AH31: 0 | AI31: E.p. | AJ31: x | AK31: =IF(AJ31="x",AE31,0) -> 2174.0348 | AL31: =IF(AK31=0,AE31,0) -> 0
A32: 004301001031 | B32: 004301001 | C32: 31 | D32: 31 | E32: AAA0183RZYX | F32: 4301010000000000 | G32: 1.1001e+29 | H32: Particular | I32: AC 9 50 15 | J32: 27734.6 | K32: 14401.49 | L32: 0 | M32: =IF(K32>0,K32,L32*0.6987) -> 14401.49 | N32: =IF(M32>0,M32,X32) -> 14401.49 | O32: 6853010000000 | P32: Comercio en centros comerciales | Q32: 79 | R32: 50C1619415 | S32: ACTIVO | T32: BEEPER WEX S.A / CORPORTAXIS S.A | U32: URBANO | V32: GLOBO DE TERRENO FORMADO POR VARIOS LOTES CON UN AREA DE 14.401,49 M2. MATRICULA MATRIZ 50C-130247 Y 130248 | W32: ENGLOBE | X32: 14752.699 | Z32: =IF(Y32="x",X32,0) -> 0 | AA32: =X32-Z32 -> 14752.699 | AB32: =X32-N32 -> 351.20902 | AC32: =AB32/N32 -> 0.024386992 | AD32: =ABS(AC32) -> 0.024386992 | AE32: =IF(AD32>10%,X32,N32) -> 14401.49 | AF32: =X32-AE32 -> 351.20902 | AG32: =AF32/AE32 -> 0.024386992 | AH32: 0.024386992 | AI32: CC. Carrera | AK32: =IF(AJ32="x",AE32,0) -> 0 | AL32: =IF(AK32=0,AE32,0) -> 14401.49
AL34: 164772.93

Sheet 02_MO_Sketchup
A1: UAU | B1: A.T.C. por piso
B2: Piso 1 | C2: Pisos 2 a 4 | D2: Pisos 5 > | F2: 1 | G2: 2 | H2: 3 | I2: 4 | J2: 5 | K2: 6 | L2: 7 | M2: 8 | N2: 9 | O2: 10 | P2: 11 | Q2: 12 | R2: 13 | S2: 14 | T2: 15 | U2: 16 | V2: 17 | W2: 18 | X2: 19 | Y2: 20 | Z2: 21 | AA2: 22 | AB2: 23 | AC2: 24 | AD2: 25 | AE2: 26 | AF2: 27 | AG2: 28 | AH2: 29 | AI2: 30 | AJ2: 31 | AK2: 32 | AL2: 33 | AM2: 34 | AN2: 35 | AO2: 36 | AP2: 37 | AQ2: 38 | AR2: 39 | AS2: 40 | AT2: 41 | AU2: 42 | AV2: 43 | AW2: 44 | AX2: 45
E4: =SUM(E5:E12) -> 1876201.4 | F4: =SUM(F5:F12) -> 43948.044 | G4: =SUM(G5:G12) -> 47605.813 | H4: =SUM(H5:H12) -> 47605.813 | I4: =SUM(I5:I12) -> 47605.813 | J4: =SUM(J5:J12) -> 41725.812 | K4: =SUM(K5:K12) -> 41725.812 | L4: =SUM(L5:L12) -> 41725.812 | ... AX4: =SUM(AX5:AX12) -> 41725.812
A5: 1 | B5: ='07b_ATC_Ajuste'!C5 -> 2921.1365 | C5: ='07b_ATC_Ajuste'!G5 -> 3295.2541 | D5: ='07b_ATC_Ajuste'!I5 -> 3016.8704 | E5: =SUM(F5:AX5) -> 133481.72 | F5: =B5 -> 2921.1365 | G5: =$C5 -> 3295.2541 | H5: =$C5 -> 3295.2541 | I5: =$C5 -> 3295.2541 | J5: =$D5 -> 3016.8704 | K5: =$D5 -> 3016.8704 | L5: =$D5 -> 3016.8704 | M5: =$D5 -> 3016.8704 | N5: =$D5 -> 3016.8704 | O5: =$D5 -> 3016.8704 | P5: =$D5 -> 3016.8704 | Q5: =$D5 -> 3016.8704 | ... AO5: =$D5 -> 3016.8704 | AP5: 0 | AQ5: =$D5 -> 3016.8704 | AR5: =$D5 -> 3016.8704 | AS5: =$D5 -> 3016.8704 | AT5: =$D5 -> 3016.8704 | AU5: =$D5 -> 3016.8704 | AV5: =$D5 -> 3016.8704 | AW5: =$D5 -> 3016.8704 | AX5: =$D5 -> 3016.8704
A6: 2 | B6: ='07b_ATC_Ajuste'!C6 -> 5092.7724 | C6: ='07b_ATC_Ajuste'!G6 -> 5560.4784 | D6: ='07b_ATC_Ajuste'!I6 -> 5154.2969 | E6: =SUM(F6:AX6) -> 227946.08 | F6: =B6 -> 5092.7724 | G6: =$C6 -> 5560.4784 | H6: =$C6 -> 5560.4784 | I6: =$C6 -> 5560.4784 | J6: =$D6 -> 5154.2969 | K6: =$D6 -> 5154.2969 | L6: =$D6 -> 5154.2969 | M6: =$D6 -> 5154.2969 | N6: =$D6 -> 5154.2969 | O6: =$D6 -> 5154.2969 | P6: =$D6 -> 5154.2969 | Q6: =$D6 -> 5154.2969 | ... AO6: =$D6 -> 5154.2969 | AP6: 0 | AQ6: =$D6 -> 5154.2969 | AR6: =$D6 -> 5154.2969 | AS6: =$D6 -> 5154.2969 | AT6: =$D6 -> 5154.2969 | AU6: =$D6 -> 5154.2969 | AV6: =$D6 -> 5154.2969 | AW6: =$D6 -> 5154.2969 | AX6: =$D6 -> 5154.2969
A7: 3 | B7: ='07b_ATC_Ajuste'!C7 -> 5431.8028 | C7: ='07b_ATC_Ajuste'!G7 -> 5898.3035 | D7: ='07b_ATC_Ajuste'!I7 -> 5416.3266 | E7: =SUM(F7:AX7) -> 239779.78 | F7: =B7 -> 5431.8028 | G7: =$C7 -> 5898.3035 | H7: =$C7 -> 5898.3035 | I7: =$C7 -> 5898.3035 | J7: =$D7 -> 5416.3266 | K7: =$D7 -> 5416.3266 | L7: =$D7 -> 5416.3266 | M7: =$D7 -> 5416.3266 | N7: =$D7 -> 5416.3266 | O7: =$D7 -> 5416.3266 | P7: =$D7 -> 5416.3266 | Q7: =$D7 -> 5416.3266 | ... AO7: =$D7 -> 5416.3266 | AP7: 0 | AQ7: =$D7 -> 5416.3266 | AR7: =$D7 -> 5416.3266 | AS7: =$D7 -> 5416.3266 | AT7: =$D7 -> 5416.3266 | AU7: =$D7 -> 5416.3266 | AV7: =$D7 -> 5416.3266 | AW7: =$D7 -> 5416.3266 | AX7: =$D7 -> 5416.3266
A8: 4 | B8: ='07b_ATC_Ajuste'!C8 -> 8133.4699 | C8: ='07b_ATC_Ajuste'!G8 -> 8698.278 | D8: ='07b_ATC_Ajuste'!I8 -> 7734.9061 | E8: =SUM(F8:AX8) -> 343624.55 | F8: =B8 -> 8133.4699 | G8: =$C8 -> 8698.278 | H8: =$C8 -> 8698.278 | I8: =$C8 -> 8698.278 | J8: =$D8 -> 7734.9061 | K8: =$D8 -> 7734.9061 | L8: =$D8 -> 7734.9061 | M8: =$D8 -> 7734.9061 | N8: =$D8 -> 7734.9061 | O8: =$D8 -> 7734.9061 | P8: =$D8 -> 7734.9061 | Q8: =$D8 -> 7734.9061 | ... AO8: =$D8 -> 7734.9061 | AP8: 0 | AQ8: =$D8 -> 7734.9061 | AR8: =$D8 -> 7734.9061 | AS8: =$D8 -> 7734.9061 | AT8: =$D8 -> 7734.9061 | AU8: =$D8 -> 7734.9061 | AV8: =$D8 -> 7734.9061 | AW8: =$D8 -> 7734.9061 | AX8: =$D8 -> 7734.9061
A9: 5 | B9: ='07b_ATC_Ajuste'!C9 -> 5998.1154 | C9: ='07b_ATC_Ajuste'!G9 -> 6513.626 | D9: ='07b_ATC_Ajuste'!I9 -> 6054.9978 | E9: =SUM(F9:AX9) -> 273793.9 | F9: =B9 -> 5998.1154 | G9: =$C9 -> 6513.626 | H9: =$C9 -> 6513.626 | I9: =$C9 -> 6513.626 | J9: =$D9 -> 6054.9978 | K9: =$D9 -> 6054.9978 | L9: =$D9 -> 6054.9978 | M9: =$D9 -> 6054.9978 | N9: =$D9 -> 6054.9978 | O9: =$D9 -> 6054.9978 | P9: =$D9 -> 6054.9978 | Q9: =$D9 -> 6054.9978 | ... AX9: =$D9 -> 6054.9978
A10: 6 | B10: ='07b_ATC_Ajuste'!C10 -> 6680.3983 | C10: ='07b_ATC_Ajuste'!G10 -> 7211.88 | D10: ='07b_ATC_Ajuste'!I10 -> 6369.544 | E10: =SUM(F10:AX10) -> 289467.34 | F10: =B10 -> 6680.3983 | G10: =$C10 -> 7211.88 | H10: =$C10 -> 7211.88 | I10: =$C10 -> 7211.88 | J10: =$D10 -> 6369.544 | K10: =$D10 -> 6369.544 | L10: =$D10 -> 6369.544 | M10: =$D10 -> 6369.544 | N10: =$D10 -> 6369.544 | O10: =$D10 -> 6369.544 | P10: =$D10 -> 6369.544 | Q10: =$D10 -> 6369.544 | ... AX10: =$D10 -> 6369.544
A11: 7 | B11: ='07b_ATC_Ajuste'!C11 -> 6265.201 | C11: ='07b_ATC_Ajuste'!G11 -> 6617.9691 | D11: ='07b_ATC_Ajuste'!I11 -> 4534.8337 | E11: =SUM(F11:AX11) -> 212047.29 | F11: =B11 -> 6265.201 | G11: =$C11 -> 6617.9691 | H11: =$C11 -> 6617.9691 | I11: =$C11 -> 6617.9691 | J11: =$D11 -> 4534.8337 | K11: =$D11 -> 4534.8337 | L11: =$D11 -> 4534.8337 | M11: =$D11 -> 4534.8337 | N11: =$D11 -> 4534.8337 | O11: =$D11 -> 4534.8337 | P11: =$D11 -> 4534.8337 | Q11: =$D11 -> 4534.8337 | ... AX11: =$D11 -> 4534.8337
A12: 8 | B12: ='07b_ATC_Ajuste'!C12 -> 3425.148 | C12: ='07b_ATC_Ajuste'!G12 -> 3810.0235 | D12: ='07b_ATC_Ajuste'!I12 -> 3444.0363 | E12: =SUM(F12:AX12) -> 156060.71 | F12: =B12 -> 3425.148 | G12: =$C12 -> 3810.0235 | H12: =$C12 -> 3810.0235 | I12: =$C12 -> 3810.0235 | J12: =$D12 -> 3444.0363 | K12: =$D12 -> 3444.0363 | L12: =$D12 -> 3444.0363 | M12: =$D12 -> 3444.0363 | N12: =$D12 -> 3444.0363 | O12: =$D12 -> 3444.0363 | P12: =$D12 -> 3444.0363 | Q12: =$D12 -> 3444.0363 | ... AX12: =$D12 -> 3444.0363

Sheet 03_GENERAL
A1: Item | B1: Descripción | C1: Indice | E1: Cantidad | G1: UAU
C2: valor | D2: unidad | E2: valor | G2: 1 | H2: 2 | I2: 3 | J2: 4 | K2: 5 | L2: 6 | M2: 7 | N2: 8
E3: m2 | G3: m2 | H3: m2 | I3: m2 | J3: m2 | K3: m2 | L3: m2 | M3: m2 | N3: m2
A4: 1 | B4: AMBITO DE FORMULACION DEL PLAN PARCIAL | E4: ='01_JURIDICO'!X3 -> 170944.23
A5: 2 | B5: MALLA VIAL EXISTENTE - (MVE) | E5: =SUM(E6:E7) -> 2903.4422
B6: AMD 1 - Andén Carrera 50 | E6: 729.4074
B7: AMD 2 - Andén Carrera 50 | E7: 2174.0348
A8: 3 | B8: ESPACIO PUBLICO EXISTENTE | E8: =SUM(E9) -> 3264.0738
B9: AMD 3 - Parque Carrera 50 x Calle 5c | E9: 3264.0738
A10: 5 | B10: AREA VERIFICACION | E10: =E4-SUM(E5,E8) -> 164776.71 | G10: ='04c_Resumen_MO'!$B6 -> 17268.249 | H10: ='04c_Resumen_MO'!$B7 -> 15602.532 | I10: ='04c_Resumen_MO'!$B8 -> 19436.475 | J10: ='04c_Resumen_MO'!$B9 -> 25621.214 | K10: ='04c_Resumen_MO'!$B10 -> 27038.025 | L10: ='04c_Resumen_MO'!$B11 -> 21089.899 | M10: ='04c_Resumen_MO'!$B12 -> 23967.62 | N10: ='04c_Resumen_MO'!$B13 -> 14752.699
A11: 6 | B11: OBLIGACIONES URBANíSTICAS
B12: AREA TOTAL A CEDER NORMA | C12: 0.65 | D12: % | E12: =E10*C12 -> 107104.86
B13: AREA TOTAL A CEDER M.O. | C13: =E13/E10 -> 0.64999999 | D13: % | E13: =SUM(G13:N13) -> 107104.86 | G13: ='04c_Resumen_MO'!$F6 -> 12991.359 | H13: ='04c_Resumen_MO'!$F7 -> 8702.1876 | I13: ='04c_Resumen_MO'!$F8 -> 12077.366 | J13: ='04c_Resumen_MO'!$F9 -> 15182.673 | K13: ='04c_Resumen_MO'!$F10 -> 18955.862 | L13: ='04c_Resumen_MO'!$F11 -> 12504.373 | M13: ='04c_Resumen_MO'!$F12 -> 16718.757 | N13: ='04c_Resumen_MO'!$F13 -> 9972.2834
A14: 7 | B14: MALLA VIAL PROYECTADA (Distrito) | E14: =SUM(E15,E21) -> 0
B15: Locales | E15: =SUM(G15:N15) -> 0 | G15: 0 | H15: 0 | I15: 0 | J15: 0 | K15: 0 | L15: 0 | M15: 0 | N15: 0
B16: Vía vehicular 1 - Calle 5c - ampliación | E16: =SUM(G16:N16) -> 0
B17: Vía vehicular 2 - Nueva | E17: =SUM(G17:N17) -> 0
B18: Vía vehicular 3 Nueva | E18: =SUM(G18:N18) -> 0
B19: Vía vehicular 4 - Carrera 53 f - ampliación | E19: =SUM(G19:N19) -> 0
B20: Vías peatonales | E20: =SUM(G20:N20) -> 0
B21: General | E21: =SUM(E22) -> 0
B22: Reservas viales | E22: =SUM(G22:M22) -> 0 | G22: 0 | H22: 0 | I22: 0 | J22: 0 | K22: 0 | L22: 0 | M22: 0 | N22: 0
A23: 8 | B23: AREA DE TERRENO | E23: =E10-E14 -> 164776.71 | G23: =G10-G14 -> 17268.249 | H23: =H10-H14 -> 15602.532 | I23: =I10-I14 -> 19436.475 | J23: =J10-J14 -> 25621.214 | K23: =K10-K14 -> 27038.025 | L23: =L10-L14 -> 21089.899 | M23: =M10-M14 -> 23967.62 | N23: =N10-N14 -> 14752.699
A24: 10 | B24: CONTROLES AMBIENTALES | E24: =SUM(G24:M24) -> 0 | G24: 0 | H24: 0 | I24: 0 | J24: 0 | K24: 0 | L24: 0 | M24: 0 | N24: 0
A25: 11 | B25: AREA TERRENO SIN CONTROLES AMBIENTALES | E25: =E23-E24 -> 164776.71 | G25: =G23-G24 -> 17268.249 | H25: =H23-H24 -> 15602.532 | I25: =I23-I24 -> 19436.475 | J25: =J23-J24 -> 25621.214 | K25: =K23-K24 -> 27038.025 | L25: =L23-L24 -> 21089.899 | M25: =M23-M24 -> 23967.62 | N25: =N23-N24 -> 14752.699
A26: 12 | B26: CESION DE ESPACIO PUBLICO | E26: =SUM(E27:E29) -> 107104.86 | G26: =SUM(G27:G29) -> 12991.359 | H26: =SUM(H27:H29) -> 8702.1876 | I26: =SUM(I27:I29) -> 12077.366 | J26: =SUM(J27:J29) -> 15182.673 | K26: =SUM(K27:K29) -> 18955.862 | L26: =SUM(L27:L29) -> 12504.373 | M26: =SUM(M27:M29) -> 16718.757 | N26: =SUM(N27:N29) -> 9972.2834
B27: Cesión Espacio Público (Vías vehiculares + peatonales) | E27: =SUM(G27:N27) -> 29501.324 | G27: ='04c_Resumen_MO'!$C6 -> 4744.8667 | H27: ='04c_Resumen_MO'!$C7 -> 1166.9775 | I27: ='04c_Resumen_MO'!$C8 -> 2936.0801 | J27: ='04c_Resumen_MO'!$C9 -> 6313.2385 | K27: ='04c_Resumen_MO'!$C10 -> 2870.3177 | L27: ='04c_Resumen_MO'!$C11 -> 5562.2636 | M27: ='04c_Resumen_MO'!$C12 -> 3251.2337 | N27: ='04c_Resumen_MO'!$C13 -> 2656.3462
B28: Cesión Espacio Público (Zona Verde, plazas, plazoletas) | E28: =SUM(G28:N28) -> 72340.479 | G28: ='04c_Resumen_MO'!D6 -> 8246.4926 | H28: ='04c_Resumen_MO'!D7 -> 7535.2101 | I28: ='04c_Resumen_MO'!D8 -> 9141.2862 | J28: ='04c_Resumen_MO'!D9 -> 8869.4348 | K28: ='04c_Resumen_MO'!D10 -> 13279.249 | L28: ='04c_Resumen_MO'!D11 -> 6942.1096 | M28: ='04c_Resumen_MO'!D12 -> 11010.76 | N28: ='04c_Resumen_MO'!D13 -> 7315.9372
B29: Cesión Espacio Público (Equipamientos) | C29: =E29/E10 -> 0.031940552 | E29: =SUM(G29:N29) -> 5263.0592 | G29: ='04c_Resumen_MO'!$E6 -> 0 | H29: ='04c_Resumen_MO'!$E7 -> 0 | I29: ='04c_Resumen_MO'!$E8 -> 0 | J29: ='04c_Resumen_MO'!$E9 -> 0 | K29: ='04c_Resumen_MO'!$E10 -> 2806.2957 | L29: ='04c_Resumen_MO'!$E11 -> 0 | M29: ='04c_Resumen_MO'!$E12 -> 2456.7635 | N29: ='04c_Resumen_MO'!$E13 -> 0
A31: 13 | B31: AREA UTIL (Desarrollable) | E31: =SUM(G31:N31) -> 57671.849 | G31: =G23-G26 -> 4276.8892 | H31: =H23-H26 -> 6900.3439 | I31: =I23-I26 -> 7359.1082 | J31: =J23-J26 -> 10438.541 | K31: =K23-K26 -> 8082.1628 | L31: =L23-L26 -> 8585.5262 | M31: =M23-M26 -> 7248.8624 | N31: =N23-N26 -> 4780.4157
A33: 14 | B33: RETIROS ANTEJARDIN (E.P. privado de uso público) | E33: =SUM(G33:N33) -> 13723.805 | G33: ='04c_Resumen_MO'!$H6 -> 1355.7527 | H33: ='04c_Resumen_MO'!$H7 -> 1807.5715 | I33: ='04c_Resumen_MO'!$H8 -> 1927.3054 | J33: ='04c_Resumen_MO'!$H9 -> 2305.0707 | K33: ='04c_Resumen_MO'!$H10 -> 2084.0474 | L33: ='04c_Resumen_MO'!$H11 -> 1905.1279 | M33: ='04c_Resumen_MO'!$H12 -> 983.6614 | N33: ='04c_Resumen_MO'!$H13 -> 1355.2677
A34: 15 | B34: AREA UTIL (Localización edificación) | E34: =SUM(G34:N34) -> 43948.044 | G34: =G31-G33 -> 2921.1365 | H34: =H31-H33 -> 5092.7724 | I34: =I31-I33 -> 5431.8028 | J34: =J31-J33 -> 8133.4699 | K34: =K31-K33 -> 5998.1154 | L34: =L31-L33 -> 6680.3983 | M34: =M31-M33 -> 6265.201 | N34: =N31-N33 -> 3425.148

Sheet 04a_PROPUESTA_MO
A1: CATASTRAL | J1: JURIDICO | M1: CATASTRAL | N1: AMD | P1: AREA TERRENO AB-AMD | R1: PROPUESTA DEL MODELO DE OCUPACION
R2: UAU | Z2: Modelo de ocupación original (autocad) | AH2: Modelo de ocupación ajustado (por lote) | AP2: Modelo de ocupación por UAU ajustado (por UAU)
Z3: Cesiones Públicas | AD3: Areas Privadas | AH3: Cesiones Públicas | AL3: Areas Privadas | AP3: UAU | AS3: Cesiones Públicas | AW3: Areas Privadas
A4: LotCodigo | B4: LotCodMzn | C4: NoLote | D4: Codigo_Predio | E4: Codigo_CHIP | F4: Cedula_Cat | G4: Tipo_Predio | H4: Direccion_ | I4: Area_CNT | J4: Dest_Econ | K4: Matricula | L4: Propietario | M4: Area ambito PL CAT | R4: No. | S4: Código_Predio | T4: Area x lote | U4: % UAU | V4: Area x UAU | W4: Area Construida | X4: Propietario | Z4: VIAL | AA4: EP | AB4: S-EQ | AC4: Total | AD4: Desarrollable | AE4: Antejardín | AF4: Area Util AD - Antejardín | AG4: % au / ad | AH4: VIAL | AI4: EP | AJ4: S-EQ | AK4: Total | AL4: Desarrollable | AM4: Antejardín | AN4: Area Util AD - Antejardín | AP4: No. | AQ4: Area Bruta | AR4: Construida | AS4: VIAL | AT4: EP | AU4: S-EQ | AV4: Total | AW4: Desarrollable | AX4: Antejardín | AY4: Area Util
AC5: =AC7/T7 -> 0.67496827 | AH5: ='04b_MO_Ajuste'!E7 -> 0.96300822 | AI5: ='04b_MO_Ajuste'!F7 -> 0.96300822 | AJ5: ='04b_MO_Ajuste'!G7 -> 0.96300822 | AK5: =AK7/P7 -> 0.65
A6: # | C6: # | M6: m2 | N6: t | O6: m2 | P6: m2 | R6: # | T6: m2 | W6: m2 | Z6: m2 | AA6: m2 | AB6: m2 | AC6: m2 | AD6: m2
M7: =SUM(M9:M42) -> 170944.23 | O7: =SUM(O9:O42) -> 6167.5174 | P7: =SUM(P9:P42) -> 164776.71 | T7: =SUM(T9:T42) -> 164776.71 | V7: =SUM(V9:V42) -> 164776.71 | W7: =SUM(W9:W42) -> 308974.13 | Z7: =SUM(Z9:Z42) -> 30634.55 | AA7: =SUM(AA9:AA42) -> 75119.274 | AB7: =SUM(AB9:AB42) -> 5465.2277 | AC7: =SUM(AC9:AC42) -> 111219.05 | AD7: =SUM(AD9:AD42) -> 53557.659 | AE7: =SUM(AE9:AE42) -> 12179.88 | AF7: =SUM(AF9:AF42) -> 41377.779 | AH7: =SUM(AH9:AH42) -> 29501.324 | AI7: =SUM(AI9:AI42) -> 72340.479 | AJ7: =SUM(AJ9:AJ42) -> 5263.0592 | AK7: =SUM(AK9:AK42) -> 107104.86 | AL7: =SUM(AL9:AL42) -> 57671.849 | AM7: =SUM(AM9:AM42) -> 13723.805 | AN7: =SUM(AN9:AN42) -> 43948.044 | AQ7: =SUM(AQ9:AQ42) -> 164776.71 | AR7: =SUM(AR9:AR42) -> 308974.13 | AS7: =SUM(AS9:AS42) -> 29501.324 | AT7: =SUM(AT9:AT42) -> 72340.479 | AU7: =SUM(AU9:AU42) -> 5263.0592 | AV7: =SUM(AV9:AV42) -> 107104.86 | AW7: =SUM(AW9:AW42) -> 57671.849 | AX7: =SUM(AX9:AX42) -> 13723.805 | AY7: =SUM(AY9:AY42) -> 43948.044
AV8: - | AX8: -
A9: 004301001021 | B9: 004301001 | C9: 21 | D9: 21 | E9: AAA0037OZUH | F9: 9 51 2 | G9: Particular | H9: AC 9 50 85 | I9: 43867.5 | J9: Industrial | K9: 50C-1407090 | L9: GASEOSAS LUX S.A | M9: 16461.2 | O9: =IF(N9="x",M9,0) -> 0 | P9: =M9-O9 -> 16461.2 | R9: 1 | S9: =D9 -> 21 | T9: =P9 -> 16461.2 | U9: =T9/$V$9 -> 0.95326404 | V9: =SUMIF(R9:R42,R9,T9:T42) -> 17268.249 | W9: =I9 -> 43867.5 | X9: =L9 -> GASEOSAS LUX S.A | Z9: 4120.0819 | AA9: 8563.2629 | AB9: 0 | AC9: =SUM(Z9:AB9) -> 12683.345 | AD9: =T9-AC9 -> 3777.8556 | AE9: =IFERROR(AD9-AF9,"-") -> 1179.4236 | AF9: 2598.432 | AG9: =IFERROR(AF9/AD9,0) -> 0.68780607 | AH9: =Z9*$AH$5 -> 3967.6728 | AI9: =AA9*$AI$5 -> 8246.4926 | AJ9: =AB9*$AJ$5 -> 0 | AK9: =SUM(AH9:AJ9) -> 12214.165 | AL9: =T9-AK9 -> 4247.035 | AM9: =AL9-AN9 -> 1325.8986 | AN9: =AL9*AG9 -> 2921.1365 | AP9: =R9 -> 1 | AQ9: =SUMIF($R$9:$R$42,R9,$T$9:$T$42) -> 17268.249 | AR9: =SUMIF($R$9:$R$42,R9,$W$9:$W$42) -> 44678.5 | AS9: =SUMIF($R$9:$R$42,R9,$AH$9:$AH$42) -> 4744.8667 | AT9: =SUMIF($R$9:$R$42,R9,$AI$9:$AI$42) -> 8246.4926 | AU9: =SUMIF($R$9:$R$42,R9,$AJ$9:$AJ$42) -> 0 | AV9: =SUM(AS9:AU9) -> 12991.359 | AW9: =SUMIF($R$9:$R$42,R9,$AL$9:$AL$42) -> 4276.8892 | AX9: =SUMIF($R$9:$R$42,R9,$AM$9:$AM$42) -> 1355.7527 | AY9: =SUMIF($R$9:$R$42,R9,$AN$9:$AN$42) -> 2921.1365
A10: 004301001020 | B10: 004301001 | C10: 20 | D10: 20 | E10: AAA0037OZTD | F10: 9 53 11 | G10: Particular | H10: KR 53F 5C 88 | I10: 811 | J10: Comercio puntual | K10: 50C-224322 | L10: GASEOSAS LUX S.A | M10: 807.04813 | O10: =IF(N10="x",M10,0) -> 0 | P10: =M10-O10 -> 807.04813 | R10: 1 | S10: =D10 -> 20 | T10: =P10 -> 807.04813 | U10: =T10/$V$9 -> 0.046735958 | W10: =I10 -> 811 | X10: =L10 -> GASEOSAS LUX S.A | Z10: 807.04813 | AA10: 0 | AB10: 0 | AC10: =SUM(Z10:AB10) -> 807.04813 | AD10: =T10-AC10 -> 0 | AE10: =IFERROR(AD10-AF10,"-") -> 0 | AF10: 0 | AG10: =IFERROR(AF10/AD10,0) -> 0 | AH10: =Z10*$AH$5 -> 777.19399 | AI10: =AA10*$AI$5 -> 0 | AJ10: =AB10*$AJ$5 -> 0 | AK10: =SUM(AH10:AJ10) -> 777.19399 | AL10: =T10-AK10 -> 29.854143 | AM10: =AL10-AN10 -> 29.854143 | AN10: =AL10*AG10 -> 0 | AP10: - | AQ10: - | AS10: - | AT10: - | AU10: - | AV10: - | AW10: - | AX10: - | AY10: -
A11: 004301001018 | B11: 004301001 | C11: 18 | D11: 18 | E11: AAA0037OZRJ | F11: 9 53 5 | G11: Particular | H11: KR 53F 5C 78 | I11: 811.9 | J11: Industrial | K11: 50C-172314 | L11: GASEOSAS LUX S.A | M11: 811.64101 | O11: =IF(N11="x",M11,0) -> 0 | P11: =M11-O11 -> 811.64101 | R11: 2 | S11: =D11 -> 18 | T11: =P11 -> 811.64101 | U11: =T11/$V$11 -> 0.052019829 | V11: =SUMIF(R11:R44,R11,T11:T44) -> 15602.532 | W11: =I11 -> 811.9 | X11: =L11 -> GASEOSAS LUX S.A | Z11: 163.3901 | AA11: 163.3901 | AB11: 0 | AC11: =SUM(Z11:AB11) -> 326.7802 | AD11: =T11-AC11 -> 484.86081 | AE11: =IFERROR(AD11-AF11,"-") -> 269.02091 | AF11: 215.8399 | AG11: =IFERROR(AF11/AD11,0) -> 0.44515847 | AH11: =Z11*$AH$5 -> 157.34601 | AI11: =AA11*$AI$5 -> 157.34601 | AJ11: =AB11*$AJ$5 -> 0 | AK11: =SUM(AH11:AJ11) -> 314.69202 | AL11: =T11-AK11 -> 496.94899 | AM11: =AL11-AN11 -> 275.72794 | AN11: =AL11*AG11 -> 221.22106 | AP11: =R11 -> 2 | AQ11: =SUMIF($R$9:$R$42,R11,$T$9:$T$42) -> 15602.532 | AR11: =SUMIF($R$9:$R$42,R11,$W$9:$W$42) -> 47091.3 | AS11: =SUMIF($R$9:$R$42,R11,$AH$9:$AH$42) -> 1166.9775 | AT11: =SUMIF($R$9:$R$42,R11,$AI$9:$AI$42) -> 7535.2101 | AU11: =SUMIF($R$9:$R$42,R11,$AJ$9:$AJ$42) -> 0 | AV11: =SUM(AS11:AU11) -> 8702.1876 | AW11: =SUMIF($R$9:$R$42,R11,$AL$9:$AL$42) -> 6900.3439 | AX11: =SUMIF($R$9:$R$42,R11,$AM$9:$AM$42) -> 1807.5715 | AY11: =SUMIF($R$9:$R$42,R11,$AN$9:$AN$42) -> 5092.7724
A12: 004301001021 | B12: 004301001 | C12: 21 | D12: 21 | E12: AAA0037OZUH | F12: 9 51 2 | G12: Particular | H12: AC 9 50 85 | I12: 43867.5 | J12: Industrial | K12: 50C-1407090 | L12: GASEOSAS LUX S.A | M12: 12352.429 | O12: =IF(N12="x",M12,0) -> 0 | P12: =M12-O12 -> 12352.429 | R12: 2 | S12: =D12 -> 21 | T12: =P12 -> 12352.429 | U12: =T12/$V$11 -> 0.7916939 | W12: =I12 -> 43867.5 | X12: =L12 -> GASEOSAS LUX S.A | Z12: 546.7745 | AA12: 6671.1592 | AB12: 0 | AC12: =SUM(Z12:AB12) -> 7217.9337 | AD12: =T12-AC12 -> 5134.4954 | AE12: =IFERROR(AD12-AF12,"-") -> 1047.3729 | AF12: 4087.1225 | AG12: =IFERROR(AF12/AD12,0) -> 0.7960125 | AH12: =Z12*$AH$5 -> 526.54834 | AI12: =AA12*$AI$5 -> 6424.3812 | AJ12: =AB12*$AJ$5 -> 0 | AK12: =SUM(AH12:AJ12) -> 6950.9295 | AL12: =T12-AK12 -> 5401.4996 | AM12: =AL12-AN12 -> 1101.8384 | AN12: =AL12*AG12 -> 4299.6612 | AP12: - | AQ12: - | AR12: - | AS12: - | AT12: - | AU12: - | AV12: - | AW12: - | AX12: - | AY12: -
A13: 004301001019 | B13: 004301001 | C13: 19 | D13: 19 | E13: AAA0037OZSY | F13: 9 53 12 | G13: Particular | H13: KR 53F 5C 86 | I13: 812.2 | J13: Comercio puntual | K13: 50C-1827523 | L13: GASEOSAS LUX S.A | M13: 812.16271 | O13: =IF(N13="x",M13,0) -> 0 | P13: =M13-O13 -> 812.16271 | R13: 2 | S13: =D13 -> 19 | T13: =P13 -> 812.16271 | U13: =T13/$V$11 -> 0.052053265 | W13: =I13 -> 812.2 | X13: =L13 -> GASEOSAS LUX S.A | Z13: 171.9648 | AA13: 326.7077 | AB13: 0 | AC13: =SUM(Z13:AB13) -> 498.6725 | AD13: =T13-AC13 -> 313.49021 | AE13: =IFERROR(AD13-AF13,"-") -> 152.69981 | AF13: 160.7904 | AG13: =IFERROR(AF13/AD13,0) -> 0.51290405 | AH13: =Z13*$AH$5 -> 165.60352 | AI13: =AA13*$AI$5 -> 314.6222 | AJ13: =AB13*$AJ$5 -> 0 | AK13: =SUM(AH13:AJ13) -> 480.22572 | AL13: =T13-AK13 -> 331.93699 | AM13: =AL13-AN13 -> 161.68517 | AN13: =AL13*AG13 -> 170.25183 | AP13: - | AQ13: - | AR13: - | AS13: - | AT13: - | AU13: - | AV13: - | AW13: - | AX13: - | AY13: -
A14: 004301001016 | B14: 004301001 | C14: 16 | D14: 16 | E14: AAA0037OZOM | F14: 9 53 4 | G14: Particular | H14: KR 53F 5C 62 | I14: 575 | J14: Industrial | K14: 50C-864966 | L14: GASEOSAS LUX S.A | M14: 813.94625 | O14: =IF(N14="x",M14,0) -> 0 | P14: =M14-O14 -> 813.94625 | R14: 2 | S14: =D14 -> 16 | T14: =P14 -> 813.94625 | U14: =T14/$V$11 -> 0.052167576 | W14: =I14 -> 575 | X14: =L14 -> GASEOSAS LUX S.A | Z14: 166.432 | AA14: 330.6119 | AB14: 0 | AC14: =SUM(Z14:AB14) -> 497.0439 | AD14: =T14-AC14 -> 316.90235 | AE14: =IFERROR(AD14-AF14,"-") -> 153.82225 | AF14: 163.0801 | AG14: =IFERROR(AF14/AD14,0) -> 0.51460679 | AH14: =Z14*$AH$5 -> 160.27538 | AI14: =AA14*$AI$5 -> 318.38198 | AJ14: =AB14*$AJ$5 -> 0 | AK14: =SUM(AH14:AJ14) -> 478.65736 | AL14: =T14-AK14 -> 335.28888 | AM14: =AL14-AN14 -> 162.74695 | AN14: =AL14*AG14 -> 172.54194 | AP14: - | AQ14: - | AR14: - | AS14: - | AT14: - | AU14: - | AV14: - | AW14: - | AX14: - | AY14: -
A15: 004301001017 | B15: 004301001 | C15: 17 | D15: 17 | E15: AAA0037OZPA | F15: 9 53 3 | G15: Particular | H15: KR 53F 5C 72 | I15: 1024.7 | J15: Comercio puntual | K15: 50C-172313 | L15: INDUSTRIAS MIWAL LIMITADA | M15: 812.35244 | O15: =IF(N15="x",M15,0) -> 0 | P15: =M15-O15 -> 812.35244 | R15: 2 | S15: =D15 -> 17 | T15: =P15 -> 812.35244 | U15: =T15/$V$11 -> 0.052065425 | W15: =I15 -> 1024.7 | X15: =L15 -> INDUSTRIAS MIWAL LIMITADA | Z15: 163.2429 | AA15: 332.7892 | AB15: 0 | AC15: =SUM(Z15:AB15) -> 496.0321 | AD15: =T15-AC15 -> 316.32034 | AE15: =IFERROR(AD15-AF15,"-") -> 99.784737 | AF15: 216.5356 | AG15: =IFERROR(AF15/AD15,0) -> 0.6845453 | AH15: =Z15*$AH$5 -> 157.20426 | AI15: =AA15*$AI$5 -> 320.47874 | AJ15: =AB15*$AJ$5 -> 0 | AK15: =SUM(AH15:AJ15) -> 477.68299 | AL15: =T15-AK15 -> 334.66945 | AM15: =AL15-AN15 -> 105.57305 | AN15: =AL15*AG15 -> 229.0964 | AP15: - | AQ15: - | AR15: - | AS15: - | AT15: - | AU15: - | AV15: - | AW15: - | AX15: - | AY15: -
A16: 004301001013 | B16: 004301001 | C16: 13 | D16: 13 | E16: AAA0037OZLF | F16: 9 53 1 | G16: Particular | H16: KR 53F 5C 44 | I16: 820 | J16: Comercio puntual | K16: 50C-104264 | L16: GASEOSAS LUX S.A | M16: 817.51623 | O16: =IF(N16="x",M16,0) -> 0 | P16: =M16-O16 -> 817.51623 | R16: 3 | S16: =D16 -> 13 | T16: =P16 -> 817.51623 | U16: =T16/$V$16 -> 0.042060932 | V16: =SUMIF(R16:R49,R16,T16:T49) -> 19436.475 | W16: =I16 -> 820 | X16: =L16 -> GASEOSAS LUX S.A | Z16: 166.7823 | AA16: 331.7757 | AB16: 0 | AC16: =SUM(Z16:AB16) -> 498.558 | AD16: =T16-AC16 -> 318.95823 | AE16: =IFERROR(AD16-AF16,"-") -> 99.890731 | AF16: 219.0675 | AG16: =IFERROR(AF16/AD16,0) -> 0.68682191 | AH16: =Z16*$AH$5 -> 160.61273 | AI16: =AA16*$AI$5 -> 319.50273 | AJ16: =AB16*$AJ$5 -> 0 | AK16: =SUM(AH16:AJ16) -> 480.11545 | AL16: =T16-AK16 -> 337.40078 | AM16: =AL16-AN16 -> 105.66653 | AN16: =AL16*AG16 -> 231.73424 | AP16: =R16 -> 3 | AQ16: =SUMIF($R$9:$R$42,R16,$T$9:$T$42) -> 19436.475 | AR16: =SUMIF($R$9:$R$42,R16,$W$9:$W$42) -> 48617.9 | AS16: =SUMIF($R$9:$R$42,R16,$AH$9:$AH$42) -> 2936.0801 | AT16: =SUMIF($R$9:$R$42,R16,$AI$9:$AI$42) -> 9141.2862 | AU16: =SUMIF($R$9:$R$42,R16,$AJ$9:$AJ$42) -> 0 | AV16: =SUM(AS16:AU16) -> 12077.366 | AW16: =SUMIF($R$9:$R$42,R16,$AL$9:$AL$42) -> 7359.1082 | AX16: =SUMIF($R$9:$R$42,R16,$AM$9:$AM$42) -> 1927.3054 | AY16: =SUMIF($R$9:$R$42,R16,$AN$9:$AN$42) -> 5431.8028
A17: 004301001015 | B17: 004301001 | C17: 15 | D17: 15 | E17: AAA0037OZNX | F17: 9 53 13 | G17: Particular | H17: KR 53F 5C 58 | I17: 554 | J17: Industrial | K17: 50C-864965 | L17: GASEOSAS LUX S.A | M17: 814.02717 | O17: =IF(N17="x",M17,0) -> 0 | P17: =M17-O17 -> 814.02717 | R17: 3 | S17: =D17 -> 15 | T17: =P17 -> 814.02717 | U17: =T17/$V$16 -> 0.041881421 | W17: =I17 -> 554 | X17: =L17 -> GASEOSAS LUX S.A | Z17: 247.8966 | AA17: 288.9306 | AB17: 0 | AC17: =SUM(Z17:AB17) -> 536.8272 | AD17: =T17-AC17 -> 277.19997 | AE17: =IFERROR(AD17-AF17,"-") -> 277.19997 | AF17: 0 | AG17: =IFERROR(AF17/AD17,0) -> 0 | AH17: =Z17*$AH$5 -> 238.72646 | AI17: =AA17*$AI$5 -> 278.24254 | AJ17: =AB17*$AJ$5 -> 0 | AK17: =SUM(AH17:AJ17) -> 516.96901 | AL17: =T17-AK17 -> 297.05817 | AM17: =AL17-AN17 -> 297.05817 | AN17: =AL17*AG17 -> 0 | AP17: - | AQ17: - | AR17: - | AS17: - | AT17: - | AU17: - | AV17: - | AW17: - | AX17: - | AY17: -
A18: 004301001014 | B18: 004301001 | C18: 14 | D18: 14 | E18: AAA0037OZMR | F18: 9 53 14 | G18: Particular | H18: KR 53F 5C 50 | I18: 1640 | J18: Comercio puntual | K18: 50C-82321 | L18: GASEOSAS LUX S.A | M18: 1634.631 | O18: =IF(N18="x",M18,0) -> 0 | P18: =M18-O18 -> 1634.631 | R18: 3 | S18: =D18 -> 14 | T18: =P18 -> 1634.631 | U18: =T18/$V$16 -> 0.084101207 | W18: =I18 -> 1640 | X18: =L18 -> GASEOSAS LUX S.A | Z18: 418.6148 | AA18: 819.2021 | AB18: 0 | AC18: =SUM(Z18:AB18) -> 1237.8169 | AD18: =T18-AC18 -> 396.81407 | AE18: =IFERROR(AD18-AF18,"-") -> 178.60407 | AF18: 218.21 | AG18: =IFERROR(AF18/AD18,0) -> 0.5499049 | AH18: =Z18*$AH$5 -> 403.1295 | AI18: =AA18*$AI$5 -> 788.89836 | AJ18: =AB18*$AJ$5 -> 0 | AK18: =SUM(AH18:AJ18) -> 1192.0279 | AL18: =T18-AK18 -> 442.60311 | AM18: =AL18-AN18 -> 199.21349 | AN18: =AL18*AG18 -> 243.38962 | AP18: - | AQ18: - | AR18: - | AS18: - | AT18: - | AU18: - | AV18: - | AW18: - | AX18: - | AY18: -
A19: 004301001021 | B19: 004301001 | C19: 21 | D19: 21 | E19: AAA0037OZUH | F19: 9 51 2 | G19: Particular | H19: AC 9 50 85 | I19: 43867.5 | J19: Industrial | K19: 50C-1407090 | L19: GASEOSAS LUX S.A | M19: 14682.019 | O19: =IF(N19="x",M19,0) -> 0 | P19: =M19-O19 -> 14682.019 | R19: 3 | S19: =D19 -> 21 | T19: =P19 -> 14682.019 | U19: =T19/$V$16 -> 0.7553849 | W19: =I19 -> 43867.5 | X19: =L19 -> GASEOSAS LUX S.A | Z19: 1927.4821 | AA19: 7438.7772 | AB19: 0 | AC19: =SUM(Z19:AB19) -> 9366.2593 | AD19: =T19-AC19 -> 5315.76 | AE19: =IFERROR(AD19-AF19,"-") -> 1006.9794 | AF19: 4308.7806 | AG19: =IFERROR(AF19/AD19,0) -> 0.81056718 | AH19: =Z19*$AH$5 -> 1856.1811 | AI19: =AA19*$AI$5 -> 7163.6036 | AJ19: =AB19*$AJ$5 -> 0 | AK19: =SUM(AH19:AJ19) -> 9019.7847 | AL19: =T19-AK19 -> 5662.2346 | AM19: =AL19-AN19 -> 1072.6131 | AN19: =AL19*AG19 -> 4589.6215 | AP19: - | AQ19: - | AR19: - | AS19: - | AT19: - | AU19: - | AV19: - | AW19: - | AX19: - | AY19: -
A20: 004301001012 | B20: 004301001 | C20: 12 | D20: 12 | E20: AAA0037OZKC | F20: 9 53 6 | G20: Particular | H20: KR 53F 5C 38 | I20: 910.4 | J20: Comercio puntual | K20: 50C-238114 | L20: CUATRO PROPIETARIOS, DIFERENTES PORCENTAJES NO SUMA 100% | M20: 820.37307 | O20: =IF(N20="x",M20,0) -> 0 | P20: =M20-O20 -> 820.37307 | R20: 3 | S20: =D20 -> 12 | T20: =P20 -> 820.37307 | U20: =T20/$V$16 -> 0.042207915 | W20: =I20 -> 910.4 | X20: =L20 -> CUATRO PROPIETARIOS, DIFERENTES PORCENTAJES NO SUMA 100% | Z20: 168.0096 | AA20: 332.7432 | AB20: 0 | AC20: =SUM(Z20:AB20) -> 500.7528 | AD20: =T20-AC20 -> 319.62027 | AE20: =IFERROR(AD20-AF20,"-") -> 100.02767 | AF20: 219.5926 | AG20: =IFERROR(AF20/AD20,0) -> 0.68704216 | AH20: =Z20*$AH$5 -> 161.79463 | AI20: =AA20*$AI$5 -> 320.43444 | AJ20: =AB20*$AJ$5 -> 0 | AK20: =SUM(AH20:AJ20) -> 482.22906 | AL20: =T20-AK20 -> 338.144 | AM20: =AL20-AN20 -> 105.82482 | AN20: =AL20*AG20 -> 232.31919 | AP20: - | AQ20: - | AR20: - | AS20: - | AT20: - | AU20: - | AV20: - | AW20: - | AX20: - | AY20: -
A21: 004301001011 | B21: 004301001 | C21: 11 | D21: 11 | E21: AAA0037OZJZ | F21: 9 53 9 | G21: Particular | H21: KR 53F 5C 34 | I21: 826 | J21: Comercio puntual | K21: 50C-238110 | L21: TRES PROPIETARIOS, NATURALES | M21: 667.9078 | O21: =IF(N21="x",M21,0) -> 0 | P21: =M21-O21 -> 667.9078 | R21: 3 | S21: =D21 -> 11 | T21: =P21 -> 667.9078 | U21: =T21/$V$16 -> 0.034363629 | W21: =I21 -> 826 | X21: =L21 -> TRES PROPIETARIOS, NATURALES | Z21: 120.0776 | AA21: 280.9992 | AB21: 0 | AC21: =SUM(Z21:AB21) -> 401.0768 | AD21: =T21-AC21 -> 266.831 | AE21: =IFERROR(AD21-AF21,"-") -> 139.19 | AF21: 127.641 | AG21: =IFERROR(AF21/AD21,0) -> 0.47835896 | AH21: =Z21*$AH$5 -> 115.63572 | AI21: =AA21*$AI$5 -> 270.60454 | AJ21: =AB21*$AJ$5 -> 0 | AK21: =SUM(AH21:AJ21) -> 386.24026 | AL21: =T21-AK21 -> 281.66754 | AM21: =AL21-AN21 -> 146.92935 | AN21: =AL21*AG21 -> 134.73819 | AP21: - | AQ21: - | AR21: - | AS21: - | AT21: - | AU21: - | AV21: - | AW21: - | AX21: - | AY21: -
A22: 004301001006 | B22: 004301001 | C22: 6 | D22: 6 | E22: AAA0037OZCN | F22: 9 53 16 | G22: Particular | H22: KR 53F 5C 08 | I22: 820 | J22: Industrial | K22: 50C-67685 | L22: INTERANDINA DE CONDUCTORES LIMITADA | M22: 819.95528 | O22: =IF(N22="x",M22,0) -> 0 | P22: =M22-O22 -> 819.95528 | R22: 4 | S22: =D22 -> 6 | T22: =P22 -> 819.95528 | U22: =T22/$V$22 -> 0.032002983 | V22: =SUMIF(R22:R55,R22,T22:T55) -> 25621.214 | W22: =I22 -> 820 | X22: =L22 -> INTERANDINA DE CONDUCTORES LIMITADA | Z22: 115.7316 | AA22: 382.0364 | AB22: 0 | AC22: =SUM(Z22:AB22) -> 497.768 | AD22: =T22-AC22 -> 322.18728 | AE22: =IFERROR(AD22-AF22,"-") -> 99.953683 | AF22: 222.2336 | AG22: =IFERROR(AF22/AD22,0) -> 0.68976528 | AH22: =Z22*$AH$5 -> 111.45048 | AI22: =AA22*$AI$5 -> 367.9042 | AJ22: =AB22*$AJ$5 -> 0 | AK22: =SUM(AH22:AJ22) -> 479.35468 | AL22: =T22-AK22 -> 340.6006 | AM22: =AL22-AN22 -> 105.66613 | AN22: =AL22*AG22 -> 234.93447 | AP22: =R22 -> 4 | AQ22: =SUMIF($R$9:$R$42,R22,$T$9:$T$42) -> 25621.214 | AR22: =SUMIF($R$9:$R$42,R22,$W$9:$W$42) -> 55982.9 | AS22: =SUMIF($R$9:$R$42,R22,$AH$9:$AH$42) -> 6313.2385 | AT22: =SUMIF($R$9:$R$42,R22,$AI$9:$AI$42) -> 8869.4348 | AU22: =SUMIF($R$9:$R$42,R22,$AJ$9:$AJ$42) -> 0 | AV22: =SUM(AS22:AU22) -> 15182.673 | AW22: =SUMIF($R$9:$R$42,R22,$AL$9:$AL$42) -> 10438.541 | AX22: =SUMIF($R$9:$R$42,R22,$AM$9:$AM$42) -> 2305.0707 | AY22: =SUMIF($R$9:$R$42,R22,$AN$9:$AN$42) -> 8133.4699
A23: 004301001021 | B23: 004301001 | C23: 21 | D23: 21 | E23: AAA0037OZUH | F23: 9 51 2 | G23: Particular | H23: AC 9 50 85 | I23: 43867.5 | J23: Industrial | K23: 50C-1407090 | L23: GASEOSAS LUX S.A | M23: 12043.505 | O23: =IF(N23="x",M23,0) -> 0 | P23: =M23-O23 -> 12043.505 | R23: 4 | S23: =D23 -> 21 | T23: =P23 -> 12043.505 | U23: =T23/$V$22 -> 0.47005989 | W23: =I23 -> 43867.5 | X23: =L23 -> GASEOSAS LUX S.A | Z23: 3897.9521 | AA23: 0 | AB23: 0 | AC23: =SUM(Z23:AB23) -> 3897.9521 | AD23: =T23-AC23 -> 8145.5529 | AE23: =IFERROR(AD23-AF23,"-") -> 1267.8619 | AF23: 6877.691 | AG23: =IFERROR(AF23/AD23,0) -> 0.84434919 | AH23: =Z23*$AH$5 -> 3753.7599 | AI23: =AA23*$AI$5 -> 0 | AJ23: =AB23*$AJ$5 -> 0 | AK23: =SUM(AH23:AJ23) -> 3753.7599 | AL23: =T23-AK23 -> 8289.7451 | AM23: =AL23-AN23 -> 1290.3055 | AN23: =AL23*AG23 -> 6999.4395 | AP23: - | AQ23: - | AR23: - | AS23: - | AT23: - | AU23: - | AV23: - | AW23: - | AX23: - | AY23: -
A24: 004301001010 | B24: 004301001 | C24: 10 | D24: 10 | E24: AAA0037OZHK | F24: 9 53 8 | G24: Particular | H24: KR 53F 5C 28 | I24: 925.5 | J24: Comercio puntual | K24: 50C-821684 | L24: SKOTIABANK COLPATRIA | M24: 821.12635 | O24: =IF(N24="x",M24,0) -> 0 | P24: =M24-O24 -> 821.12635 | R24: 4 | S24: =D24 -> 10 | T24: =P24 -> 821.12635 | U24: =T24/$V$22 -> 0.03204869 | W24: =I24 -> 925.5 | X24: =L24 -> SKOTIABANK COLPATRIA | Z24: 797.0104 | AA24: 4.7801 | AB24: 0 | AC24: =SUM(Z24:AB24) -> 801.7905 | AD24: =T24-AC24 -> 19.335854 | AE24: =IFERROR(AD24-AF24,"-") -> 19.335854 | AF24: 0 | AG24: =IFERROR(AF24/AD24,0) -> 0 | AH24: =Z24*$AH$5 -> 767.52757 | AI24: =AA24*$AI$5 -> 4.6032756 | AJ24: =AB24*$AJ$5 -> 0 | AK24: =SUM(AH24:AJ24) -> 772.13085 | AL24: =T24-AK24 -> 48.995509 | AM24: =AL24-AN24 -> 48.995509 | AN24: =AL24*AG24 -> 0 | AP24: - | AQ24: - | AR24: - | AS24: - | AT24: - | AU24: - | AV24: - | AW24: - | AX24: - | AY24: -
A25: 004301001005 | B25: 004301001 | C25: 5 | D25: 5 | E25: AAA0037OZBS | F25: 9 53 15 | G25: Particular | H25: KR 53F 5C 04 | I25: 1254.9 | J25: Comercio puntual | K25: 50C-740846 | L25: GASEOSAS LUX S.A | M25: 1206.9701 | O25: =IF(N25="x",M25,0) -> 0 | P25: =M25-O25 -> 1206.9701 | R25: 4 | S25: =D25 -> 5 | T25: =P25 -> 1206.9701 | U25: =T25/$V$22 -> 0.047108231 | W25: =I25 -> 1254.9 | X25: =L25 -> GASEOSAS LUX S.A | Z25: 321.7886 | AA25: 481.4552 | AB25: 0 | AC25: =SUM(Z25:AB25) -> 803.2438 | AD25: =T25-AC25 -> 403.72626 | AE25: =IFERROR(AD25-AF25,"-") -> 181.14346 | AF25: 222.5828 | AG25: =IFERROR(AF25/AD25,0) -> 0.55132108 | AH25: =Z25*$AH$5 -> 309.88507 | AI25: =AA25*$AI$5 -> 463.64532 | AJ25: =AB25*$AJ$5 -> 0 | AK25: =SUM(AH25:AJ25) -> 773.53039 | AL25: =T25-AK25 -> 433.43967 | AM25: =AL25-AN25 -> 194.47524 | AN25: =AL25*AG25 -> 238.96443 | AP25: - | AQ25: - | AR25: - | AS25: - | AT25: - | AU25: - | AV25: - | AW25: - | AX25: - | AY25: -
A26: 004301001009 | B26: 004301001 | C26: 9 | D26: 9 | E26: AAA0037OZFZ | F26: 9 53 17 | G26: Particular | H26: KR 53F 5C 24 | I26: 924.9 | J26: Industrial | K26: 50C-861722 | L26: BANCO DAVIVIENDA SA | M26: 819.92434 | O26: =IF(N26="x",M26,0) -> 0 | P26: =M26-O26 -> 819.92434 | R26: 4 | S26: =D26 -> 9 | T26: =P26 -> 819.92434 | U26: =T26/$V$22 -> 0.032001776 | W26: =I26 -> 924.9 | X26: =L26 -> BANCO DAVIVIENDA SA | Z26: 117.3287 | AA26: 381.357 | AB26: 0 | AC26: =SUM(Z26:AB26) -> 498.6857 | AD26: =T26-AC26 -> 321.23864 | AE26: =IFERROR(AD26-AF26,"-") -> 140.49074 | AF26: 180.7479 | AG26: =IFERROR(AF26/AD26,0) -> 0.56265928 | AH26: =Z26*$AH$5 -> 112.9885 | AI26: =AA26*$AI$5 -> 367.24993 | AJ26: =AB26*$AJ$5 -> 0 | AK26: =SUM(AH26:AJ26) -> 480.23843 | AL26: =T26-AK26 -> 339.68591 | AM26: =AL26-AN26 -> 148.55848 | AN26: =AL26*AG26 -> 191.12743 | AP26: - | AQ26: - | AR26: - | AS26: - | AT26: - | AU26: - | AV26: - | AW26: - | AX26: - | AY26: -
A27: 004301001007 | B27: 004301001 | C27: 7 | D27: 7 | E27: AAA0037OZDE | F27: 9 53 10 | G27: Particular | H27: KR 53F 5C 16 | I27: 1142 | J27: Comercio puntual | K27: 50C-64883 | L27: INDUSTRIAS MIWAL LIMITADA | M27: 820.64756 | O27: =IF(N27="x",M27,0) -> 0 | P27: =M27-O27 -> 820.64756 | R27: 4 | S27: =D27 -> 7 | T27: =P27 -> 820.64756 | U27: =T27/$V$22 -> 0.032030003 | W27: =I27 -> 1142 | X27: =L27 -> INDUSTRIAS MIWAL LIMITADA | Z27: 116.4415 | AA27: 382.4378 | AB27: 0 | AC27: =SUM(Z27:AB27) -> 498.8793 | AD27: =T27-AC27 -> 321.76826 | AE27: =IFERROR(AD27-AF27,"-") -> 100.00306 | AF27: 221.7652 | AG27: =IFERROR(AF27/AD27,0) -> 0.68920781 | AH27: =Z27*$AH$5 -> 112.13412 | AI27: =AA27*$AI$5 -> 368.29075 | AJ27: =AB27*$AJ$5 -> 0 | AK27: =SUM(AH27:AJ27) -> 480.42487 | AL27: =T27-AK27 -> 340.22269 | AM27: =AL27-AN27 -> 105.73856 | AN27: =AL27*AG27 -> 234.48414 | AP27: - | AQ27: - | AR27: - | AS27: - | AT27: - | AU27: - | AV27: - | AW27: - | AX27: - | AY27: -
A28: 004301001011 | B28: 004301001 | C28: 11 | D28: 11 | E28: AAA0037OZJZ | F28: 9 53 9 | G28: Particular | H28: KR 53F 5C 34 | I28: 826 | J28: Comercio puntual | K28: 50C-238110 | L28: TRES PROPIETARIOS, NATURALES | M28: 152.3925 | O28: =IF(N28="x",M28,0) -> 0 | P28: =M28-O28 -> 152.3925 | R28: 4 | S28: =D28 -> 11 | T28: =P28 -> 152.3925 | U28: =T28/$V$22 -> 0.0059479032 | W28: =I28 -> 826 | X28: =L28 -> TRES PROPIETARIOS, NATURALES | Z28: 152.3925 | AA28: 0 | AB28: 0 | AC28: =SUM(Z28:AB28) -> 152.3925 | AD28: =T28-AC28 -> 0 | AE28: =IFERROR(AD28-AF28,"-") -> 0 | AF28: 0 | AG28: =IFERROR(AF28/AD28,0) -> 0 | AH28: =Z28*$AH$5 -> 146.75523 | AI28: =AA28*$AI$5 -> 0 | AJ28: =AB28*$AJ$5 -> 0 | AK28: =SUM(AH28:AJ28) -> 146.75523 | AL28: =T28-AK28 -> 5.6372691 | AM28: =AL28-AN28 -> 5.6372691 | AN28: =AL28*AG28 -> 0 | AP28: - | AQ28: - | AR28: - | AS28: - | AT28: - | AU28: - | AV28: - | AW28: - | AX28: - | AY28: -
A29: 004301001004 | B29: 004301001 | C29: 4 | D29: 4 | E29: AAA0037OZAW | F29: 9 50 B 1 | G29: Particular | H29: CL 5C 53B 20 | I29: 5295.8 | J29: Industrial | K29: 50C-588189 | L29: GASEOSAS LUX S.A | M29: 8115.2677 | O29: =IF(N29="x",M29,0) -> 0 | P29: =M29-O29 -> 8115.2677 | R29: 4 | S29: =D29 -> 4 | T29: =P29 -> 8115.2677 | U29: =T29/$V$22 -> 0.31674017 | W29: =I29 -> 5295.8 | X29: =L29 -> GASEOSAS LUX S.A | Z29: 920.3067 | AA29: 7194.961 | AB29: 0 | AC29: =SUM(Z29:AB29) -> 8115.2677 | AD29: =T29-AC29 -> 0 | AE29: =IFERROR(AD29-AF29,"-") -> 0 | AF29: 0 | AG29: =IFERROR(AF29/AD29,0) -> 0 | AH29: =Z29*$AH$5 -> 886.26292 | AI29: =AA29*$AI$5 -> 6928.8066 | AJ29: =AB29*$AJ$5 -> 0 | AK29: =SUM(AH29:AJ29) -> 7815.0695 | AL29: =T29-AK29 -> 300.19816 | AM29: =AL29-AN29 -> 300.19816 | AN29: =AL29*AG29 -> 0 | AP29: - | AQ29: - | AR29: - | AS29: - | AT29: - | AU29: - | AV29: - | AW29: - | AX29: - | AY29: -
A30: 004301001008 | B30: 004301001 | C30: 8 | D30: 8 | E30: AAA0037OZEP | F30: 9 53 7 | G30: Particular | H30: KR 53F 5C 20 | I30: 926.3 | J30: Industrial | K30: 50C-277201 | L30: TRES PROPIETARIOS, NATURALES | M30: 821.42511 | O30: =IF(N30="x",M30,0) -> 0 | P30: =M30-O30 -> 821.42511 | R30: 4 | S30: =D30 -> 8 | T30: =P30 -> 821.42511 | U30: =T30/$V$22 -> 0.032060351 | W30: =I30 -> 926.3 | X30: =L30 -> TRES PROPIETARIOS, NATURALES | Z30: 116.7951 | AA30: 383.1065 | AB30: 0 | AC30: =SUM(Z30:AB30) -> 499.9016 | AD30: =T30-AC30 -> 321.52351 | AE30: =IFERROR(AD30-AF30,"-") -> 99.758313 | AF30: 221.7652 | AG30: =IFERROR(AF30/AD30,0) -> 0.68973245 | AH30: =Z30*$AH$5 -> 112.47464 | AI30: =AA30*$AI$5 -> 368.93471 | AJ30: =AB30*$AJ$5 -> 0 | AK30: =SUM(AH30:AJ30) -> 481.40935 | AL30: =T30-AK30 -> 340.01576 | AM30: =AL30-AN30 -> 105.49586 | AN30: =AL30*AG30 -> 234.5199 | AP30: - | AQ30: - | AR30: - | AS30: - | AT30: - | AU30: - | AV30: - | AW30: - | AX30: - | AY30: -
A31: 004301001030 | B31: 004301001 | C31: 30 | D31: 30 | E31: AAA0037PAEP | F31: 9 50 3 | G31: Particular | H31: AK 50 5C 29 | I31: 3609.13 | J31: Comercio puntual | K31: 50C-1183500 | L31: GASEOSAS LUX S.A | M31: 3942.0852 | O31: =IF(N31="x",M31,0) -> 0 | P31: =M31-O31 -> 3942.0852 | R31: 5 | S31: =D31 -> 30 | T31: =P31 -> 3942.0852 | U31: =T31/$V$31 -> 0.14579783 | V31: =SUMIF(R31:R64,R31,T31:T64) -> 27038.025 | W31: =I31 -> 3609.13 | X31: =L31 -> GASEOSAS LUX S.A | Z31: 317.2014 | AA31: 2657.8287 | AB31: 965.2858 | AC31: =SUM(Z31:AB31) -> 3940.3159 | AD31: =T31-AC31 -> 1.7693054 | AE31: =IFERROR(AD31-AF31,"-") -> 1.7693054 | AF31: 0 | AG31: =IFERROR(AF31/AD31,0) -> 0 | AH31: =Z31*$AH$5 -> 305.46756 | AI31: =AA31*$AI$5 -> 2559.5109 | AJ31: =AB31*$AJ$5 -> 929.57816 | AK31: =SUM(AH31:AJ31) -> 3794.5566 | AL31: =T31-AK31 -> 147.52859 | AM31: =AL31-AN31 -> 147.52859 | AN31: =AL31*AG31 -> 0 | AP31: =R31 -> 5 | AQ31: =SUMIF($R$9:$R$42,R31,$T$9:$T$42) -> 27038.025 | AR31: =SUMIF($R$9:$R$42,R31,$W$9:$W$42) -> 18321.63 | AS31: =SUMIF($R$9:$R$42,R31,$AH$9:$AH$42) -> 2870.3177 | AT31: =SUMIF($R$9:$R$42,R31,$AI$9:$AI$42) -> 13279.249 | AU31: =SUMIF($R$9:$R$42,R31,$AJ$9:$AJ$42) -> 2806.2957 | AV31: =SUM(AS31:AU31) -> 18955.862 | AW31: =SUMIF($R$9:$R$42,R31,$AL$9:$AL$42) -> 8082.1628 | AX31: =SUMIF($R$9:$R$42,R31,$AM$9:$AM$42) -> 2084.0474 | AY31: =SUMIF($R$9:$R$42,R31,$AN$9:$AN$42) -> 5998.1154
A32: 004301001003 | B32: 004301001 | C32: 3 | D32: 3 | E32: AAA0037OYZM | F32: 9 50 2 | G32: Particular | H32: CL 5C 53 10 | I32: 1412.7 | J32: Industrial | K32: 50C-1183502 | L32: GASEOSAS LUX S.A | M32: 4690.4131 | O32: =IF(N32="x",M32,0) -> 0 | P32: =M32-O32 -> 4690.4131 | R32: 5 | S32: =D32 -> 3 | T32: =P32 -> 4690.4131 | U32: =T32/$V$31 -> 0.1734747 | W32: =I32 -> 1412.7 | X32: =L32 -> GASEOSAS LUX S.A | Z32: 835.6286 | AA32: 1903.5054 | AB32: 1948.8074 | AC32: =SUM(Z32:AB32) -> 4687.9414 | AD32: =T32-AC32 -> 2.4717096 | AE32: =IFERROR(AD32-AF32,"-") -> 2.4717096 | AF32: 0 | AG32: =IFERROR(AF32/AD32,0) -> 0 | AH32: =Z32*$AH$5 -> 804.71721 | AI32: =AA32*$AI$5 -> 1833.0914 | AJ32: =AB32*$AJ$5 -> 1876.7176 | AK32: =SUM(AH32:AJ32) -> 4514.5261 | AL32: =T32-AK32 -> 175.88699 | AM32: =AL32-AN32 -> 175.88699 | AN32: =AL32*AG32 -> 0 | AP32: - | AQ32: - | AR32: - | AS32: - | AT32: - | AU32: - | AV32: - | AW32: - | AX32: - | AY32: -
A33: 004301001029 | B33: 004301001 | C33: 29 | D33: 29 | E33: AAA0037PADE | F33: 9 50 4 | G33: Particular | H33: AK 50 5C 55 | I33: 8004 | J33: Comercio puntual | K33: 50C-1183501 | L33: GASEOSAS LUX S.A | M33: 6020.3175 | O33: =IF(N33="x",M33,0) -> 0 | P33: =M33-O33 -> 6020.3175 | R33: 5 | S33: =D33 -> 29 | T33: =P33 -> 6020.3175 | U33: =T33/$V$31 -> 0.22266114 | W33: =I33 -> 8004 | X33: =L33 -> GASEOSAS LUX S.A | Z33: 160.1426 | AA33: 1758.3618 | AB33: 0 | AC33: =SUM(Z33:AB33) -> 1918.5044 | AD33: =T33-AC33 -> 4101.8131 | AE33: =IFERROR(AD33-AF33,"-") -> 896.41015 | AF33: 3205.4029 | AG33: =IFERROR(AF33/AD33,0) -> 0.78146002 | AH33: =Z33*$AH$5 -> 154.21864 | AI33: =AA33*$AI$5 -> 1693.3169 | AJ33: =AB33*$AJ$5 -> 0 | AK33: =SUM(AH33:AJ33) -> 1847.5355 | AL33: =T33-AK33 -> 4172.7819 | AM33: =AL33-AN33 -> 911.91969 | AN33: =AL33*AG33 -> 3260.8622 | AP33: - | AQ33: - | AR33: - | AS33: - | AT33: - | AU33: - | AV33: - | AW33: - | AX33: - | AY33: -
A34: 004301001004 | B34: 004301001 | C34: 4 | D34: 4 | E34: AAA0037OZAW | F34: 9 50 B 1 | G34: Particular | H34: CL 5C 53B 20 | I34: 5295.8 | J34: Industrial | K34: 50C-588189 | L34: GASEOSAS LUX S.A | M34: 12385.209 | O34: =IF(N34="x",M34,0) -> 0 | P34: =M34-O34 -> 12385.209 | R34: 5 | S34: =D34 -> 4 | T34: =P34 -> 12385.209 | U34: =T34/$V$31 -> 0.45806634 | W34: =I34 -> 5295.8 | X34: =L34 -> GASEOSAS LUX S.A | Z34: 1667.6018 | AA34: 7469.6448 | AB34: 0 | AC34: =SUM(Z34:AB34) -> 9137.2466 | AD34: =T34-AC34 -> 3247.9623 | AE34: =IFERROR(AD34-AF34,"-") -> 768.7149 | AF34: 2479.2474 | AG34: =IFERROR(AF34/AD34,0) -> 0.76332395 | AH34: =Z34*$AH$5 -> 1605.9142 | AI34: =AA34*$AI$5 -> 7193.3294 | AJ34: =AB34*$AJ$5 -> 0 | AK34: =SUM(AH34:AJ34) -> 8799.2436 | AL34: =T34-AK34 -> 3585.9653 | AM34: =AL34-AN34 -> 848.71211 | AN34: =AL34*AG34 -> 2737.2532 | AP34: - | AQ34: - | AR34: - | AS34: - | AT34: - | AU34: - | AV34: - | AW34: - | AX34: - | AY34: -
A35: 004301001028 | B35: 004301001 | C35: 28 | D35: 28 | E35: AAA0037PACN | F35: 9 50 9 | G35: Particular | H35: AK 50 5C 71 | I35: 0 | J35: Urbanizado no edificado | K35: 50C-1298780 | L35: CHAID NEME HERMANOS S.A. | M35: 1559.459 | O35: =IF(N35="x",M35,0) -> 0 | P35: =M35-O35 -> 1559.459 | R35: 6 | S35: =D35 -> 28 | T35: =P35 -> 1559.459 | U35: =T35/$V$35 -> 0.073943408 | V35: =SUMIF(R35:R68,R35,T35:T68) -> 21089.899 | W35: =I35 -> 0 | X35: =L35 -> CHAID NEME HERMANOS S.A. | Z35: =T35 -> 1559.459 | AA35: 0 | AB35: 0 | AC35: =SUM(Z35:AB35) -> 1559.459 | AD35: =T35-AC35 -> 0 | AE35: =IFERROR(AD35-AF35,"-") -> 0 | AG35: =IFERROR(AF35/AD35,0) -> 0 | AH35: =Z35*$AH$5 -> 1501.7719 | AI35: =AA35*$AI$5 -> 0 | AJ35: =AB35*$AJ$5 -> 0 | AK35: =SUM(AH35:AJ35) -> 1501.7719 | AL35: =T35-AK35 -> 57.687159 | AM35: =AL35-AN35 -> 57.687159 | AN35: =AL35*AG35 -> 0 | AP35: =R35 -> 6 | AQ35: =SUMIF($R$9:$R$42,R35,$T$9:$T$42) -> 21089.899 | AR35: =SUMIF($R$9:$R$42,R35,$W$9:$W$42) -> 36034.3 | AS35: =SUMIF($R$9:$R$42,R35,$AH$9:$AH$42) -> 5562.2636 | AT35: =SUMIF($R$9:$R$42,R35,$AI$9:$AI$42) -> 6942.1096 | AU35: =SUMIF($R$9:$R$42,R35,$AJ$9:$AJ$42) -> 0 | AV35: =SUM(AS35:AU35) -> 12504.373 | AW35: =SUMIF($R$9:$R$42,R35,$AL$9:$AL$42) -> 8585.5262 | AX35: =SUMIF($R$9:$R$42,R35,$AM$9:$AM$42) -> 1905.1279 | AY35: =SUMIF($R$9:$R$42,R35,$AN$9:$AN$42) -> 6680.3983
A36: 004301001022 | B36: 004301001 | C36: 22 | D36: 22 | E36: AAA0037OZWW | F36: 50 S 27769 | G36: Particular | H36: AC 9 50 51 | I36: 30513 | J36: Industrial | K36: 50C-1333948 | L36: BANCOLOMBIA | M36: 10958.326 | O36: =IF(N36="x",M36,0) -> 0 | P36: =M36-O36 -> 10958.326 | R36: 6 | S36: =D36 -> 22 | T36: =P36 -> 10958.326 | U36: =T36/$V$35 -> 0.51960065 | W36: =I36 -> 30513 | X36: =L36 -> BANCOLOMBIA | Z36: 3258.7452 | AA36: 4022.2685 | AB36: 0 | AC36: =SUM(Z36:AB36) -> 7281.0137 | AD36: =T36-AC36 -> 3677.3118 | AE36: =IFERROR(AD36-AF36,"-") -> 826.4432 | AF36: 2850.8686 | AG36: =IFERROR(AF36/AD36,0) -> 0.77525887 | AH36: =Z36*$AH$5 -> 3138.1984 | AI36: =AA36*$AI$5 -> 3873.4776 | AJ36: =AB36*$AJ$5 -> 0 | AK36: =SUM(AH36:AJ36) -> 7011.6761 | AL36: =T36-AK36 -> 3946.6494 | AM36: =AL36-AN36 -> 886.97444 | AN36: =AL36*AG36 -> 3059.675 | AP36: - | AQ36: - | AR36: - | AS36: - | AT36: - | AU36: - | AV36: - | AW36: - | AX36: - | AY36: -
A37: 004301001027 | B37: 004301001 | C37: 27 | D37: 27 | E37: AAA0037PABS | F37: 9 50 1 | G37: Particular | H37: AK 50 5C 81 | I37: 5521.3 | J37: Comercio puntual | K37: 50C-1141725 | L37: BANCOLOMBIA | M37: 8572.1149 | O37: =IF(N37="x",M37,0) -> 0 | P37: =M37-O37 -> 8572.1149 | R37: 6 | S37: =D37 -> 27 | T37: =P37 -> 8572.1149 | U37: =T37/$V$35 -> 0.40645594 | W37: =I37 -> 5521.3 | X37: =L37 -> BANCOLOMBIA | Z37: 957.7211 | AA37: 3186.5065 | AB37: 0 | AC37: =SUM(Z37:AB37) -> 4144.2276 | AD37: =T37-AC37 -> 4427.8873 | AE37: =IFERROR(AD37-AF37,"-") -> 928.32579 | AF37: 3499.5615 | AG37: =IFERROR(AF37/AD37,0) -> 0.79034566 | AH37: =Z37*$AH$5 -> 922.2933 | AI37: =AA37*$AI$5 -> 3068.632 | AJ37: =AB37*$AJ$5 -> 0 | AK37: =SUM(AH37:AJ37) -> 3990.9253 | AL37: =T37-AK37 -> 4581.1896 | AM37: =AL37-AN37 -> 960.46629 | AN37: =AL37*AG37 -> 3620.7233 | AP37: - | AQ37: - | AR37: - | AS37: - | AT37: - | AU37: - | AV37: - | AW37: - | AX37: - | AY37: -
A38: 004301001022 | B38: 004301001 | C38: 22 | D38: 22 | E38: AAA0037OZWW | F38: 50 S 27769 | G38: Particular | H38: AC 9 50 51 | I38: 30513 | J38: Industrial | K38: 50C-1333948 | L38: BANCOLOMBIA | M38: 23967.62 | O38: =IF(N38="x",M38,0) -> 0 | P38: =M38-O38 -> 23967.62 | R38: 7 | S38: =D38 -> 22 | T38: =P38 -> 23967.62 | U38: =T38/$V$38 -> 1 | V38: =SUMIF(R38:R71,R38,T38:T71) -> 23967.62 | W38: =I38 -> 30513 | X38: =L38 -> BANCOLOMBIA | Z38: 3376.1225 | AA38: 11433.713 | AB38: 2551.1345 | AC38: =SUM(Z38:AB38) -> 17360.97 | AD38: =T38-AC38 -> 6606.6493 | AE38: =IFERROR(AD38-AF38,"-") -> 896.5139 | AF38: 5710.1354 | AG38: =IFERROR(AF38/AD38,0) -> 0.86430127 | AH38: =Z38*$AH$5 -> 3251.2337 | AI38: =AA38*$AI$5 -> 11010.76 | AJ38: =AB38*$AJ$5 -> 2456.7635 | AK38: =SUM(AH38:AJ38) -> 16718.757 | AL38: =T38-AK38 -> 7248.8624 | AM38: =AL38-AN38 -> 983.6614 | AN38: =AL38*AG38 -> 6265.201 | AP38: =R38 -> 7 | AQ38: =SUMIF($R$9:$R$42,R38,$T$9:$T$42) -> 23967.62 | AR38: =SUMIF($R$9:$R$42,R38,$W$9:$W$42) -> 30513 | AS38: =SUMIF($R$9:$R$42,R38,$AH$9:$AH$42) -> 3251.2337 | AT38: =SUMIF($R$9:$R$42,R38,$AI$9:$AI$42) -> 11010.76 | AU38: =SUMIF($R$9:$R$42,R38,$AJ$9:$AJ$42) -> 2456.7635 | AV38: =SUM(AS38:AU38) -> 16718.757 | AW38: =SUMIF($R$9:$R$42,R38,$AL$9:$AL$42) -> 7248.8624 | AX38: =SUMIF($R$9:$R$42,R38,$AM$9:$AM$42) -> 983.6614 | AY38: =SUMIF($R$9:$R$42,R38,$AN$9:$AN$42) -> 6265.201
A39: 004301001031 | B39: 004301001 | C39: 31 | D39: 31 | E39: AAA0183RZYX | F39: 4301010000000000 | G39: Particular | H39: AC 9 50 15 | I39: 27734.6 | J39: Comercio en centros comerciales | K39: 50C1619415 | L39: BEEPER WEX S.A / CORPORTAXIS S.A | M39: 14752.699 | O39: =IF(N39="x",M39,0) -> 0 | P39: =M39-O39 -> 14752.699 | R39: 8 | S39: =D39 -> 31 | T39: =P39 -> 14752.699 | U39: =T39/$V$39 -> 1 | V39: =SUMIF(R39:R72,R39,T39:T72) -> 14752.699 | W39: =I39 -> 27734.6 | X39: =L39 -> BEEPER WEX S.A / CORPORTAXIS S.A | Z39: 2758.3837 | AA39: 7596.9623 | AB39: 0 | AC39: =SUM(Z39:AB39) -> 10355.346 | AD39: =T39-AC39 -> 4397.353 | AE39: =IFERROR(AD39-AF39,"-") -> 1246.6678 | AF39: 3150.6852 | AG39: =IFERROR(AF39/AD39,0) -> 0.71649585 | AH39: =Z39*$AH$5 -> 2656.3462 | AI39: =AA39*$AI$5 -> 7315.9372 | AJ39: =AB39*$AJ$5 -> 0 | AK39: =SUM(AH39:AJ39) -> 9972.2834 | AL39: =T39-AK39 -> 4780.4157 | AM39: =AL39-AN39 -> 1355.2677 | AN39: =AL39*AG39 -> 3425.148 | AP39: =R39 -> 8 | AQ39: =SUMIF($R$9:$R$42,R39,$T$9:$T$42) -> 14752.699 | AR39: =SUMIF($R$9:$R$42,R39,$W$9:$W$42) -> 27734.6 | AS39: =SUMIF($R$9:$R$42,R39,$AH$9:$AH$42) -> 2656.3462 | AT39: =SUMIF($R$9:$R$42,R39,$AI$9:$AI$42) -> 7315.9372 | AU39: =SUMIF($R$9:$R$42,R39,$AJ$9:$AJ$42) -> 0 | AV39: =SUM(AS39:AU39) -> 9972.2834 | AW39: =SUMIF($R$9:$R$42,R39,$AL$9:$AL$42) -> 4780.4157 | AX39: =SUMIF($R$9:$R$42,R39,$AM$9:$AM$42) -> 1355.2677 | AY39: =SUMIF($R$9:$R$42,R39,$AN$9:$AN$42) -> 3425.148
A40: 004301001002 | B40: 004301001 | C40: 23 | D40: 2 | E40: AAA0037OYYX | F40: 9 50 6 | G40: Distrital | H40: AK 50 5C 09 | I40: 0 | J40: Espacio público | K40: 50C- 1191501 | L40: Alcaldía Distrital de Bogotá | M40: 3264.0751 | N40: x | O40: =IF(N40="x",M40,0) -> 3264.0751 | P40: =M40-O40 -> 0 | R40: - | S40: =D40 -> 2 | T40: =P40 -> 0 | W40: =I40 -> 0 | X40: =L40 -> Alcaldía Distrital de Bogotá | Z40: 0 | AA40: 0 | AB40: 0 | AC40: 0 | AD40: =T40-AC40 -> 0 | AE40: 0 | AF40: 0 | AG40: =IFERROR(AF40/AD40,0) -> 0 | AH40: =Z40*$AH$5 -> 0 | AI40: =AA40*$AI$5 -> 0 | AJ40: =AB40*$AJ$5 -> 0 | AK40: =SUM(AH40:AJ40) -> 0 | AL40: =T40-AK40 -> 0 | AN40: =AL40-AM40 -> 0 | AP40: 0 | AQ40: 0 | AR40: 0 | AS40: 0 | AT40: 0 | AU40: 0 | AV40: 0 | AW40: 0 | AX40: - | AY40: 0
A41: 004301001025 | B41: 004301001 | C41: 25 | D41: 25 | E41: AAA0037OZZE | F41: 9 50 5 | G41: Distrital | H41: AK 50 5F 99 | I41: 0 | J41: Espacio público | L41: Alcaldía Distrital de Bogotá | M41: 729.4074 | N41: x | O41: =IF(N41="x",M41,0) -> 729.4074 | P41: =M41-O41 -> 0 | R41: - | S41: =D41 -> 25 | T41: =P41 -> 0 | W41: =I41 -> 0 | X41: =L41 -> Alcaldía Distrital de Bogotá | Z41: 0 | AA41: 0 | AB41: 0 | AC41: 0 | AD41: =T41-AC41 -> 0 | AE41: 0 | AF41: 0 | AG41: =IFERROR(AF41/AD41,0) -> 0 | AH41: =Z41*$AH$5 -> 0 | AI41: =AA41*$AI$5 -> 0 | AJ41: =AB41*$AJ$5 -> 0 | AK41: =SUM(AH41:AJ41) -> 0 | AL41: =T41-AK41 -> 0 | AN41: =AL41-AM41 -> 0 | AP41: 0 | AQ41: 0 | AR41: 0 | AS41: 0 | AT41: 0 | AU41: 0 | AV41: 0 | AW41: 0 | AX41: - | AY41: 0
A42: 004301001001 | B42: 004301001 | C42: 28 | D42: 1 | E42: AAA0037OYXR | F42: 9 50 11 | G42: Distrital | H42: AK 50 5C 13 | I42: 0 | J42: Espacio público | K42: 50C-1302429 | L42: Alcaldía Distrital de Bogotá | M42: 2174.0348 | N42: x | O42: =IF(N42="x",M42,0) -> 2174.0348 | P42: =M42-O42 -> 0 | R42: - | S42: =D42 -> 1 | T42: =P42 -> 0 | W42: =I42 -> 0 | X42: =L42 -> Alcaldía Distrital de Bogotá | Z42: 0 | AA42: 0 | AB42: 0 | AC42: 0 | AD42: =T42-AC42 -> 0 | AE42: 0 | AF42: 0 | AG42: =IFERROR(AF42/AD42,0) -> 0 | AH42: =Z42*$AH$5 -> 0 | AI42: =AA42*$AI$5 -> 0 | AJ42: =AB42*$AJ$5 -> 0 | AK42: =SUM(AH42:AJ42) -> 0 | AL42: =T42-AK42 -> 0 | AN42: =AL42-AM42 -> 0 | AP42: 0 | AQ42: 0 | AR42: 0 | AS42: 0 | AT42: 0 | AU42: 0 | AV42: 0 | AW42: 0 | AX42: - | AY42: 0

Sheet 04b_MO_Ajuste
A1: Item | B1: Descripción | C1: Terreno | D1: Cesión Norma | E1: Cesiones MO | I1: Diferencia
D2: 0.65 | E2: via | F2: ep | G2: s_eq | H2: Total
C3: ='04a_PROPUESTA_MO'!V7 -> 164776.71 | D3: =C3*D2 -> 107104.86 | E3: 30634.55 | F3: 75119.274 | G3: 5465.2277 | H3: =SUM(E3:G3) -> 111219.05 | I3: =H3-D3 -> 4114.1902
E4: =E3/$H$3 -> 0.27544337 | F4: =F3/$H$3 -> 0.67541732 | G4: =G3/$H$3 -> 0.049139312 | H4: =SUM(E4:G4) -> 1
E5: =$I$3*E4 -> 1133.2264 | F5: =$I$3*F4 -> 2778.7953 | G5: =$I$3*G4 -> 202.16848 | H5: =SUM(E5:G5) -> 4114.1902
E6: =E5/E3 -> 0.036991776 | F6: =F5/F3 -> 0.036991776 | G6: =G5/G3 -> 0.036991776
E7: =1-E6 -> 0.96300822 | F7: =1-F6 -> 0.96300822 | G7: =1-G6 -> 0.96300822
D8: Cesiones ajustadas = | E8: =E3-E5 -> 29501.324 | F8: =F3-F5 -> 72340.479 | G8: =G3-G5 -> 5263.0592 | H8: =SUM(E8:G8) -> 107104.86 | I8: =H8/C3 -> 0.65
E9: =E8-'04a_PROPUESTA_MO'!AS7 -> 0 | F9: =F8-'04a_PROPUESTA_MO'!AT7 -> 0 | G9: =G8-'04a_PROPUESTA_MO'!AU7 -> 0 | H9: =H8-'04a_PROPUESTA_MO'!AV7 -> 0
E10: =IF(E9=0,"Ok","error") -> Ok | F10: =IF(F9=0,"Ok","error") -> Ok | G10: =IF(G9=0,"Ok","error") -> Ok | H10: =IF(H9=0,"Ok","error") -> Ok
E12: Area Desarrollable original | H12: ='04a_PROPUESTA_MO'!AD7 -> 53557.659 | I12: =SUM(I13:I14) -> 1
E13: Area util original | H13: ='04a_PROPUESTA_MO'!AF7 -> 41377.779 | I13: =H13/H12 -> 0.77258379
E14: Antejardin original | H14: ='04a_PROPUESTA_MO'!AE7 -> 12179.88 | I14: =H14/H12 -> 0.22741621
E16: Area Desarrollable ajustada | H16: ='04c_Resumen_MO'!G5 -> 57671.849 | I16: =SUM(I17:I18) -> 1
E17: Area util ajustada | H17: =H16*I17 -> 44556.336 | I17: =I13 -> 0.77258379
E18: Antejardin ajustada | H18: =H16*I18 -> 13115.513 | I18: =I14 -> 0.22741621

Sheet 04c_Resumen_MO
A1: RESUMEN MODELO DE OCUPACION
A2: UAU | B2: Area Terreno | C2: Cesiones | G2: Área Útil | H2: Antejardín | I2: Área Huella P1
C3: Vías | D3: Espacio Público | E3: Cesión suelo E.Q. | F3: Total | K3: AREA TERRENO
B4: m2 | C4: m2 | D4: m2 | E4: m2 | F4: m2 | G4: m2 | H4: m2 | I4: m2
B5: =SUM(B6:B13) -> 164776.71 | C5: =SUM(C6:C13) -> 29501.324 | D5: =SUM(D6:D13) -> 72340.479 | E5: =SUM(E6:E13) -> 5263.0592 | F5: =SUM(F6:F13) -> 107104.86 | G5: =SUM(G6:G13) -> 57671.849 | H5: =SUM(H6:H13) -> 13723.805 | I5: =SUM(I6:I13) -> 43948.044 | K5: =SUM(K6:K13) -> 135275.39
A6: 1 | B6: =SUMIF('04a_PROPUESTA_MO'!$R$9:$R$42,'04c_Resumen_MO'!A6,'04a_PROPUESTA_MO'!$T$9:$T$42) -> 17268.249 | C6: =SUMIF('04a_PROPUESTA_MO'!$R$9:$R$42,'04c_Resumen_MO'!A6,'04a_PROPUESTA_MO'!$AH$9:$AH$42) -> 4744.8667 | D6: =SUMIF('04a_PROPUESTA_MO'!$R$9:$R$42,'04c_Resumen_MO'!A6,'04a_PROPUESTA_MO'!$AI$9:$AI$42) -> 8246.4926 | E6: =SUMIF('04a_PROPUESTA_MO'!$R$9:$R$42,'04c_Resumen_MO'!A6,'04a_PROPUESTA_MO'!$AJ$9:$AJ$42) -> 0 | F6: =SUM(C6:E6) -> 12991.359 | G6: =B6-F6 -> 4276.8892 | H6: =G6-I6 -> 1355.7527 | I6: =SUMIF('04a_PROPUESTA_MO'!$R$9:$R$42,'04c_Resumen_MO'!A6,'04a_PROPUESTA_MO'!$AN$9:$AN$42) -> 2921.1365 | K6: =B6-C6 -> 12523.382
A7: 2 | B7: =SUMIF('04a_PROPUESTA_MO'!$R$9:$R$42,'04c_Resumen_MO'!A7,'04a_PROPUESTA_MO'!$T$9:$T$42) -> 15602.532 | C7: =SUMIF('04a_PROPUESTA_MO'!$R$9:$R$42,'04c_Resumen_MO'!A7,'04a_PROPUESTA_MO'!$AH$9:$AH$42) -> 1166.9775 | D7: =SUMIF('04a_PROPUESTA_MO'!$R$9:$R$42,'04c_Resumen_MO'!A7,'04a_PROPUESTA_MO'!$AI$9:$AI$42) -> 7535.2101 | E7: =SUMIF('04a_PROPUESTA_MO'!$R$9:$R$42,'04c_Resumen_MO'!A7,'04a_PROPUESTA_MO'!$AJ$9:$AJ$42) -> 0 | F7: =SUM(C7:E7) -> 8702.1876 | G7: =B7-F7 -> 6900.3439 | H7: =G7-I7 -> 1807.5715 | I7: =SUMIF('04a_PROPUESTA_MO'!$R$9:$R$42,'04c_Resumen_MO'!A7,'04a_PROPUESTA_MO'!$AN$9:$AN$42) -> 5092.7724 | K7: =B7-C7 -> 14435.554
A8: 3 | B8: =SUMIF('04a_PROPUESTA_MO'!$R$9:$R$42,'04c_Resumen_MO'!A8,'04a_PROPUESTA_MO'!$T$9:$T$42) -> 19436.475 | C8: =SUMIF('04a_PROPUESTA_MO'!$R$9:$R$42,'04c_Resumen_MO'!A8,'04a_PROPUESTA_MO'!$AH$9:$AH$42) -> 2936.0801 | D8: =SUMIF('04a_PROPUESTA_MO'!$R$9:$R$42,'04c_Resumen_MO'!A8,'04a_PROPUESTA_MO'!$AI$9:$AI$42) -> 9141.2862 | E8: =SUMIF('04a_PROPUESTA_MO'!$R$9:$R$42,'04c_Resumen_MO'!A8,'04a_PROPUESTA_MO'!$AJ$9:$AJ$42) -> 0 | F8: =SUM(C8:E8) -> 12077.366 | G8: =B8-F8 -> 7359.1082 | H8: =G8-I8 -> 1927.3054 | I8: =SUMIF('04a_PROPUESTA_MO'!$R$9:$R$42,'04c_Resumen_MO'!A8,'04a_PROPUESTA_MO'!$AN$9:$AN$42) -> 5431.8028 | K8: =B8-C8 -> 16500.394
A9: 4 | B9: =SUMIF('04a_PROPUESTA_MO'!$R$9:$R$42,'04c_Resumen_MO'!A9,'04a_PROPUESTA_MO'!$T$9:$T$42) -> 25621.214 | C9: =SUMIF('04a_PROPUESTA_MO'!$R$9:$R$42,'04c_Resumen_MO'!A9,'04a_PROPUESTA_MO'!$AH$9:$AH$42) -> 6313.2385 | D9: =SUMIF('04a_PROPUESTA_MO'!$R$9:$R$42,'04c_Resumen_MO'!A9,'04a_PROPUESTA_MO'!$AI$9:$AI$42) -> 8869.4348 | E9: =SUMIF('04a_PROPUESTA_MO'!$R$9:$R$42,'04c_Resumen_MO'!A9,'04a_PROPUESTA_MO'!$AJ$9:$AJ$42) -> 0 | F9: =SUM(C9:E9) -> 15182.673 | G9: =B9-F9 -> 10438.541 | H9: =G9-I9 -> 2305.0707 | I9: =SUMIF('04a_PROPUESTA_MO'!$R$9:$R$42,'04c_Resumen_MO'!A9,'04a_PROPUESTA_MO'!$AN$9:$AN$42) -> 8133.4699 | K9: =B9-C9 -> 19307.975
A10: 5 | B10: =SUMIF('04a_PROPUESTA_MO'!$R$9:$R$42,'04c_Resumen_MO'!A10,'04a_PROPUESTA_MO'!$T$9:$T$42) -> 27038.025 | C10: =SUMIF('04a_PROPUESTA_MO'!$R$9:$R$42,'04c_Resumen_MO'!A10,'04a_PROPUESTA_MO'!$AH$9:$AH$42) -> 2870.3177 | D10: =SUMIF('04a_PROPUESTA_MO'!$R$9:$R$42,'04c_Resumen_MO'!A10,'04a_PROPUESTA_MO'!$AI$9:$AI$42) -> 13279.249 | E10: =SUMIF('04a_PROPUESTA_MO'!$R$9:$R$42,'04c_Resumen_MO'!A10,'04a_PROPUESTA_MO'!$AJ$9:$AJ$42) -> 2806.2957 | F10: =SUM(C10:E10) -> 18955.862 | G10: =B10-F10 -> 8082.1628 | H10: =G10-I10 -> 2084.0474 | I10: =SUMIF('04a_PROPUESTA_MO'!$R$9:$R$42,'04c_Resumen_MO'!A10,'04a_PROPUESTA_MO'!$AN$9:$AN$42) -> 5998.1154 | K10: =B10-C10 -> 24167.707
A11: 6 | B11: =SUMIF('04a_PROPUESTA_MO'!$R$9:$R$42,'04c_Resumen_MO'!A11,'04a_PROPUESTA_MO'!$T$9:$T$42) -> 21089.899 | C11: =SUMIF('04a_PROPUESTA_MO'!$R$9:$R$42,'04c_Resumen_MO'!A11,'04a_PROPUESTA_MO'!$AH$9:$AH$42) -> 5562.2636 | D11: =SUMIF('04a_PROPUESTA_MO'!$R$9:$R$42,'04c_Resumen_MO'!A11,'04a_PROPUESTA_MO'!$AI$9:$AI$42) -> 6942.1096 | E11: =SUMIF('04a_PROPUESTA_MO'!$R$9:$R$42,'04c_Resumen_MO'!A11,'04a_PROPUESTA_MO'!$AJ$9:$AJ$42) -> 0 | F11: =SUM(C11:E11) -> 12504.373 | G11: =B11-F11 -> 8585.5262 | H11: =G11-I11 -> 1905.1279 | I11: =SUMIF('04a_PROPUESTA_MO'!$R$9:$R$42,'04c_Resumen_MO'!A11,'04a_PROPUESTA_MO'!$AN$9:$AN$42) -> 6680.3983 | K11: =B11-C11 -> 15527.636
A12: 7 | B12: =SUMIF('04a_PROPUESTA_MO'!$R$9:$R$42,'04c_Resumen_MO'!A12,'04a_PROPUESTA_MO'!$T$9:$T$42) -> 23967.62 | C12: =SUMIF('04a_PROPUESTA_MO'!$R$9:$R$42,'04c_Resumen_MO'!A12,'04a_PROPUESTA_MO'!$AH$9:$AH$42) -> 3251.2337 | D12: =SUMIF('04a_PROPUESTA_MO'!$R$9:$R$42,'04c_Resumen_MO'!A12,'04a_PROPUESTA_MO'!$AI$9:$AI$42) -> 11010.76 | E12: =SUMIF('04a_PROPUESTA_MO'!$R$9:$R$42,'04c_Resumen_MO'!A12,'04a_PROPUESTA_MO'!$AJ$9:$AJ$42) -> 2456.7635 | F12: =SUM(C12:E12) -> 16718.757 | G12: =B12-F12 -> 7248.8624 | H12: =G12-I12 -> 983.6614 | I12: =SUMIF('04a_PROPUESTA_MO'!$R$9:$R$42,'04c_Resumen_MO'!A12,'04a_PROPUESTA_MO'!$AN$9:$AN$42) -> 6265.201 | K12: =B12-C12 -> 20716.386
A13: 8 | B13: =SUMIF('04a_PROPUESTA_MO'!$R$9:$R$42,'04c_Resumen_MO'!A13,'04a_PROPUESTA_MO'!$T$9:$T$42) -> 14752.699 | C13: =SUMIF('04a_PROPUESTA_MO'!$R$9:$R$42,'04c_Resumen_MO'!A13,'04a_PROPUESTA_MO'!$AH$9:$AH$42) -> 2656.3462 | D13: =SUMIF('04a_PROPUESTA_MO'!$R$9:$R$42,'04c_Resumen_MO'!A13,'04a_PROPUESTA_MO'!$AI$9:$AI$42) -> 7315.9372 | E13: =SUMIF('04a_PROPUESTA_MO'!$R$9:$R$42,'04c_Resumen_MO'!A13,'04a_PROPUESTA_MO'!$AJ$9:$AJ$42) -> 0 | F13: =SUM(C13:E13) -> 9972.2834 | G13: =B13-F13 -> 4780.4157 | H13: =G13-I13 -> 1355.2677 | I13: =SUMIF('04a_PROPUESTA_MO'!$R$9:$R$42,'04c_Resumen_MO'!A13,'04a_PROPUESTA_MO'!$AN$9:$AN$42) -> 3425.148 | K13: =B13-C13 -> 12096.353

Sheet 05a_UAU_Moradores
A1: UAU | J1: PROTECCION A MORADORES | N1: FORMA DE PAGO
J2: TIPO DE PARTICIPACION | N2: Incluido en SIM UF | P2: Costo Adicional en SIM UF | S2: TIPO DE COMPENSACION
A3: Lote Codigo | B3: No. | D3: Area x lote | E3: % UAU | F3: Propietario | G3: % x Area | H3: No. propietarios | J3: Participa (Aporta inmueble) | L3: No Participan | M3: Participa (Inversionista) | N3: Suelo | O3: Construcción | P3: Actividad económica | S3: Propietario Inmueble | T3: Actividad Económica
B4: # | D4: m2 | E4: % | F4: t | J4: m2 a m2 de cnt. | K4: $/m2 | L4: Compra | M4: (inmueble+capital) | N4: Compra | O4: Compra | P4: Lucro Cesante | Q4: Mudanza | R4: Arriendo Transitorio
B5: TOTAL | D5: =SUM(D6,D9,D15,D22,D32,D37,D41,D43) -> 164776.71
A6: UAU 1 | D6: =SUM(D7:D8) -> 17268.249 | E6: =SUM(E7:E8) -> 1 | G6: =SUM(G7:G8) -> 1 | H6: =SUM(H7:H8) -> 1 | J6: - | K6: -
A7: 004301001021 | B7: 1 | D7: 16461.2 | E7: =D7/$D$6 -> 0.95326404 | F7: GASEOSAS LUX S.A | G7: =SUMIF(F7:F8,F7,E7:E8) -> 1 | H7: 1 | J7: - | K7: - | M7: x | N7: Si | O7: No | P7: No | Q7: No | R7: No | S7: El proyecto paga el inmueble con local o pago de lote en SIM uf | T7: Sin indemnización: Los costos de la actividad se cargan al negocio de gasosas
A8: 004301001020 | B8: 2 | D8: 807.04813 | E8: =D8/$D$6 -> 0.046735958 | F8: GASEOSAS LUX S.A | J8: - | K8: - | M8: x | N8: Si | O8: No | P8: No | Q8: No | R8: No | S8: El proyecto paga el inmueble con local o pago de lote en SIM uf | T8: Sin indemnización: Los costos de la actividad se cargan al negocio de gasosas
A9: UAU 2 | D9: =SUM(D10:D14) -> 15602.532 | E9: =SUM(E10:E14) -> 1 | G9: =SUM(G10:G14) -> 1 | H9: =SUM(H10:H14) -> 2 | J9: - | K9: -
A10: 004301001018 | B10: 1 | D10: 811.64101 | E10: =D10/$D$9 -> 0.052019829 | F10: GASEOSAS LUX S.A | G10: =SUMIF(F10:F14,F10,E10:E14) -> 0.94793457 | H10: 1 | J10: - | K10: - | M10: x | N10: Si | O10: No | P10: No | Q10: No | R10: No | S10: El proyecto paga el inmueble como una venta o lote en SIM uf | T10: Sin indemnización: Los costos de la actividad se cargan al negocio de gasosas
A11: 004301001021 | B11: 2 | D11: 12352.429 | E11: =D11/$D$9 -> 0.7916939 | F11: GASEOSAS LUX S.A | J11: - | K11: - | M11: x | N11: Si | O11: No | P11: No | Q11: No | R11: No | S11: El proyecto paga el inmueble como una venta o lote en SIM uf | T11: Sin indemnización: Los costos de la actividad se cargan al negocio de gasosas
A12: 004301001019 | B12: 3 | D12: 812.16271 | E12: =D12/$D$9 -> 0.052053265 | F12: GASEOSAS LUX S.A | J12: - | K12: - | M12: x | N12: Si | O12: No | P12: No | Q12: No | R12: No | S12: El proyecto paga el inmueble como una venta o lote en SIM uf | T12: Sin indemnización: Los costos de la actividad se cargan al negocio de gasosas
A13: 004301001016 | B13: 4 | D13: 813.94625 | E13: =D13/$D$9 -> 0.052167576 | F13: GASEOSAS LUX S.A | J13: - | K13: - | M13: x | N13: Si | O13: No | P13: No | Q13: No | R13: No | S13: El proyecto paga el inmueble como una venta o lote en SIM uf | T13: Sin indemnización: Los costos de la actividad se cargan al negocio de gasosas
A14: 004301001017 | B14: 5 | D14: 812.35244 | E14: =D14/$D$9 -> 0.052065425 | F14: INDUSTRIAS MIWAL LIMITADA | G14: =SUMIF(F14:F15,F14,E14:E15) -> 0.052065425 | H14: 1 | J14: x | K14: x | N14: Si | O14: Si | P14: Si | Q14: Si | R14: Si | S14: Compra | T14: Lucro Cesante - Arriendo - Traslado
A15: UAU 3 | D15: =SUM(D16:D21) -> 19436.475 | E15: =SUM(E16:E21) -> 1 | G15: =SUM(G16:G21) -> 1 | H15: =SUM(H16:H21) -> 3
A16: 004301001013 | B16: 1 | D16: 817.51623 | E16: =D16/$D$15 -> 0.042060932 | F16: GASEOSAS LUX S.A | G16: =SUMIF($F$16:$F$21,F16,$E$16:$E$21) -> 0.92342846 | H16: 1 | J16: - | K16: - | M16: x | N16: Si | O16: No | P16: No | Q16: No | R16: No | S16: El proyecto paga el inmueble como una venta o lote en SIM uf | T16: Sin indemnización: Los costos de la actividad se cargan al negocio de gasosas
A17: 004301001015 | B17: 2 | D17: 814.02717 | E17: =D17/$D$15 -> 0.041881421 | F17: GASEOSAS LUX S.A | J17: - | K17: - | M17: x | N17: Si | O17: No | P17: No | Q17: No | R17: No | S17: El proyecto paga el inmueble como una venta o lote en SIM uf | T17: Sin indemnización: Los costos de la actividad se cargan al negocio de gasosas
A18: 004301001014 | B18: 3 | D18: 1634.631 | E18: =D18/$D$15 -> 0.084101207 | F18: GASEOSAS LUX S.A | J18: - | K18: - | M18: x | N18: Si | O18: No | P18: No | Q18: No | R18: No | S18: El proyecto paga el inmueble como una venta o lote en SIM uf | T18: Sin indemnización: Los costos de la actividad se cargan al negocio de gasosas
A19: 004301001021 | B19: 4 | D19: 14682.019 | E19: =D19/$D$15 -> 0.7553849 | F19: GASEOSAS LUX S.A | J19: - | K19: - | M19: x | N19: Si | O19: No | P19: No | Q19: No | R19: No | S19: El proyecto paga el inmueble como una venta o lote en SIM uf | T19: Sin indemnización: Los costos de la actividad se cargan al negocio de gasosas
A20: 004301001012 | B20: 5 | D20: 820.37307 | E20: =D20/$D$15 -> 0.042207915 | F20: CUATRO PROPIETARIOS, DIFERENTES PORCENTAJES NO SUMA 100% | G20: =SUMIF($F$16:$F$21,F20,$E$16:$E$21) -> 0.042207915 | H20: 1 | J20: - | K20: - | L20: x | N20: Si | O20: Si | S20: Compra | T20: Lucro Cesante - Arriendo - Traslado
A21: 004301001011 | B21: 6 | D21: 667.9078 | E21: =D21/$D$15 -> 0.034363629 | F21: TRES PROPIETARIOS, NATURALES | G21: =SUMIF($F$16:$F$21,F21,$E$16:$E$21) -> 0.034363629 | H21: 1 | J21: - | K21: - | L21: x | N21: Si | O21: Si | S21: Compra | T21: Lucro Cesante - Arriendo - Traslado
A22: UAU 4 | D22: =SUM(D23:D31) -> 25621.214 | E22: =SUM(E23:E31) -> 1 | G22: =SUM(G23:G31) -> 1 | H22: =SUM(H23:H31) -> 6
A23: 004301001006 | B23: 1 | D23: 819.95528 | E23: =D23/$D$22 -> 0.032002983 | F23: INTERANDINA DE CONDUCTORES LIMITADA | G23: =SUMIF($F$23:$F$31,F23,$E$23:$E$31) -> 0.032002983 | H23: 1 | J23: - | K23: - | L23: x | N23: Si | O23: Si | S23: Compra | T23: Lucro Cesante - Arriendo - Traslado
A24: 004301001021 | B24: 2 | D24: 12043.505 | E24: =D24/$D$22 -> 0.47005989 | F24: GASEOSAS LUX S.A | G24: =SUMIF($F$23:$F$31,F24,$E$23:$E$31) -> 0.83390829 | H24: 1 | J24: - | K24: - | M24: x | N24: Si | O24: No | R24: No | S24: El proyecto paga el inmueble con local o pago de lote en SIM uf | T24: Sin indemnización: Los costos de la actividad se cargan al negocio de gasosas
A25: 004301001010 | B25: 3 | D25: 821.12635 | E25: =D25/$D$22 -> 0.03204869 | F25: SKOTIABANK COLPATRIA | G25: =SUMIF($F$23:$F$31,F25,$E$23:$E$31) -> 0.03204869 | H25: 1 | J25: - | K25: - | L25: x | N25: Si | O25: Si | S25: Compra | T25: Lucro Cesante - Arriendo - Traslado
A26: 004301001005 | B26: 4 | D26: 1206.9701 | E26: =D26/$D$22 -> 0.047108231 | F26: GASEOSAS LUX S.A | J26: - | K26: - | M26: x | N26: Si | O26: No | R26: No | S26: El proyecto paga el inmueble con local o pago de lote en SIM uf | T26: Sin indemnización: Los costos de la actividad se cargan al negocio de gasosas
A27: 004301001009 | B27: 5 | D27: 819.92434 | E27: =D27/$D$22 -> 0.032001776 | F27: BANCO DAVIVIENDA SA | G27: =SUMIF($F$23:$F$31,F27,$E$23:$E$31) -> 0.032001776 | H27: 1 | J27: - | K27: - | L27: x | N27: Si | O27: Si | S27: Compra | T27: Lucro Cesante - Arriendo - Traslado
A28: 004301001007 | B28: 6 | D28: 820.64756 | E28: =D28/$D$22 -> 0.032030003 | F28: INDUSTRIAS MIWAL LIMITADA | G28: =SUMIF($F$23:$F$31,F28,$E$23:$E$31) -> 0.032030003 | H28: 1 | J28: - | K28: - | L28: x | N28: Si | O28: Si | S28: Compra | T28: Lucro Cesante - Arriendo - Traslado
A29: 004301001011 | B29: 7 | D29: 152.3925 | E29: =D29/$D$22 -> 0.0059479032 | F29: TRES PROPIETARIOS, NATURALES | G29: =SUMIF($F$23:$F$31,F29,$E$23:$E$31) -> 0.038008254 | H29: 1 | J29: - | K29: - | L29: x | N29: Si | O29: Si | S29: Compra | T29: Lucro Cesante - Arriendo - Traslado
A30: 004301001004 | B30: 8 | D30: 8115.2677 | E30: =D30/$D$22 -> 0.31674017 | F30: GASEOSAS LUX S.A | J30: - | K30: - | M30: x | N30: Si | O30: Si | R30: No | S30: Sin idemnización o compra | T30: Sin indemnización: Los costos de la actividad se cargan al negocio de gasosas
A31: 004301001008 | B31: 9 | D31: 821.42511 | E31: =D31/$D$22 -> 0.032060351 | F31: TRES PROPIETARIOS, NATURALES | J31: x | K31: x | N31: Si | O31: Si | S31: Compra | T31: Lucro Cesante - Arriendo - Traslado
A32: UAU 5 | D32: =SUM(D33:D36) -> 27038.025 | E32: =SUM(E33:E36) -> 1 | G32: =SUM(G33:G36) -> 1 | H32: =SUM(H33:H36) -> 1
A33: 004301001030 | B33: 1 | D33: 3942.0852 | E33: =D33/$D$32 -> 0.14579783 | F33: GASEOSAS LUX S.A | G33: =SUMIF($F$33:$F$36,F33,$E$33:$E$36) -> 1 | H33: 1 | J33: - | K33: - | M33: x | N33: Si | O33: No | R33: No | S33: El proyecto paga el inmueble con local o pago de lote en SIM uf | T33: Sin indemnización: Los costos de la actividad se cargan al negocio de gasosas
A34: 004301001003 | B34: 2 | D34: 4690.4131 | E34: =D34/$D$32 -> 0.1734747 | F34: GASEOSAS LUX S.A | J34: - | K34: - | M34: x | N34: Si | O34: No | R34: No | S34: El proyecto paga el inmueble con local o pago de lote en SIM uf | T34: Sin indemnización: Los costos de la actividad se cargan al negocio de gasosas
A35: 004301001029 | B35: 3 | D35: 6020.3175 | E35: =D35/$D$32 -> 0.22266114 | F35: GASEOSAS LUX S.A | J35: - | K35: - | M35: x | N35: Si | O35: No | R35: No | S35: El proyecto paga el inmueble con local o pago de lote en SIM uf | T35: Sin indemnización: Los costos de la actividad se cargan al negocio de gasosas
A36: 004301001004 | B36: 4 | D36: 12385.209 | E36: =D36/$D$32 -> 0.45806634 | F36: GASEOSAS LUX S.A | J36: - | K36: - | M36: x | N36: Si | O36: No | R36: No | S36: El proyecto paga el inmueble con local o pago de lote en SIM uf | T36: Sin indemnización: Los costos de la actividad se cargan al negocio de gasosas
A37: UAU 6 | D37: =SUM(D38:D40) -> 21089.899 | E37: =SUM(E38:E40) -> 1 | G37: =SUM(G38:G40) -> 1 | H37: =SUM(H38:H40) -> 2
A38: 004301001028 | B38: 1 | D38: 1559.459 | E38: =D38/$D$37 -> 0.073943408 | F38: CHAID NEME HERMANOS S.A. | G38: =SUMIF($F$38:$F$40,F38,$E$38:$E$40) -> 0.073943408 | H38: 1 | J38: - | K38: - | L38: x | N38: Si | O38: Si | S38: Compra | T38: Lucro Cesante - Arriendo - Traslado
A39: 004301001022 | B39: 2 | D39: 10958.326 | E39: =D39/$D$37 -> 0.51960065 | F39: BANCOLOMBIA | G39: =SUMIF($F$38:$F$40,F39,$E$38:$E$40) -> 0.92605659 | H39: 1 | J39: - | K39: - | M39: x | N39: Si | O39: Si | P39: x | Q39: x | R39: No | S39: Sin idemnización o compra | T39: Sin idemnización: Los costos se cargan a la actividad económica actual
A40: 004301001027 | B40: 3 | D40: 8572.1149 | E40: =D40/$D$37 -> 0.40645594 | F40: BANCOLOMBIA | J40: - | K40: - | M40: x | N40: Si | O40: Si | P40: x | Q40: x | R40: No | S40: Sin idemnización o compra | T40: Sin idemnización: Los costos se cargan a la actividad económica actual
A41: UAU 7 | D41: =D42 -> 23967.62 | E41: =E42 -> 1 | G41: =G42 -> 1 | H41: =H42 -> 1
A42: 004301001022 | B42: 1 | D42: 23967.62 | E42: =D42/$D$41 -> 1 | F42: BANCOLOMBIA | G42: =SUMIF($F$42:$F$42,F42,$E$42:$E$42) -> 1 | H42: 1 | J42: - | K42: - | M42: x | N42: Si | O42: Si | P42: x | Q42: x | R42: No | S42: Compra | T42: Lucro Cesante - Arriendo - Traslado
A43: UAU 8 | D43: =D44 -> 14752.699 | E43: =E44 -> 1 | G43: =G44 -> 1 | H43: =H44 -> 1
A44: 004301001031 | B44: 1 | D44: 14752.699 | E44: =D44/$D$43 -> 1 | F44: BEEPER WEX S.A / CORPORTAXIS S.A | G44: =SUMIF($F$44:$F$44,F44,$E$44:$E$44) -> 1 | H44: 1 | J44: - | K44: - | M44: x | N44: Si | O44: Si | S44: Sin idemnización o compra | T44: Lucro Cesante - Arriendo - Traslado

Sheet 05b_MORADORES
A1: UAU | L1: Si / No Participa | N1: Incluido en SIM UF | P1: Costo Adicional en SIM UF | AI1: Incluido en SIM UF (Negocio Des-Prop. Inm) | AJ1: Valor Suelo+Cnt + Protección a Moradores
N2: Suelo+ Cnt | O2: Construcción | P2: Actividad económica | AI2: Suelo
A3: Lote Codigo | B3: Código Lote | C3: Propietario | D3: UAU | E3: No. | F3: Area x lote | H3: Area Construida | I3: Propietario | J3: No. Propietarios por lote | L3: Propietarios Inmuebles | M3: Propietarios Actividad Económica | N3: Compra | O3: Compra (Vcom-Dem) | P3: Lucro Cesante | U3: Mudanza | AA3: Arriendo Transitorio | AG3: TOTAL
E4: # | F4: m2 | G4: % | I4: t | Q4: meses | R4: area | S4: valor m2 (2027) | T4: Total lucro cesante | V4: No. propietarios | W4: Trayectos por propietario | X4: Trayectos | Y4: valor / trayecto | Z4: Total mudanza | AB4: No. Propietarios | AC4: Meses por propietario | AD4: Total meses | AE4: Arriendo mensual residencial | AF4: Total arriendos
E5: TOTAL | F5: =SUM(F6:F36) -> 164776.71 | H5: =SUM(H6:H36) -> 308974.13 | R5: =SUM(R6:R36) -> 36060.4 | T5: =SUM(T6:T36) -> 1.1360864e+10 | Z5: =SUM(Z6:Z36) -> 14591834 | AF5: =SUM(AF6:AF36) -> 1.5321426e+09 | AG5: =SUM(AG6:AG36) -> 1.2907598e+10 | AI5: =SUM(AI6:AI36) -> 5.8248567e+11 | AJ5: =SUM(AJ6:AJ36) -> 5.9539327e+11
A6: 004301001021 | B6: 21 | C6: ='04a_PROPUESTA_MO'!L9 -> GASEOSAS LUX S.A | D6: 1 | E6: 1 | F6: 16461.2 | G6: =F6/$F$5 -> 0.099900042 | H6: ='04a_PROPUESTA_MO'!I9 -> 43867.5 | I6: GASEOSAS LUX S.A | J6: 1 | L6: x | M6: - | N6: =IF(L6="x","x","-") -> x | O6: =IF(L6="x","x","-") -> x | P6: =IF(M6="x","x","-") -> - | Q6: =IF(P6="x",'00_DATOS_PMoradores'!$B$9,"-") -> - | R6: =IF(P6="x",H6,"-") -> - | S6: =IF(M6="X",'00_DATOS_PMoradores'!$D$4,"-") -> - | T6: =PRODUCT(Q6:S6) -> 0 | U6: =IF(M6="x","x","-") -> - | V6: =J6 -> 1 | W6: =IF(U6="x",'00_DATOS_PMoradores'!$B$11,"-") -> - | X6: =IFERROR(V6*W6,"-") -> - | Y6: =IF(U6="x",'00_DATOS_PMoradores'!$D$5,"-") -> - | Z6: =IFERROR(X6*Y6,"-") -> - | AA6: =IF(M6="x","x","-") -> - | AB6: =J6 -> 1 | AC6: =IF(AA6="x",'00_DATOS_PMoradores'!$B$10,"-") -> - | AD6: =IF(AA6="x",AB6*AC6,"-") -> - | AE6: =IF(AA6="x",'00_DATOS_PMoradores'!$D$7,"-") -> - | AF6: =IFERROR(AD6*AE6,"-") -> - | AG6: =SUM(T6,Z6,AF6) -> 0 | AI6: ='00_Lote_CNT_Existente'!F7 -> 5.8190343e+10 | AJ6: =AG6+AI6 -> 5.8190343e+10
A7: 004301001020 | B7: 20 | C7: ='04a_PROPUESTA_MO'!L10 -> GASEOSAS LUX S.A | D7: 1 | E7: 2 | F7: 807.04813 | G7: =F7/$F$5 -> 0.0048978289 | H7: ='04a_PROPUESTA_MO'!I10 -> 811 | I7: GASEOSAS LUX S.A | J7: 1 | L7: x | M7: - | N7: =IF(L7="x","x","-") -> x | O7: =IF(L7="x","x","-") -> x | P7: =IF(M7="x","x","-") -> - | Q7: =IF(P7="x",'00_DATOS_PMoradores'!$B$9,"-") -> - | R7: =IF(P7="x",H7,"-") -> - | S7: =IF(M7="X",'00_DATOS_PMoradores'!$D$4,"-") -> - | T7: =PRODUCT(Q7:S7) -> 0 | U7: =IF(M7="x","x","-") -> - | V7: =J7 -> 1 | W7: =IF(U7="x",'00_DATOS_PMoradores'!$B$11,"-") -> - | X7: =IFERROR(V7*W7,"-") -> - | Y7: =IF(U7="x",'00_DATOS_PMoradores'!$D$5,"-") -> - | Z7: =IFERROR(X7*Y7,"-") -> - | AA7: =IF(M7="x","x","-") -> - | AB7: =J7 -> 1 | AC7: =IF(AA7="x",'00_DATOS_PMoradores'!$B$10,"-") -> - | AD7: =IF(AA7="x",AB7*AC7,"-") -> - | AE7: =IF(AA7="x",'00_DATOS_PMoradores'!$D$7,"-") -> - | AF7: =IFERROR(AD7*AE7,"-") -> - | AG7: =SUM(T7,Z7,AF7) -> 0 | AI7: ='00_Lote_CNT_Existente'!F8 -> 2.8529152e+09 | AJ7: =AG7+AI7 -> 2.8529152e+09
A8: 004301001018 | B8: 18 | C8: ='04a_PROPUESTA_MO'!L11 -> GASEOSAS LUX S.A | D8: 2 | E8: 1 | F8: 811.64101 | G8: =F8/$F$5 -> 0.0049257022 | H8: ='04a_PROPUESTA_MO'!I11 -> 811.9 | I8: GASEOSAS LUX S.A | J8: 1 | L8: x | M8: - | N8: =IF(L8="x","x","-") -> x | O8: =IF(L8="x","x","-") -> x | P8: =IF(M8="x","x","-") -> - | Q8: =IF(P8="x",'00_DATOS_PMoradores'!$B$9,"-") -> - | R8: =IF(P8="x",H8,"-") -> - | S8: =IF(M8="X",'00_DATOS_PMoradores'!$D$4,"-") -> - | T8: =PRODUCT(Q8:S8) -> 0 | U8: =IF(M8="x","x","-") -> - | V8: =J8 -> 1 | W8: =IF(U8="x",'00_DATOS_PMoradores'!$B$11,"-") -> - | X8: =IFERROR(V8*W8,"-") -> - | Y8: =IF(U8="x",'00_DATOS_PMoradores'!$D$5,"-") -> - | Z8: =IFERROR(X8*Y8,"-") -> - | AA8: =IF(M8="x","x","-") -> - | AB8: =J8 -> 1 | AC8: =IF(AA8="x",'00_DATOS_PMoradores'!$B$10,"-") -> - | AD8: =IF(AA8="x",AB8*AC8,"-") -> - | AE8: =IF(AA8="x",'00_DATOS_PMoradores'!$D$7,"-") -> - | AF8: =IFERROR(AD8*AE8,"-") -> - | AG8: =SUM(T8,Z8,AF8) -> 0 | AI8: ='00_Lote_CNT_Existente'!F9 -> 2.869151e+09 | AJ8: =AG8+AI8 -> 2.869151e+09
A9: 004301001021 | B9: 21 | C9: ='04a_PROPUESTA_MO'!L12 -> GASEOSAS LUX S.A | D9: 2 | E9: 2 | F9: 12352.429 | G9: =F9/$F$5 -> 0.074964654 | H9: ='04a_PROPUESTA_MO'!I12 -> 43867.5 | I9: GASEOSAS LUX S.A | J9: 1 | L9: x | M9: - | N9: =IF(L9="x","x","-") -> x | O9: =IF(L9="x","x","-") -> x | P9: =IF(M9="x","x","-") -> - | Q9: =IF(P9="x",'00_DATOS_PMoradores'!$B$9,"-") -> - | R9: =IF(P9="x",H9,"-") -> - | S9: =IF(M9="X",'00_DATOS_PMoradores'!$D$4,"-") -> - | T9: =PRODUCT(Q9:S9) -> 0 | U9: =IF(M9="x","x","-") -> - | V9: =J9 -> 1 | W9: =IF(U9="x",'00_DATOS_PMoradores'!$B$11,"-") -> - | X9: =IFERROR(V9*W9,"-") -> - | Y9: =IF(U9="x",'00_DATOS_PMoradores'!$D$5,"-") -> - | Z9: =IFERROR(X9*Y9,"-") -> - | AA9: =IF(M9="x","x","-") -> - | AB9: =J9 -> 1 | AC9: =IF(AA9="x",'00_DATOS_PMoradores'!$B$10,"-") -> - | AD9: =IF(AA9="x",AB9*AC9,"-") -> - | AE9: =IF(AA9="x",'00_DATOS_PMoradores'!$D$7,"-") -> - | AF9: =IFERROR(AD9*AE9,"-") -> - | AG9: =SUM(T9,Z9,AF9) -> 0 | AI9: ='00_Lote_CNT_Existente'!F10 -> 4.3665837e+10 | AJ9: =AG9+AI9 -> 4.3665837e+10
A10: 004301001019 | B10: 19 | C10: ='04a_PROPUESTA_MO'!L13 -> GASEOSAS LUX S.A | D10: 2 | E10: 3 | F10: 812.16271 | G10: =F10/$F$5 -> 0.0049288683 | H10: ='04a_PROPUESTA_MO'!I13 -> 812.2 | I10: GASEOSAS LUX S.A | J10: 1 | L10: x | M10: - | N10: =IF(L10="x","x","-") -> x | O10: =IF(L10="x","x","-") -> x | P10: =IF(M10="x","x","-") -> - | Q10: =IF(P10="x",'00_DATOS_PMoradores'!$B$9,"-") -> - | R10: =IF(P10="x",H10,"-") -> - | S10: =IF(M10="X",'00_DATOS_PMoradores'!$D$4,"-") -> - | T10: =PRODUCT(Q10:S10) -> 0 | U10: =IF(M10="x","x","-") -> - | V10: =J10 -> 1 | W10: =IF(U10="x",'00_DATOS_PMoradores'!$B$11,"-") -> - | X10: =IFERROR(V10*W10,"-") -> - | Y10: =IF(U10="x",'00_DATOS_PMoradores'!$D$5,"-") -> - | Z10: =IFERROR(X10*Y10,"-") -> - | AA10: =IF(M10="x","x","-") -> - | AB10: =J10 -> 1 | AC10: =IF(AA10="x",'00_DATOS_PMoradores'!$B$10,"-") -> - | AD10: =IF(AA10="x",AB10*AC10,"-") -> - | AE10: =IF(AA10="x",'00_DATOS_PMoradores'!$D$7,"-") -> - | AF10: =IFERROR(AD10*AE10,"-") -> - | AG10: =SUM(T10,Z10,AF10) -> 0 | AI10: ='00_Lote_CNT_Existente'!F11 -> 2.8709952e+09 | AJ10: =AG10+AI10 -> 2.8709952e+09
A11: 004301001016 | B11: 16 | C11: ='04a_PROPUESTA_MO'!L14 -> GASEOSAS LUX S.A | D11: 2 | E11: 4 | F11: 813.94625 | G11: =F11/$F$5 -> 0.0049396923 | H11: ='04a_PROPUESTA_MO'!I14 -> 575 | I11: GASEOSAS LUX S.A | J11: 1 | L11: x | M11: - | N11: =IF(L11="x","x","-") -> x | O11: =IF(L11="x","x","-") -> x | P11: =IF(M11="x","x","-") -> - | Q11: =IF(P11="x",'00_DATOS_PMoradores'!$B$9,"-") -> - | R11: =IF(P11="x",H11,"-") -> - | S11: =IF(M11="X",'00_DATOS_PMoradores'!$D$4,"-") -> - | T11: =PRODUCT(Q11:S11) -> 0 | U11: =IF(M11="x","x","-") -> - | V11: =J11 -> 1 | W11: =IF(U11="x",'00_DATOS_PMoradores'!$B$11,"-") -> - | X11: =IFERROR(V11*W11,"-") -> - | Y11: =IF(U11="x",'00_DATOS_PMoradores'!$D$5,"-") -> - | Z11: =IFERROR(X11*Y11,"-") -> - | AA11: =IF(M11="x","x","-") -> - | AB11: =J11 -> 1 | AC11: =IF(AA11="x",'00_DATOS_PMoradores'!$B$10,"-") -> - | AD11: =IF(AA11="x",AB11*AC11,"-") -> - | AE11: =IF(AA11="x",'00_DATOS_PMoradores'!$D$7,"-") -> - | AF11: =IFERROR(AD11*AE11,"-") -> - | AG11: =SUM(T11,Z11,AF11) -> 0 | AI11: ='00_Lote_CNT_Existente'!F12 -> 2.8773e+09 | AJ11: =AG11+AI11 -> 2.8773e+09
A12: 004301001017 | B12: 17 | C12: ='04a_PROPUESTA_MO'!L15 -> INDUSTRIAS MIWAL LIMITADA | D12: 2 | E12: 5 | F12: 812.35244 | G12: =F12/$F$5 -> 0.0049300197 | H12: ='04a_PROPUESTA_MO'!I15 -> 1024.7 | I12: INDUSTRIAS MIWAL LIMITADA | J12: 1 | L12: x | M12: x | N12: =IF(L12="x","x","-") -> x | O12: =IF(L12="x","x","-") -> x | P12: =IF(M12="x","x","-") -> x | Q12: =IF(P12="x",'00_DATOS_PMoradores'!$B$9,"-") -> 3 | R12: =IF(P12="x",H12,"-") -> 1024.7 | S12: =IF(M12="X",'00_DATOS_PMoradores'!$D$4,"-") -> 105016.99 | T12: =PRODUCT(Q12:S12) -> 3.2283272e+08 | U12: =IF(M12="x","x","-") -> x | V12: =J12 -> 1 | W12: =IF(U12="x",'00_DATOS_PMoradores'!$B$11,"-") -> 2 | X12: =IFERROR(V12*W12,"-") -> 2 | Y12: =IF(U12="x",'00_DATOS_PMoradores'!$D$5,"-") -> 663265.18 | Z12: =IFERROR(X12*Y12,"-") -> 1326530.4 | AA12: =IF(M12="x","x","-") -> x | AB12: =J12 -> 1 | AC12: =IF(AA12="x",'00_DATOS_PMoradores'!$B$10,"-") -> 18 | AD12: =IF(AA12="x",AB12*AC12,"-") -> 18 | AE12: =IF(AA12="x",'00_DATOS_PMoradores'!$D$7,"-") -> 7738093.7 | AF12: =IFERROR(AD12*AE12,"-") -> 1.3928569e+08 | AG12: =SUM(T12,Z12,AF12) -> 4.6344493e+08 | AI12: ='00_Lote_CNT_Existente'!F13 -> 2.8716659e+09 | AJ12: =AG12+AI12 -> 3.3351108e+09
A13: 004301001013 | B13: 13 | C13: ='04a_PROPUESTA_MO'!L16 -> GASEOSAS LUX S.A | D13: 3 | E13: 1 | F13: 817.51623 | G13: =F13/$F$5 -> 0.0049613579 | H13: ='04a_PROPUESTA_MO'!I16 -> 820 | I13: GASEOSAS LUX S.A | J13: 1 | L13: x | M13: - | N13: =IF(L13="x","x","-") -> x | O13: =IF(L13="x","x","-") -> x | P13: =IF(M13="x","x","-") -> - | Q13: =IF(P13="x",'00_DATOS_PMoradores'!$B$9,"-") -> - | R13: =IF(P13="x",H13,"-") -> - | S13: =IF(M13="X",'00_DATOS_PMoradores'!$D$4,"-") -> - | T13: =PRODUCT(Q13:S13) -> 0 | U13: =IF(M13="x","x","-") -> - | V13: =J13 -> 1 | W13: =IF(U13="x",'00_DATOS_PMoradores'!$B$11,"-") -> - | X13: =IFERROR(V13*W13,"-") -> - | Y13: =IF(U13="x",'00_DATOS_PMoradores'!$D$5,"-") -> - | Z13: =IFERROR(X13*Y13,"-") -> - | AA13: =IF(M13="x","x","-") -> - | AB13: =J13 -> 1 | AC13: =IF(AA13="x",'00_DATOS_PMoradores'!$B$10,"-") -> - | AD13: =IF(AA13="x",AB13*AC13,"-") -> - | AE13: =IF(AA13="x",'00_DATOS_PMoradores'!$D$7,"-") -> - | AF13: =IFERROR(AD13*AE13,"-") -> - | AG13: =SUM(T13,Z13,AF13) -> 0 | AI13: ='00_Lote_CNT_Existente'!F14 -> 2.8899199e+09 | AJ13: =AG13+AI13 -> 2.8899199e+09
A14: 004301001015 | B14: 15 | C14: ='04a_PROPUESTA_MO'!L17 -> GASEOSAS LUX S.A | D14: 3 | E14: 2 | F14: 814.02717 | G14: =F14/$F$5 -> 0.0049401834 | H14: ='04a_PROPUESTA_MO'!I17 -> 554 | I14: GASEOSAS LUX S.A | J14: 1 | L14: x | M14: - | N14: =IF(L14="x","x","-") -> x | O14: =IF(L14="x","x","-") -> x | P14: =IF(M14="x","x","-") -> - | Q14: =IF(P14="x",'00_DATOS_PMoradores'!$B$9,"-") -> - | R14: =IF(P14="x",H14,"-") -> - | S14: =IF(M14="X",'00_DATOS_PMoradores'!$D$4,"-") -> - | T14: =PRODUCT(Q14:S14) -> 0 | U14: =IF(M14="x","x","-") -> - | V14: =J14 -> 1 | W14: =IF(U14="x",'00_DATOS_PMoradores'!$B$11,"-") -> - | X14: =IFERROR(V14*W14,"-") -> - | Y14: =IF(U14="x",'00_DATOS_PMoradores'!$D$5,"-") -> - | Z14: =IFERROR(X14*Y14,"-") -> - | AA14: =IF(M14="x","x","-") -> - | AB14: =J14 -> 1 | AC14: =IF(AA14="x",'00_DATOS_PMoradores'!$B$10,"-") -> - | AD14: =IF(AA14="x",AB14*AC14,"-") -> - | AE14: =IF(AA14="x",'00_DATOS_PMoradores'!$D$7,"-") -> - | AF14: =IFERROR(AD14*AE14,"-") -> - | AG14: =SUM(T14,Z14,AF14) -> 0 | AI14: ='00_Lote_CNT_Existente'!F15 -> 2.8775861e+09 | AJ14: =AG14+AI14 -> 2.8775861e+09
A15: 004301001014 | B15: 14 | C15: ='04a_PROPUESTA_MO'!L18 -> GASEOSAS LUX S.A | D15: 3 | E15: 3 | F15: 1634.631 | G15: =F15/$F$5 -> 0.0099202791 | H15: ='04a_PROPUESTA_MO'!I18 -> 1640 | I15: GASEOSAS LUX S.A | J15: 1 | L15: x | M15: - | N15: =IF(L15="x","x","-") -> x | O15: =IF(L15="x","x","-") -> x | P15: =IF(M15="x","x","-") -> - | Q15: =IF(P15="x",'00_DATOS_PMoradores'!$B$9,"-") -> - | R15: =IF(P15="x",H15,"-") -> - | S15: =IF(M15="X",'00_DATOS_PMoradores'!$D$4,"-") -> - | T15: =PRODUCT(Q15:S15) -> 0 | U15: =IF(M15="x","x","-") -> - | V15: =J15 -> 1 | W15: =IF(U15="x",'00_DATOS_PMoradores'!$B$11,"-") -> - | X15: =IFERROR(V15*W15,"-") -> - | Y15: =IF(U15="x",'00_DATOS_PMoradores'!$D$5,"-") -> - | Z15: =IFERROR(X15*Y15,"-") -> - | AA15: =IF(M15="x","x","-") -> - | AB15: =J15 -> 1 | AC15: =IF(AA15="x",'00_DATOS_PMoradores'!$B$10,"-") -> - | AD15: =IF(AA15="x",AB15*AC15,"-") -> - | AE15: =IF(AA15="x",'00_DATOS_PMoradores'!$D$7,"-") -> - | AF15: =IFERROR(AD15*AE15,"-") -> - | AG15: =SUM(T15,Z15,AF15) -> 0 | AI15: ='00_Lote_CNT_Existente'!F16 -> 5.7784205e+09 | AJ15: =AG15+AI15 -> 5.7784205e+09
A16: 004301001021 | B16: 21 | C16: ='04a_PROPUESTA_MO'!L19 -> GASEOSAS LUX S.A | D16: 3 | E16: 4 | F16: 14682.019 | G16: =F16/$F$5 -> 0.089102514 | H16: ='04a_PROPUESTA_MO'!I19 -> 43867.5 | I16: GASEOSAS LUX S.A | J16: 1 | L16: x | M16: - | N16: =IF(L16="x","x","-") -> x | O16: =IF(L16="x","x","-") -> x | P16: =IF(M16="x","x","-") -> - | Q16: =IF(P16="x",'00_DATOS_PMoradores'!$B$9,"-") -> - | R16: =IF(P16="x",H16,"-") -> - | S16: =IF(M16="X",'00_DATOS_PMoradores'!$D$4,"-") -> - | T16: =PRODUCT(Q16:S16) -> 0 | U16: =IF(M16="x","x","-") -> - | V16: =J16 -> 1 | W16: =IF(U16="x",'00_DATOS_PMoradores'!$B$11,"-") -> - | X16: =IFERROR(V16*W16,"-") -> - | Y16: =IF(U16="x",'00_DATOS_PMoradores'!$D$5,"-") -> - | Z16: =IFERROR(X16*Y16,"-") -> - | AA16: =IF(M16="x","x","-") -> - | AB16: =J16 -> 1 | AC16: =IF(AA16="x",'00_DATOS_PMoradores'!$B$10,"-") -> - | AD16: =IF(AA16="x",AB16*AC16,"-") -> - | AE16: =IF(AA16="x",'00_DATOS_PMoradores'!$D$7,"-") -> - | AF16: =IFERROR(AD16*AE16,"-") -> - | AG16: =SUM(T16,Z16,AF16) -> 0 | AI16: ='00_Lote_CNT_Existente'!F17 -> 5.1900938e+10 | AJ16: =AG16+AI16 -> 5.1900938e+10
A17: 004301001012 | B17: 12 | C17: ='04a_PROPUESTA_MO'!L20 -> CUATRO PROPIETARIOS, DIFERENTES PORCENTAJES NO SUMA 100% | D17: 3 | E17: 5 | F17: 820.37307 | G17: =F17/$F$5 -> 0.0049786955 | H17: ='04a_PROPUESTA_MO'!I20 -> 910.4 | I17: CUATRO PROPIETARIOS, DIFERENTES PORCENTAJES NO SUMA 100% | J17: 1 | L17: x | M17: x | N17: =IF(L17="x","x","-") -> x | O17: =IF(L17="x","x","-") -> x | P17: =IF(M17="x","x","-") -> x | Q17: =IF(P17="x",'00_DATOS_PMoradores'!$B$9,"-") -> 3 | R17: =IF(P17="x",H17,"-") -> 910.4 | S17: =IF(M17="X",'00_DATOS_PMoradores'!$D$4,"-") -> 105016.99 | T17: =PRODUCT(Q17:S17) -> 2.8682239e+08 | U17: =IF(M17="x","x","-") -> x | V17: =J17 -> 1 | W17: =IF(U17="x",'00_DATOS_PMoradores'!$B$11,"-") -> 2 | X17: =IFERROR(V17*W17,"-") -> 2 | Y17: =IF(U17="x",'00_DATOS_PMoradores'!$D$5,"-") -> 663265.18 | Z17: =IFERROR(X17*Y17,"-") -> 1326530.4 | AA17: =IF(M17="x","x","-") -> x | AB17: =J17 -> 1 | AC17: =IF(AA17="x",'00_DATOS_PMoradores'!$B$10,"-") -> 18 | AD17: =IF(AA17="x",AB17*AC17,"-") -> 18 | AE17: =IF(AA17="x",'00_DATOS_PMoradores'!$D$7,"-") -> 7738093.7 | AF17: =IFERROR(AD17*AE17,"-") -> 1.3928569e+08 | AG17: =SUM(T17,Z17,AF17) -> 4.2743461e+08 | AI17: ='00_Lote_CNT_Existente'!F18 -> 2.9000188e+09 | AJ17: =AG17+AI17 -> 3.3274534e+09
... A36: 004301001031 | B36: 31 | C36: ='04a_PROPUESTA_MO'!L39 -> BEEPER WEX S.A / CORPORTAXIS S.A | D36: 8 | E36: 1 | F36: 14752.699 | G36: =F36/$F$5 -> 0.089531457 | H36: ='04a_PROPUESTA_MO'!I39 -> 27734.6 | I36: BEEPER WEX S.A / CORPORTAXIS S.A | J36: 1 | L36: x | M36: x | N36: =IF(L36="x","x","-") -> x | O36: =IF(L36="x","x","-") -> x | P36: =IF(M36="x","x","-") -> x | Q36: =IF(P36="x",'00_DATOS_PMoradores'!$B$9,"-") -> 3 | R36: =IF(P36="x",H36,"-") -> 27734.6 | S36: =IF(M36="X",'00_DATOS_PMoradores'!$D$4,"-") -> 105016.99 | T36: =PRODUCT(Q36:S36) -> 8.7378123e+09 | U36: =IF(M36="x","x","-") -> x | V36: =J36 -> 1 | W36: =IF(U36="x",'00_DATOS_PMoradores'!$B$11,"-") -> 2 | X36: =IFERROR(V36*W36,"-") -> 2 | Y36: =IF(U36="x",'00_DATOS_PMoradores'!$D$5,"-") -> 663265.18 | Z36: =IFERROR(X36*Y36,"-") -> 1326530.4 | AA36: =IF(M36="x","x","-") -> x | AB36: =J36 -> 1 | AC36: =IF(AA36="x",'00_DATOS_PMoradores'!$B$10,"-") -> 18 | AD36: =IF(AA36="x",AB36*AC36,"-") -> 18 | AE36: =IF(AA36="x",'00_DATOS_PMoradores'!$D$7,"-") -> 7738093.7 | AF36: =IFERROR(AD36*AE36,"-") -> 1.3928569e+08 | AG36: =SUM(T36,Z36,AF36) -> 8.8784245e+09 | AI36: ='00_Lote_CNT_Existente'!F37 -> 5.2150791e+10 | AJ36: =AG36+AI36 -> 6.1029216e+10

Sheet 05c_Resumen_MORADORES
A1: UAU | B1: Area Lote | C1: Area Construida | D1: Costo Política Protección Moradores
D2: Lucro Cesante | E2: Mudanza | F2: Arriendo Transitorio | G2: Total
B3: m2 | C3: m2 | D3: $ | E3: $ | F3: $ | G3: $
B4: =SUM(B5:B12) -> 164776.71 | C4: =SUM(C5:C12) -> 308974.13 | D4: =SUM(D5:D12) -> 1.1360864e+10 | E4: =SUM(E5:E12) -> 14591834 | F4: =SUM(F5:F12) -> 1.5321426e+09 | G4: =SUM(G5:G12) -> 1.2907598e+10
A5: 1 | B5: =SUMIF('05b_MORADORES'!$D$6:$D$36,'05c_Resumen_MORADORES'!A5,'05b_MORADORES'!$F$6:$F$36) -> 17268.249 | C5: =SUMIF('05b_MORADORES'!$D$6:$D$36,'05c_Resumen_MORADORES'!A5,'05b_MORADORES'!$H$6:$H$36) -> 44678.5 | D5: =SUMIF('05b_MORADORES'!$D$6:$D$36,'05c_Resumen_MORADORES'!A5,'05b_MORADORES'!$T$6:$T$36) -> 0 | E5: =SUMIF('05b_MORADORES'!$D$6:$D$36,'05c_Resumen_MORADORES'!A5,'05b_MORADORES'!$Z$6:$Z$36) -> 0 | F5: =SUMIF('05b_MORADORES'!$D$6:$D$36,'05c_Resumen_MORADORES'!A5,'05b_MORADORES'!$AF$6:$AF$36) -> 0 | G5: =SUM(D5:F5) -> 0
A6: 2 | B6: =SUMIF('05b_MORADORES'!$D$6:$D$36,'05c_Resumen_MORADORES'!A6,'05b_MORADORES'!$F$6:$F$36) -> 15602.532 | C6: =SUMIF('05b_MORADORES'!$D$6:$D$36,'05c_Resumen_MORADORES'!A6,'05b_MORADORES'!$H$6:$H$36) -> 47091.3 | D6: =SUMIF('05b_MORADORES'!$D$6:$D$36,'05c_Resumen_MORADORES'!A6,'05b_MORADORES'!$T$6:$T$36) -> 3.2283272e+08 | E6: =SUMIF('05b_MORADORES'!$D$6:$D$36,'05c_Resumen_MORADORES'!A6,'05b_MORADORES'!$Z$6:$Z$36) -> 1326530.4 | F6: =SUMIF('05b_MORADORES'!$D$6:$D$36,'05c_Resumen_MORADORES'!A6,'05b_MORADORES'!$AF$6:$AF$36) -> 1.3928569e+08 | G6: =SUM(D6:F6) -> 4.6344493e+08
A7: 3 | B7: =SUMIF('05b_MORADORES'!$D$6:$D$36,'05c_Resumen_MORADORES'!A7,'05b_MORADORES'!$F$6:$F$36) -> 19436.475 | C7: =SUMIF('05b_MORADORES'!$D$6:$D$36,'05c_Resumen_MORADORES'!A7,'05b_MORADORES'!$H$6:$H$36) -> 48617.9 | D7: =SUMIF('05b_MORADORES'!$D$6:$D$36,'05c_Resumen_MORADORES'!A7,'05b_MORADORES'!$T$6:$T$36) -> 5.4705448e+08 | E7: =SUMIF('05b_MORADORES'!$D$6:$D$36,'05c_Resumen_MORADORES'!A7,'05b_MORADORES'!$Z$6:$Z$36) -> 2653060.7 | F7: =SUMIF('05b_MORADORES'!$D$6:$D$36,'05c_Resumen_MORADORES'!A7,'05b_MORADORES'!$AF$6:$AF$36) -> 2.7857137e+08 | G7: =SUM(D7:F7) -> 8.2827892e+08
A8: 4 | B8: =SUMIF('05b_MORADORES'!$D$6:$D$36,'05c_Resumen_MORADORES'!A8,'05b_MORADORES'!$F$6:$F$36) -> 25621.214 | C8: =SUMIF('05b_MORADORES'!$D$6:$D$36,'05c_Resumen_MORADORES'!A8,'05b_MORADORES'!$H$6:$H$36) -> 55982.9 | D8: =SUMIF('05b_MORADORES'!$D$6:$D$36,'05c_Resumen_MORADORES'!A8,'05b_MORADORES'!$T$6:$T$36) -> 1.7531641e+09 | E8: =SUMIF('05b_MORADORES'!$D$6:$D$36,'05c_Resumen_MORADORES'!A8,'05b_MORADORES'!$Z$6:$Z$36) -> 7959182.1 | F8: =SUMIF('05b_MORADORES'!$D$6:$D$36,'05c_Resumen_MORADORES'!A8,'05b_MORADORES'!$AF$6:$AF$36) -> 8.3571412e+08 | G8: =SUM(D8:F8) -> 2.5968374e+09
A9: 5 | B9: =SUMIF('05b_MORADORES'!$D$6:$D$36,'05c_Resumen_MORADORES'!A9,'05b_MORADORES'!$F$6:$F$36) -> 27038.025 | C9: =SUMIF('05b_MORADORES'!$D$6:$D$36,'05c_Resumen_MORADORES'!A9,'05b_MORADORES'!$H$6:$H$36) -> 18321.63 | D9: =SUMIF('05b_MORADORES'!$D$6:$D$36,'05c_Resumen_MORADORES'!A9,'05b_MORADORES'!$T$6:$T$36) -> 0 | E9: =SUMIF('05b_MORADORES'!$D$6:$D$36,'05c_Resumen_MORADORES'!A9,'05b_MORADORES'!$Z$6:$Z$36) -> 0 | F9: =SUMIF('05b_MORADORES'!$D$6:$D$36,'05c_Resumen_MORADORES'!A9,'05b_MORADORES'!$AF$6:$AF$36) -> 0 | G9: =SUM(D9:F9) -> 0
A10: 6 | B10: =SUMIF('05b_MORADORES'!$D$6:$D$36,'05c_Resumen_MORADORES'!A10,'05b_MORADORES'!$F$6:$F$36) -> 21089.899 | C10: =SUMIF('05b_MORADORES'!$D$6:$D$36,'05c_Resumen_MORADORES'!A10,'05b_MORADORES'!$H$6:$H$36) -> 36034.3 | D10: =SUMIF('05b_MORADORES'!$D$6:$D$36,'05c_Resumen_MORADORES'!A10,'05b_MORADORES'!$T$6:$T$36) -> 0 | E10: =SUMIF('05b_MORADORES'!$D$6:$D$36,'05c_Resumen_MORADORES'!A10,'05b_MORADORES'!$Z$6:$Z$36) -> 1326530.4 | F10: =SUMIF('05b_MORADORES'!$D$6:$D$36,'05c_Resumen_MORADORES'!A10,'05b_MORADORES'!$AF$6:$AF$36) -> 1.3928569e+08 | G10: =SUM(D10:F10) -> 1.4061222e+08
A11: 7 | B11: =SUMIF('05b_MORADORES'!$D$6:$D$36,'05c_Resumen_MORADORES'!A11,'05b_MORADORES'!$F$6:$F$36) -> 23967.62 | C11: =SUMIF('05b_MORADORES'!$D$6:$D$36,'05c_Resumen_MORADORES'!A11,'05b_MORADORES'!$H$6:$H$36) -> 30513 | D11: =SUMIF('05b_MORADORES'!$D$6:$D$36,'05c_Resumen_MORADORES'!A11,'05b_MORADORES'!$T$6:$T$36) -> 0 | E11: =SUMIF('05b_MORADORES'!$D$6:$D$36,'05c_Resumen_MORADORES'!A11,'05b_MORADORES'!$Z$6:$Z$36) -> 0 | F11: =SUMIF('05b_MORADORES'!$D$6:$D$36,'05c_Resumen_MORADORES'!A11,'05b_MORADORES'!$AF$6:$AF$36) -> 0 | G11: =SUM(D11:F11) -> 0
A12: 8 | B12: =SUMIF('05b_MORADORES'!$D$6:$D$36,'05c_Resumen_MORADORES'!A12,'05b_MORADORES'!$F$6:$F$36) -> 14752.699 | C12: =SUMIF('05b_MORADORES'!$D$6:$D$36,'05c_Resumen_MORADORES'!A12,'05b_MORADORES'!$H$6:$H$36) -> 27734.6 | D12: =SUMIF('05b_MORADORES'!$D$6:$D$36,'05c_Resumen_MORADORES'!A12,'05b_MORADORES'!$T$6:$T$36) -> 8.7378123e+09 | E12: =SUMIF('05b_MORADORES'!$D$6:$D$36,'05c_Resumen_MORADORES'!A12,'05b_MORADORES'!$Z$6:$Z$36) -> 1326530.4 | F12: =SUMIF('05b_MORADORES'!$D$6:$D$36,'05c_Resumen_MORADORES'!A12,'05b_MORADORES'!$AF$6:$AF$36) -> 1.3928569e+08 | G12: =SUM(D12:F12) -> 8.8784245e+09

Sheet 06_CARGAS
A1: RESUMEN MODELO DE OCUPACION | L1: Aportes por Cesiones Modelo de Ocupación ($) | W1: CARGAS ADECUACIONES | Y1: Otros aportes a cargas ($)
A2: UAU | B2: Area Terreno | C2: Cesiones | G2: Area Desarrollable | H2: Area Retiros | I2: Area útil | Y2: Otros aportes a cargas ($) | AA2: TOTAL CARGAS MODELO | AB2: Otros aportes
C3: Vías | D3: Espacio Público | E3: Cesión suelo E.Q. | F3: Total | L3: Vías | O3: Espacio Público | R3: Cesión suelo E.Q. | U3: Total | Y3: Protección Moradores | Z3: Costos Formulación | AB3: Cosotos Operación REnoBo | AC3: APORTE CARGA REDES SSPP LOCAL (art. 321 dec. 555 / 2021)
L4: Suelo | M4: Construcción | N4: Total | O4: Suelo | P4: Construcción | Q4: Total | R4: Suelo | S4: Construcción | T4: Total | AC4: Cesion Suelo | AD4: Valor de Referencia | AE4: Factor | AF4: Carga SSPP
L5: ='00_Datos_General'!$C$23 -> 3535000 | M5: ='00_Datos_General'!C17 -> 3500000 | O5: ='00_Datos_General'!$C$23 -> 3535000 | P5: ='00_Datos_General'!C16 -> 450000 | R5: ='00_Datos_General'!$C$23 -> 3535000 | S5: ='00_Datos_General'!C16 -> 450000
B6: m2 | C6: m2 | D6: m2 | E6: m2 | F6: m2 | G6: m2 | H6: m2 | I6: m2 | J6: % | L6: $ | M6: $ | N6: $ | O6: $ | P6: $ | Q6: $ | R6: $ | S6: $ | T6: $
B7: =SUM(B8:B15) -> 164776.71 | C7: =SUM(C8:C15) -> 29501.324 | D7: =SUM(D8:D15) -> 72340.479 | E7: =SUM(E8:E15) -> 5263.0592 | F7: =SUM(F8:F15) -> 107104.86 | G7: =SUM(G8:G15) -> 57671.849 | H7: =SUM(H8:H15) -> 13723.805 | I7: =SUM(I8:I15) -> 43948.044 | J7: =SUM(J8:J15) -> 1 | L7: =SUM(L8:L15) -> 1.0428718e+11 | M7: =SUM(M8:M15) -> 1.0325463e+11 | N7: =SUM(N8:N15) -> 2.0754181e+11 | O7: =SUM(O8:O15) -> 2.5572359e+11 | P7: =SUM(P8:P15) -> 3.2553216e+10 | Q7: =SUM(Q8:Q15) -> 2.8827681e+11 | R7: =SUM(R8:R15) -> 1.8604914e+10 | S7: =SUM(S8:S15) -> 2.3683767e+09 | ... U7: =SUM(U8:U15) -> 5.1679191e+11 | W7: =SUM(W8:W15) -> 1.3817623e+11 | Y7: =SUM(Y8:Y15) -> 1.2907598e+10 | Z7: 1600000000 | AA7: =SUM(U7,Y7,Z7) -> 5.3129951e+11 | AB7: ='10_Costos_Renobo'!C4 -> 9000000000 | AC7: =F7 -> 107104.86 | AD7: ='00_Datos_General'!C23 -> 3535000 | AE7: 0.064 | AF7: =PRODUCT(AC7,AD7,AE7) -> 2.4231404e+10 | AG7: =SUM(AA7,AB7,AF7) -> 5.6453092e+11
A8: 1 | B8: =SUMIF('04a_PROPUESTA_MO'!$R$9:$R$42,'06_CARGAS'!A8,'04a_PROPUESTA_MO'!$T$9:$T$42) -> 17268.249 | C8: ='04c_Resumen_MO'!C6 -> 4744.8667 | D8: ='04c_Resumen_MO'!D6 -> 8246.4926 | E8: ='04c_Resumen_MO'!E6 -> 0 | F8: =SUM(C8:E8) -> 12991.359 | G8: ='04c_Resumen_MO'!G6 -> 4276.8892 | H8: ='04c_Resumen_MO'!H6 -> 1355.7527 | I8: ='04c_Resumen_MO'!I6 -> 2921.1365 | J8: =I8/$I$7 -> 0.066467951 | L8: =C8*$L$5 -> 1.6773104e+10 | M8: =C8*$M$5 -> 1.6607034e+10 | N8: =SUM(L8:M8) -> 3.3380138e+10 | O8: =D8*$O$5 -> 2.9151351e+10 | P8: =D8*$P$5 -> 3.7109217e+09 | Q8: =SUM(O8:P8) -> 3.2862273e+10 | R8: =E8*$R$5 -> 0 | S8: =E8*$S$5 -> 0 | T8: =SUM(R8:S8) -> 0 | U8: =SUM(N8,Q8,T8) -> 6.6242411e+10 | W8: =SUM(M8,P8,S8) -> 2.0317955e+10 | Y8: ='05c_Resumen_MORADORES'!G5 -> 0 | Z8: =J8*$Z$7 -> 1.0634872e+08 | AA8: =SUM(U8,Y8,Z8) -> 6.6348759e+10 | AF8: 2.5393996e+09
A9: 2 | B9: =SUMIF('04a_PROPUESTA_MO'!$R$9:$R$42,'06_CARGAS'!A9,'04a_PROPUESTA_MO'!$T$9:$T$42) -> 15602.532 | C9: ='04c_Resumen_MO'!C7 -> 1166.9775 | D9: ='04c_Resumen_MO'!D7 -> 7535.2101 | E9: ='04c_Resumen_MO'!E7 -> 0 | F9: =SUM(C9:E9) -> 8702.1876 | G9: ='04c_Resumen_MO'!G7 -> 6900.3439 | H9: ='04c_Resumen_MO'!H7 -> 1807.5715 | I9: ='04c_Resumen_MO'!I7 -> 5092.7724 | J9: =I9/$I$7 -> 0.11588166 | L9: =C9*$L$5 -> 4.1252655e+09 | M9: =C9*$M$5 -> 4.0844213e+09 | N9: =SUM(L9:M9) -> 8.2096868e+09 | O9: =D9*$O$5 -> 2.6636968e+10 | P9: =D9*$P$5 -> 3.3908445e+09 | Q9: =SUM(O9:P9) -> 3.0027812e+10 | R9: =E9*$R$5 -> 0 | S9: =E9*$S$5 -> 0 | T9: =SUM(R9:S9) -> 0 | U9: =SUM(N9,Q9,T9) -> 3.8237499e+10 | W9: =SUM(M9,P9,S9) -> 7.4752658e+09 | Y9: ='05c_Resumen_MORADORES'!G6 -> 4.6344493e+08 | Z9: =J9*$Z$7 -> 1.8541066e+08 | AA9: =SUM(U9,Y9,Z9) -> 3.8886355e+10 | AF9: 2.2944459e+09
A10: 3 | B10: =SUMIF('04a_PROPUESTA_MO'!$R$9:$R$42,'06_CARGAS'!A10,'04a_PROPUESTA_MO'!$T$9:$T$42) -> 19436.475 | C10: ='04c_Resumen_MO'!C8 -> 2936.0801 | D10: ='04c_Resumen_MO'!D8 -> 9141.2862 | E10: ='04c_Resumen_MO'!E8 -> 0 | F10: =SUM(C10:E10) -> 12077.366 | G10: ='04c_Resumen_MO'!G8 -> 7359.1082 | H10: ='04c_Resumen_MO'!H8 -> 1927.3054 | I10: ='04c_Resumen_MO'!I8 -> 5431.8028 | J10: =I10/$I$7 -> 0.12359601 | L10: =C10*$L$5 -> 1.0379043e+10 | M10: =C10*$M$5 -> 1.0276281e+10 | N10: =SUM(L10:M10) -> 2.0655324e+10 | O10: =D10*$O$5 -> 3.2314447e+10 | P10: =D10*$P$5 -> 4.1135788e+09 | Q10: =SUM(O10:P10) -> 3.6428026e+10 | R10: =E10*$R$5 -> 0 | S10: =E10*$S$5 -> 0 | T10: =SUM(R10:S10) -> 0 | U10: =SUM(N10,Q10,T10) -> 5.7083349e+10 | W10: =SUM(M10,P10,S10) -> 1.4389859e+10 | Y10: ='05c_Resumen_MORADORES'!G7 -> 8.2827892e+08 | Z10: =J10*$Z$7 -> 1.9775361e+08 | AA10: =SUM(U10,Y10,Z10) -> 5.8109382e+10 | AF10: 2.8582502e+09
A11: 4 | B11: =SUMIF('04a_PROPUESTA_MO'!$R$9:$R$42,'06_CARGAS'!A11,'04a_PROPUESTA_MO'!$T$9:$T$42) -> 25621.214 | C11: ='04c_Resumen_MO'!C9 -> 6313.2385 | D11: ='04c_Resumen_MO'!D9 -> 8869.4348 | E11: ='04c_Resumen_MO'!E9 -> 0 | F11: =SUM(C11:E11) -> 15182.673 | G11: ='04c_Resumen_MO'!G9 -> 10438.541 | H11: ='04c_Resumen_MO'!H9 -> 2305.0707 | I11: ='04c_Resumen_MO'!I9 -> 8133.4699 | J11: =I11/$I$7 -> 0.18507012 | L11: =C11*$L$5 -> 2.2317298e+10 | M11: =C11*$M$5 -> 2.2096335e+10 | N11: =SUM(L11:M11) -> 4.4413633e+10 | O11: =D11*$O$5 -> 3.1353452e+10 | P11: =D11*$P$5 -> 3.9912457e+09 | Q11: =SUM(O11:P11) -> 3.5344698e+10 | R11: =E11*$R$5 -> 0 | S11: =E11*$S$5 -> 0 | T11: =SUM(R11:S11) -> 0 | U11: =SUM(N11,Q11,T11) -> 7.975833e+10 | W11: =SUM(M11,P11,S11) -> 2.608758e+10 | Y11: ='05c_Resumen_MORADORES'!G8 -> 2.5968374e+09 | Z11: =J11*$Z$7 -> 2.961122e+08 | AA11: =SUM(U11,Y11,Z11) -> 8.265128e+10 | AF11: 3.7677532e+09
A12: 5 | B12: =SUMIF('04a_PROPUESTA_MO'!$R$9:$R$42,'06_CARGAS'!A12,'04a_PROPUESTA_MO'!$T$9:$T$42) -> 27038.025 | C12: ='04c_Resumen_MO'!C10 -> 2870.3177 | D12: ='04c_Resumen_MO'!D10 -> 13279.249 | E12: ='04c_Resumen_MO'!E10 -> 2806.2957 | F12: =SUM(C12:E12) -> 18955.862 | G12: ='04c_Resumen_MO'!G10 -> 8082.1628 | H12: ='04c_Resumen_MO'!H10 -> 2084.0474 | I12: ='04c_Resumen_MO'!I10 -> 5998.1154 | J12: =I12/$I$7 -> 0.13648196 | L12: =C12*$L$5 -> 1.0146573e+10 | M12: =C12*$M$5 -> 1.0046112e+10 | N12: =SUM(L12:M12) -> 2.0192685e+10 | O12: =D12*$O$5 -> 4.6942143e+10 | P12: =D12*$P$5 -> 5.9756618e+09 | Q12: =SUM(O12:P12) -> 5.2917805e+10 | R12: =E12*$R$5 -> 9.9202554e+09 | S12: =E12*$S$5 -> 1.2628331e+09 | T12: =SUM(R12:S12) -> 1.1183088e+10 | U12: =SUM(N12,Q12,T12) -> 8.4293578e+10 | W12: =SUM(M12,P12,S12) -> 1.7284607e+10 | Y12: ='05c_Resumen_MORADORES'!G9 -> 0 | Z12: =J12*$Z$7 -> 2.1837114e+08 | AA12: =SUM(U12,Y12,Z12) -> 8.451195e+10 | AF12: 3.9761038e+09
A13: 6 | B13: =SUMIF('04a_PROPUESTA_MO'!$R$9:$R$42,'06_CARGAS'!A13,'04a_PROPUESTA_MO'!$T$9:$T$42) -> 21089.899 | C13: ='04c_Resumen_MO'!C11 -> 5562.2636 | D13: ='04c_Resumen_MO'!D11 -> 6942.1096 | E13: ='04c_Resumen_MO'!E11 -> 0 | F13: =SUM(C13:E13) -> 12504.373 | G13: ='04c_Resumen_MO'!G11 -> 8585.5262 | H13: ='04c_Resumen_MO'!H11 -> 1905.1279 | I13: ='04c_Resumen_MO'!I11 -> 6680.3983 | J13: =I13/$I$7 -> 0.15200673 | L13: =C13*$L$5 -> 1.9662602e+10 | M13: =C13*$M$5 -> 1.9467923e+10 | N13: =SUM(L13:M13) -> 3.9130524e+10 | O13: =D13*$O$5 -> 2.4540357e+10 | P13: =D13*$P$5 -> 3.1239493e+09 | Q13: =SUM(O13:P13) -> 2.7664307e+10 | R13: =E13*$R$5 -> 0 | S13: =E13*$S$5 -> 0 | T13: =SUM(R13:S13) -> 0 | U13: =SUM(N13,Q13,T13) -> 6.6794831e+10 | W13: =SUM(M13,P13,S13) -> 2.2591872e+10 | Y13: ='05c_Resumen_MORADORES'!G10 -> 1.4061222e+08 | Z13: =J13*$Z$7 -> 2.4321076e+08 | AA13: =SUM(U13,Y13,Z13) -> 6.7178654e+10 | AF13: 3.1013963e+09
A14: 7 | B14: =SUMIF('04a_PROPUESTA_MO'!$R$9:$R$42,'06_CARGAS'!A14,'04a_PROPUESTA_MO'!$T$9:$T$42) -> 23967.62 | C14: ='04c_Resumen_MO'!C12 -> 3251.2337 | D14: ='04c_Resumen_MO'!D12 -> 11010.76 | E14: ='04c_Resumen_MO'!E12 -> 2456.7635 | F14: =SUM(C14:E14) -> 16718.757 | G14: ='04c_Resumen_MO'!G12 -> 7248.8624 | H14: ='04c_Resumen_MO'!H12 -> 983.6614 | I14: ='04c_Resumen_MO'!I12 -> 6265.201 | J14: =I14/$I$7 -> 0.14255927 | L14: =C14*$L$5 -> 1.1493111e+10 | M14: =C14*$M$5 -> 1.1379318e+10 | N14: =SUM(L14:M14) -> 2.2872429e+10 | O14: =D14*$O$5 -> 3.8923037e+10 | P14: =D14*$P$5 -> 4.954842e+09 | Q14: =SUM(O14:P14) -> 4.3877879e+10 | R14: =E14*$R$5 -> 8.684659e+09 | S14: =E14*$S$5 -> 1.1055436e+09 | T14: =SUM(R14:S14) -> 9.7902026e+09 | U14: =SUM(N14,Q14,T14) -> 7.6540511e+10 | W14: =SUM(M14,P14,S14) -> 1.7439704e+10 | Y14: ='05c_Resumen_MORADORES'!G11 -> 0 | Z14: =J14*$Z$7 -> 2.2809483e+08 | AA14: =SUM(U14,Y14,Z14) -> 7.6768605e+10 | AF14: 3.5245823e+09
A15: 8 | B15: =SUMIF('04a_PROPUESTA_MO'!$R$9:$R$42,'06_CARGAS'!A15,'04a_PROPUESTA_MO'!$T$9:$T$42) -> 14752.699 | C15: ='04c_Resumen_MO'!C13 -> 2656.3462 | D15: ='04c_Resumen_MO'!D13 -> 7315.9372 | E15: ='04c_Resumen_MO'!E13 -> 0 | F15: =SUM(C15:E15) -> 9972.2834 | G15: ='04c_Resumen_MO'!G13 -> 4780.4157 | H15: ='04c_Resumen_MO'!H13 -> 1355.2677 | I15: ='04c_Resumen_MO'!I13 -> 3425.148 | J15: =I15/$I$7 -> 0.077936301 | L15: =C15*$L$5 -> 9.3901838e+09 | M15: =C15*$M$5 -> 9.2972117e+09 | N15: =SUM(L15:M15) -> 1.8687395e+10 | O15: =D15*$O$5 -> 2.5861838e+10 | P15: =D15*$P$5 -> 3.2921717e+09 | Q15: =SUM(O15:P15) -> 2.915401e+10 | R15: =E15*$R$5 -> 0 | S15: =E15*$S$5 -> 0 | T15: =SUM(R15:S15) -> 0 | U15: =SUM(N15,Q15,T15) -> 4.7841405e+10 | W15: =SUM(M15,P15,S15) -> 1.2589383e+10 | Y15: ='05c_Resumen_MORADORES'!G12 -> 8.8784245e+09 | Z15: =J15*$Z$7 -> 1.2469808e+08 | AA15: =SUM(U15,Y15,Z15) -> 5.6844528e+10 | AF15: 2.1694729e+09

Sheet 07a_ATC
A1: RESUMEN MODELO DE OCUPACION
A2: UAU | B2: Area Terreno | C2: Cesiones | G2: Area Desarrollable 1 | I2: Area Retiros | J2: Area útil
C3: Vías | D3: Espacio Público | E3: Cesión suelo E.Q. | F3: Total | N3: Area total Construida
M4: Pisos | N4: 1 | O4: 2 | P4: 3 | Q4: 4 | R4: 5 | S4: 6 | T4: 7 | U4: 8 | V4: 9 | W4: 10 | X4: 11 | Y4: 12 | Z4: 13 | AA4: 14 | AB4: 15 | AC4: 16 | AD4: 17 | AE4: 18 | AF4: 19 | AG4: 20 | AH4: 21 | AI4: 22 | AJ4: 23 | AK4: 24 | AL4: 25 | AM4: 26 | AN4: 27 | AO4: 28 | AP4: 29 | AQ4: 30 | AR4: 31 | AS4: 32 | AT4: 33 | AU4: 34 | AV4: 35 | AW4: 36 | AX4: 37 | AY4: 38 | AZ4: 39 | BA4: 40 | BB4: 41 | BC4: 42 | BD4: 43 | BE4: 44 | BF4: 45
B6: m2 | C6: m2 | D6: m2 | E6: m2 | F6: m2 | G6: m2 | H6: % | I6: m2 | J6: m2 | K6: %
B7: =SUM(B9:B72) -> 164776.71 | C7: =SUM(C9:C72) -> 29501.324 | D7: =SUM(D9:D72) -> 72340.479 | E7: =SUM(E9:E72) -> 5263.0592 | F7: =SUM(F9:F72) -> 107104.86 | G7: =SUM(G9:G72) -> 57671.849 | I7: =SUM(I9:I72) -> 13723.805 | J7: =SUM(J9:J72) -> 43948.044 | K7: =SUM(K9:K72) -> 1 | M7: =SUM(M9,M18,M27,M36,M45,M54,M63,M72) -> 1380937.8
A9: 1 | B9: =SUMIF('04a_PROPUESTA_MO'!$R$9:$R$42,'07a_ATC'!A9,'04a_PROPUESTA_MO'!$T$9:$T$42) -> 17268.249 | C9: =SUMIF('04a_PROPUESTA_MO'!$R$9:$R$42,'07a_ATC'!A9,'04a_PROPUESTA_MO'!$AH$9:$AH$42) -> 4744.8667 | D9: =SUMIF('04a_PROPUESTA_MO'!$R$9:$R$42,'07a_ATC'!A9,'04a_PROPUESTA_MO'!$AI$9:$AI$42) -> 8246.4926 | E9: =SUMIF('04a_PROPUESTA_MO'!$R$9:$R$42,'07a_ATC'!A9,'04a_PROPUESTA_MO'!$AJ$9:$AJ$42) -> 0 | F9: =SUM(C9:E9) -> 12991.359 | G9: =B9-F9 -> 4276.8892 | H9: =G9/$G$7 -> 0.074159044 | I9: =G9-J9 -> 1355.7527 | J9: =SUMIF('04a_PROPUESTA_MO'!$R$9:$R$42,'07a_ATC'!A9,'04a_PROPUESTA_MO'!$AN$9:$AN$42) -> 2921.1365 | K9: =J9/$J$7 -> 0.066467951 | M9: =SUM(M10:M16) -> 94583.32 | N9: =SUM(N10:N16) -> 2598.37 | O9: =SUM(O10:O16) -> 2931.22 | P9: =SUM(P10:P16) -> 2931.22 | Q9: =SUM(Q10:Q16) -> 2931.22 | R9: =SUM(R10:R16) -> 0 | S9: =SUM(S10:S16) -> 2683.59 | T9: =SUM(T10:T16) -> 2683.59 | ... BF9: =SUM(BF10:BF16) -> 0
L10: ='00_Datos_Mercado'!$B$3 -> a_CS - Creativos | M10: =SUM(N10:BF10) -> 0 | N10: 0 | O10: 0 | P10: 0 | Q10: 0 | R10: 0 | S10: 0 | T10: 0 | U10: 0 | V10: 0 | W10: 0 | X10: 0 | Y10: 0 | Z10: 0 | AA10: 0 | AB10: 0 | AC10: 0 | AD10: 0 | AE10: 0 | AF10: 0 | AG10: 0 | AH10: 0 | AI10: 0 | AJ10: 0 | AK10: 0 | AL10: 0 | AM10: 0 | AN10: 0 | AO10: 0 | AP10: 0 | AQ10: 0 | AR10: 0 | AS10: 0 | AT10: 0 | AU10: 0 | AV10: 0 | AW10: 0 | AX10: 0 | AY10: 0 | AZ10: 0 | BA10: 0 | BB10: 0 | BC10: 0 | BD10: 0 | BE10: 0 | BF10: 0
L11: ='00_Datos_Mercado'!$B$4 -> b_CS - General (Comercio + Oficinas + Hospedaje) | M11: =SUM(N11:BF11) -> 11392.03 | N11: 2598.37 | O11: 2931.22 | P11: 2931.22 | Q11: 2931.22 | R11: 0 | S11: 0 | T11: 0 | U11: 0 | V11: 0 | W11: 0 | X11: 0 | Y11: 0 | Z11: 0 | AA11: 0 | AB11: 0 | AC11: 0 | AD11: 0 | AE11: 0 | AF11: 0 | AG11: 0 | AH11: 0 | AI11: 0 | AJ11: 0 | AK11: 0 | AL11: 0 | AM11: 0 | AN11: 0 | AO11: 0 | AP11: 0 | AQ11: 0 | AR11: 0 | AS11: 0 | AT11: 0 | AU11: 0 | AV11: 0 | AW11: 0 | AX11: 0 | AY11: 0 | AZ11: 0 | BA11: 0 | BB11: 0 | BC11: 0 | BD11: 0 | BE11: 0 | BF11: 0
L12: ='00_Datos_Mercado'!$B$5 -> c_CS - Grandes Superficies | M12: =SUM(N12:BF12) -> 0 | N12: 0 | O12: 0 | P12: 0 | Q12: 0 | R12: 0 | S12: 0 | T12: 0 | U12: 0 | V12: 0 | W12: 0 | X12: 0 | Y12: 0 | Z12: 0 | AA12: 0 | AB12: 0 | AC12: 0 | AD12: 0 | AE12: 0 | AF12: 0 | AG12: 0 | AH12: 0 | AI12: 0 | AJ12: 0 | AK12: 0 | AL12: 0 | AM12: 0 | AN12: 0 | AO12: 0 | AP12: 0 | AQ12: 0 | AR12: 0 | AS12: 0 | AT12: 0 | AU12: 0 | AV12: 0 | AW12: 0 | AX12: 0 | AY12: 0 | AZ12: 0 | BA12: 0 | BB12: 0 | BC12: 0 | BD12: 0 | BE12: 0 | BF12: 0
L13: ='00_Datos_Mercado'!$B$6 -> d_CS - Torre Empresarial (Oficinas + Hospedaje) | M13: =SUM(N13:BF13) -> 83191.29 | N13: 0 | O13: 0 | P13: 0 | Q13: 0 | R13: 0 | S13: 2683.59 | T13: 2683.59 | U13: 2683.59 | V13: 2683.59 | W13: 2683.59 | X13: 2683.59 | Y13: 2683.59 | Z13: 2683.59 | AA13: 2683.59 | AB13: 2683.59 | AC13: 2683.59 | AD13: 2683.59 | AE13: 2683.59 | AF13: 2683.59 | AG13: 2683.59 | AH13: 2683.59 | AI13: 2683.59 | AJ13: 2683.59 | AK13: 2683.59 | AL13: 2683.59 | AM13: 2683.59 | AN13: 2683.59 | AO13: 2683.59 | AP13: 2683.59 | AQ13: 2683.59 | AR13: 2683.59 | AS13: 2683.59 | AT13: 2683.59 | AU13: 2683.59 | AV13: 2683.59 | AW13: 2683.59 | AX13: 0 | AY13: 0 | AZ13: 0 | BA13: 0 | BB13: 0 | BC13: 0 | BD13: 0 | BE13: 0 | BF13: 0
L14: ='00_Datos_Mercado'!$B$7 -> e_CS - Innovation (H, CS, Gamers) | M14: =SUM(N14:BF14) -> 0 | N14: 0 | O14: 0 | P14: 0 | Q14: 0 | R14: 0 | S14: 0 | T14: 0 | U14: 0 | V14: 0 | W14: 0 | X14: 0 | Y14: 0 | Z14: 0 | AA14: 0 | AB14: 0 | AC14: 0 | AD14: 0 | AE14: 0 | AF14: 0 | AG14: 0 | AH14: 0 | AI14: 0 | AJ14: 0 | AK14: 0 | AL14: 0 | AM14: 0 | AN14: 0 | AO14: 0 | AP14: 0 | AQ14: 0 | AR14: 0 | AS14: 0 | AT14: 0 | AU14: 0 | AV14: 0 | AW14: 0 | AX14: 0 | AY14: 0 | AZ14: 0 | BA14: 0 | BB14: 0 | BC14: 0 | BD14: 0 | BE14: 0 | BF14: 0
L15: ='00_Datos_Mercado'!$B$8 -> f_RES - VIS Ru | M15: =SUM(N15:BF15) -> 0 | N15: 0 | O15: 0 | P15: 0 | Q15: 0 | R15: 0 | S15: 0 | T15: 0 | U15: 0 | V15: 0 | W15: 0 | X15: 0 | Y15: 0 | Z15: 0 | AA15: 0 | AB15: 0 | AC15: 0 | AD15: 0 | AE15: 0 | AF15: 0 | AG15: 0 | AH15: 0 | AI15: 0 | AJ15: 0 | AK15: 0 | AL15: 0 | AM15: 0 | AN15: 0 | AO15: 0 | AP15: 0 | AQ15: 0 | AR15: 0 | AS15: 0 | AT15: 0 | AU15: 0 | AV15: 0 | AW15: 0 | AX15: 0 | AY15: 0 | AZ15: 0 | BA15: 0 | BB15: 0 | BC15: 0 | BD15: 0 | BE15: 0 | BF15: 0
L16: ='00_Datos_Mercado'!$B$10 -> i_RES - No VIS | M16: =SUM(N16:BF16) -> 0 | N16: 0 | O16: 0 | P16: 0 | Q16: 0 | R16: 0 | S16: 0 | T16: 0 | U16: 0 | V16: 0 | W16: 0 | X16: 0 | Y16: 0 | Z16: 0 | AA16: 0 | AB16: 0 | AC16: 0 | AD16: 0 | AE16: 0 | AF16: 0 | AG16: 0 | AH16: 0 | AI16: 0 | AJ16: 0 | AK16: 0 | AL16: 0 | AM16: 0 | AN16: 0 | AO16: 0 | AP16: 0 | AQ16: 0 | AR16: 0 | AS16: 0 | AT16: 0 | AU16: 0 | AV16: 0 | AW16: 0 | AX16: 0 | AY16: 0 | AZ16: 0 | BA16: 0 | BB16: 0 | BC16: 0 | BD16: 0 | BE16: 0 | BF16: 0
L17: Equipamiento Comunal Privado | M17: =SUM(N17:BF17) -> 5367.18 | N17: 0 | O17: 0 | P17: 0 | Q17: 0 | R17: 2683.59 | S17: 0 | T17: 0 | U17: 0 | V17: 0 | W17: 0 | X17: 0 | Y17: 0 | Z17: 0 | AA17: 0 | AB17: 0 | AC17: 0 | AD17: 0 | AE17: 0 | AF17: 0 | AG17: 0 | AH17: 0 | AI17: 0 | AJ17: 0 | AK17: 0 | AL17: 0 | AM17: 0 | AN17: 0 | AO17: 0 | AP17: 0 | AQ17: 0 | AR17: 0 | AS17: 0 | AT17: 0 | AU17: 0 | AV17: 0 | AW17: 0 | AX17: 2683.59 | BB17: 0 | BC17: 0 | BD17: 0 | BE17: 0 | BF17: 0
A18: 2 | B18: =SUMIF('04a_PROPUESTA_MO'!$R$9:$R$42,'07a_ATC'!A18,'04a_PROPUESTA_MO'!$T$9:$T$42) -> 15602.532 | C18: =SUMIF('04a_PROPUESTA_MO'!$R$9:$R$42,'07a_ATC'!A18,'04a_PROPUESTA_MO'!$AH$9:$AH$42) -> 1166.9775 | D18: =SUMIF('04a_PROPUESTA_MO'!$R$9:$R$42,'07a_ATC'!A18,'04a_PROPUESTA_MO'!$AI$9:$AI$42) -> 7535.2101 | E18: =SUMIF('04a_PROPUESTA_MO'!$R$9:$R$42,'07a_ATC'!A18,'04a_PROPUESTA_MO'!$AJ$9:$AJ$42) -> 0 | F18: =SUM(C18:E18) -> 8702.1876 | G18: =B18-F18 -> 6900.3439 | H18: =G18/$G$7 -> 0.11964839 | I18: =G18-J18 -> 1807.5715 | J18: =SUMIF('04a_PROPUESTA_MO'!$R$9:$R$42,'07a_ATC'!A18,'04a_PROPUESTA_MO'!$AN$9:$AN$42) -> 5092.7724 | K18: =J18/$J$7 -> 0.11588166 | M18: =SUM(M19:M25) -> 172667.1 | N18: =SUM(N19:N25) -> 4844.19 | O18: =SUM(O19:O25) -> 5288.29 | P18: =SUM(P19:P25) -> 5288.17 | Q18: =SUM(Q19:Q25) -> 5288.17 | R18: =SUM(R19:R25) -> 0 | S18: =SUM(S19:S25) -> 4901.88 | T18: =SUM(T19:T25) -> 4901.88 | ... BF18: =SUM(BF19:BF25) -> 0
L19: ='00_Datos_Mercado'!$B$3 -> a_CS - Creativos | M19: =SUM(N19:BF19) -> 4027.45 | N19: 1909.24 | O19: 2118.21 | P19: 0 | Q19: 0 | R19: 0 | S19: 0 | T19: 0 | U19: 0 | V19: 0 | W19: 0 | X19: 0 | Y19: 0 | Z19: 0 | AA19: 0 | AB19: 0 | AC19: 0 | AD19: 0 | AE19: 0 | AF19: 0 | AG19: 0 | AH19: 0 | AI19: 0 | AJ19: 0 | AK19: 0 | AL19: 0 | AM19: 0 | AN19: 0 | AO19: 0 | AP19: 0 | AQ19: 0 | AR19: 0 | AS19: 0 | AT19: 0 | AU19: 0 | AV19: 0 | AW19: 0 | AX19: 0 | AY19: 0 | AZ19: 0 | BA19: 0 | BB19: 0 | BC19: 0 | BD19: 0 | BE19: 0 | BF19: 0
L20: ='00_Datos_Mercado'!$B$4 -> b_CS - General (Comercio + Oficinas + Hospedaje) | M20: =SUM(N20:BF20) -> 16681.37 | N20: 2934.95 | O20: 3170.08 | P20: 5288.17 | Q20: 5288.17 | R20: 0 | S20: 0 | T20: 0 | U20: 0 | V20: 0 | W20: 0 | X20: 0 | Y20: 0 | Z20: 0 | AA20: 0 | AB20: 0 | AC20: 0 | AD20: 0 | AE20: 0 | AF20: 0 | AG20: 0 | AH20: 0 | AI20: 0 | AJ20: 0 | AK20: 0 | AL20: 0 | AM20: 0 | AN20: 0 | AO20: 0 | AP20: 0 | AQ20: 0 | AR20: 0 | AS20: 0 | AT20: 0 | AU20: 0 | AV20: 0 | AW20: 0 | AX20: 0 | AY20: 0 | AZ20: 0 | BA20: 0 | BB20: 0 | BC20: 0 | BD20: 0 | BE20: 0 | BF20: 0
L21: ='00_Datos_Mercado'!$B$5 -> c_CS - Grandes Superficies | M21: =SUM(N21:BF21) -> 0 | N21: 0 | O21: 0 | P21: 0 | Q21: 0 | R21: 0 | S21: 0 | T21: 0 | U21: 0 | V21: 0 | W21: 0 | X21: 0 | Y21: 0 | Z21: 0 | AA21: 0 | AB21: 0 | AC21: 0 | AD21: 0 | AE21: 0 | AF21: 0 | AG21: 0 | AH21: 0 | AI21: 0 | AJ21: 0 | AK21: 0 | AL21: 0 | AM21: 0 | AN21: 0 | AO21: 0 | AP21: 0 | AQ21: 0 | AR21: 0 | AS21: 0 | AT21: 0 | AU21: 0 | AV21: 0 | AW21: 0 | AX21: 0 | AY21: 0 | AZ21: 0 | BA21: 0 | BB21: 0 | BC21: 0 | BD21: 0 | BE21: 0 | BF21: 0
L22: ='00_Datos_Mercado'!$B$6 -> d_CS - Torre Empresarial (Oficinas + Hospedaje) | M22: =SUM(N22:BF22) -> 0 | N22: 0 | O22: 0 | P22: 0 | Q22: 0 | R22: 0 | S22: 0 | T22: 0 | U22: 0 | V22: 0 | W22: 0 | X22: 0 | Y22: 0 | Z22: 0 | AA22: 0 | AB22: 0 | AC22: 0 | AD22: 0 | AE22: 0 | AF22: 0 | AG22: 0 | AH22: 0 | AI22: 0 | AJ22: 0 | AK22: 0 | AL22: 0 | AM22: 0 | AN22: 0 | AO22: 0 | AP22: 0 | AQ22: 0 | AR22: 0 | AS22: 0 | AT22: 0 | AU22: 0 | AV22: 0 | AW22: 0 | AX22: 0 | AY22: 0 | AZ22: 0 | BA22: 0 | BB22: 0 | BC22: 0 | BD22: 0 | BE22: 0 | BF22: 0
L23: ='00_Datos_Mercado'!$B$7 -> e_CS - Innovation (H, CS, Gamers) | M23: =SUM(N23:BF23) -> 0 | N23: 0 | O23: 0 | P23: 0 | Q23: 0 | R23: 0 | S23: 0 | T23: 0 | U23: 0 | V23: 0 | W23: 0 | X23: 0 | Y23: 0 | Z23: 0 | AA23: 0 | AB23: 0 | AC23: 0 | AD23: 0 | AE23: 0 | AF23: 0 | AG23: 0 | AH23: 0 | AI23: 0 | AJ23: 0 | AK23: 0 | AL23: 0 | AM23: 0 | AN23: 0 | AO23: 0 | AP23: 0 | AQ23: 0 | AR23: 0 | AS23: 0 | AT23: 0 | AU23: 0 | AV23: 0 | AW23: 0 | AX23: 0 | AY23: 0 | AZ23: 0 | BA23: 0 | BB23: 0 | BC23: 0 | BD23: 0 | BE23: 0 | BF23: 0
L24: ='00_Datos_Mercado'!$B$8 -> f_RES - VIS Ru | M24: =SUM(N24:BF24) -> 19607.52 | N24: 0 | O24: 0 | P24: 0 | Q24: 0 | R24: 0 | S24: 4901.88 | T24: 4901.88 | U24: 4901.88 | V24: 4901.88 | W24: 0 | X24: 0 | Y24: 0 | Z24: 0 | AA24: 0 | AB24: 0 | AC24: 0 | AD24: 0 | AE24: 0 | AF24: 0 | AG24: 0 | AH24: 0 | AI24: 0 | AJ24: 0 | AK24: 0 | AL24: 0 | AM24: 0 | AN24: 0 | AO24: 0 | AP24: 0 | AQ24: 0 | AR24: 0 | AS24: 0 | AT24: 0 | AU24: 0 | AV24: 0 | AW24: 0 | AX24: 0 | AY24: 0 | AZ24: 0 | BA24: 0 | BB24: 0 | BC24: 0 | BD24: 0 | BE24: 0 | BF24: 0
L25: ='00_Datos_Mercado'!$B$10 -> i_RES - No VIS | M25: =SUM(N25:BF25) -> 132350.76 | N25: 0 | O25: 0 | P25: 0 | Q25: 0 | R25: 0 | S25: 0 | T25: 0 | U25: 0 | V25: 0 | W25: 4901.88 | X25: 4901.88 | Y25: 4901.88 | Z25: 4901.88 | AA25: 4901.88 | AB25: 4901.88 | AC25: 4901.88 | AD25: 4901.88 | AE25: 4901.88 | AF25: 4901.88 | AG25: 4901.88 | AH25: 4901.88 | AI25: 4901.88 | AJ25: 4901.88 | AK25: 4901.88 | AL25: 4901.88 | AM25: 4901.88 | AN25: 4901.88 | AO25: 4901.88 | AP25: 4901.88 | AQ25: 4901.88 | AR25: 4901.88 | AS25: 4901.88 | AT25: 4901.88 | AU25: 4901.88 | AV25: 4901.88 | AW25: 4901.88 | AX25: 0 | AY25: 0 | AZ25: 0 | BA25: 0 | BB25: 0 | BC25: 0 | BD25: 0 | BE25: 0 | BF25: 0
L26: Equipamiento Comunal Privado | M26: =SUM(N26:BF26) -> 9803.76 | N26: 0 | O26: 0 | P26: 0 | Q26: 0 | R26: 4901.88 | T26: 0 | U26: 0 | V26: 0 | W26: 0 | X26: 0 | Y26: 0 | Z26: 0 | AA26: 0 | AB26: 0 | AC26: 0 | AD26: 0 | AE26: 0 | AF26: 0 | AG26: 0 | AH26: 0 | AI26: 0 | AJ26: 0 | AK26: 0 | AL26: 0 | AM26: 0 | AN26: 0 | AO26: 0 | AP26: 0 | AQ26: 0 | AR26: 0 | AS26: 0 | AT26: 0 | AU26: 0 | AV26: 0 | AW26: 0 | AX26: 4901.88 | AY26: 0 | AZ26: 0 | BA26: 0 | BB26: 0 | BC26: 0 | BD26: 0 | BE26: 0 | BF26: 0
A27: 3 | B27: =SUMIF('04a_PROPUESTA_MO'!$R$9:$R$42,'07a_ATC'!A27,'04a_PROPUESTA_MO'!$T$9:$T$42) -> 19436.475 | C27: =SUMIF('04a_PROPUESTA_MO'!$R$9:$R$42,'07a_ATC'!A27,'04a_PROPUESTA_MO'!$AH$9:$AH$42) -> 2936.0801 | D27: =SUMIF('04a_PROPUESTA_MO'!$R$9:$R$42,'07a_ATC'!A27,'04a_PROPUESTA_MO'!$AI$9:$AI$42) -> 9141.2862 | E27: =SUMIF('04a_PROPUESTA_MO'!$R$9:$R$42,'07a_ATC'!A27,'04a_PROPUESTA_MO'!$AJ$9:$AJ$42) -> 0 | F27: =SUM(C27:E27) -> 12077.366 | G27: =B27-F27 -> 7359.1082 | H27: =G27/$G$7 -> 0.12760313 | I27: =G27-J27 -> 1927.3054 | J27: =SUMIF('04a_PROPUESTA_MO'!$R$9:$R$42,'07a_ATC'!A27,'04a_PROPUESTA_MO'!$AN$9:$AN$42) -> 5431.8028 | K27: =J27/$J$7 -> 0.12359601 | M27: =SUM(M28:M34) -> 179127.64 | N27: =SUM(N28:N34) -> 5093.3 | O27: =SUM(O28:O34) -> 5530.72 | P27: =SUM(P28:P34) -> 5530.72 | Q27: =SUM(Q28:Q34) -> 5530.72 | R27: =SUM(R28:R34) -> 0 | S27: =SUM(S28:S34) -> 5078.78 | T27: =SUM(T28:T34) -> 5078.78 | ... BF27: =SUM(BF28:BF34) -> 0
L28: ='00_Datos_Mercado'!$B$3 -> a_CS - Creativos | M28: =SUM(N28:BF28) -> 3623.67 | N28: 1720.93 | O28: 1902.74 | P28: 0 | Q28: 0 | R28: 0 | S28: 0 | T28: 0 | U28: 0 | V28: 0 | W28: 0 | X28: 0 | Y28: 0 | Z28: 0 | AA28: 0 | AB28: 0 | AC28: 0 | AD28: 0 | AE28: 0 | AF28: 0 | AG28: 0 | AH28: 0 | AI28: 0 | AJ28: 0 | AK28: 0 | AL28: 0 | AM28: 0 | AN28: 0 | AO28: 0 | AP28: 0 | AQ28: 0 | AR28: 0 | AS28: 0 | AT28: 0 | AU28: 0 | AV28: 0 | AW28: 0 | AX28: 0 | AY28: 0 | AZ28: 0 | BA28: 0 | BB28: 0 | BC28: 0 | BD28: 0 | BE28: 0 | BF28: 0
L29: ='00_Datos_Mercado'!$B$4 -> b_CS - General (Comercio + Oficinas + Hospedaje) | M29: =SUM(N29:BF29) -> 18061.79 | N29: 3372.37 | O29: 3627.98 | P29: 5530.72 | Q29: 5530.72 | R29: 0 | S29: 0 | T29: 0 | U29: 0 | V29: 0 | W29: 0 | X29: 0 | Y29: 0 | Z29: 0 | AA29: 0 | AB29: 0 | AC29: 0 | AD29: 0 | AE29: 0 | AF29: 0 | AG29: 0 | AH29: 0 | AI29: 0 | AJ29: 0 | AK29: 0 | AL29: 0 | AM29: 0 | AN29: 0 | AO29: 0 | AP29: 0 | AQ29: 0 | AR29: 0 | AS29: 0 | AT29: 0 | AU29: 0 | AV29: 0 | AW29: 0 | AX29: 0 | AY29: 0 | AZ29: 0 | BA29: 0 | BB29: 0 | BC29: 0 | BD29: 0 | BE29: 0 | BF29: 0
L30: ='00_Datos_Mercado'!$B$5 -> c_CS - Grandes Superficies | M30: =SUM(N30:BF30) -> 0 | N30: 0 | O30: 0 | P30: 0 | Q30: 0 | R30: 0 | S30: 0 | T30: 0 | U30: 0 | V30: 0 | W30: 0 | X30: 0 | Y30: 0 | Z30: 0 | AA30: 0 | AB30: 0 | AC30: 0 | AD30: 0 | AE30: 0 | AF30: 0 | AG30: 0 | AH30: 0 | AI30: 0 | AJ30: 0 | AK30: 0 | AL30: 0 | AM30: 0 | AN30: 0 | AO30: 0 | AP30: 0 | AQ30: 0 | AR30: 0 | AS30: 0 | AT30: 0 | AU30: 0 | AV30: 0 | AW30: 0 | AX30: 0 | AY30: 0 | AZ30: 0 | BA30: 0 | BB30: 0 | BC30: 0 | BD30: 0 | BE30: 0 | BF30: 0
L31: ='00_Datos_Mercado'!$B$6 -> d_CS - Torre Empresarial (Oficinas + Hospedaje) | M31: =SUM(N31:BF31) -> 0 | N31: 0 | O31: 0 | P31: 0 | Q31: 0 | R31: 0 | S31: 0 | T31: 0 | U31: 0 | V31: 0 | W31: 0 | X31: 0 | Y31: 0 | Z31: 0 | AA31: 0 | AB31: 0 | AC31: 0 | AD31: 0 | AE31: 0 | AF31: 0 | AG31: 0 | AH31: 0 | AI31: 0 | AJ31: 0 | AK31: 0 | AL31: 0 | AM31: 0 | AN31: 0 | AO31: 0 | AP31: 0 | AQ31: 0 | AR31: 0 | AS31: 0 | AT31: 0 | AU31: 0 | AV31: 0 | AW31: 0 | AX31: 0 | AY31: 0 | AZ31: 0 | BA31: 0 | BB31: 0 | BC31: 0 | BD31: 0 | BE31: 0 | BF31: 0
L32: ='00_Datos_Mercado'!$B$7 -> e_CS - Innovation (H, CS, Gamers) | M32: =SUM(N32:BF32) -> 0 | N32: 0 | O32: 0 | P32: 0 | Q32: 0 | R32: 0 | S32: 0 | T32: 0 | U32: 0 | V32: 0 | W32: 0 | X32: 0 | Y32: 0 | Z32: 0 | AA32: 0 | AB32: 0 | AC32: 0 | AD32: 0 | AE32: 0 | AF32: 0 | AG32: 0 | AH32: 0 | AI32: 0 | AJ32: 0 | AK32: 0 | AL32: 0 | AM32: 0 | AN32: 0 | AO32: 0 | AP32: 0 | AQ32: 0 | AR32: 0 | AS32: 0 | AT32: 0 | AU32: 0 | AV32: 0 | AW32: 0 | AX32: 0 | AY32: 0 | AZ32: 0 | BA32: 0 | BB32: 0 | BC32: 0 | BD32: 0 | BE32: 0 | BF32: 0
L33: ='00_Datos_Mercado'!$B$8 -> f_RES - VIS Ru | M33: =SUM(N33:BF33) -> 20315.12 | N33: 0 | O33: 0 | P33: 0 | Q33: 0 | R33: 0 | S33: 5078.78 | T33: 5078.78 | U33: 5078.78 | V33: 5078.78 | W33: 0 | X33: 0 | Y33: 0 | Z33: 0 | AA33: 0 | AB33: 0 | AC33: 0 | AD33: 0 | AE33: 0 | AF33: 0 | AG33: 0 | AH33: 0 | AI33: 0 | AJ33: 0 | AK33: 0 | AL33: 0 | AM33: 0 | AN33: 0 | AO33: 0 | AP33: 0 | AQ33: 0 | AR33: 0 | AS33: 0 | AT33: 0 | AU33: 0 | AV33: 0 | AW33: 0 | AX33: 0 | AY33: 0 | AZ33: 0 | BA33: 0 | BB33: 0 | BC33: 0 | BD33: 0 | BE33: 0 | BF33: 0
L34: ='00_Datos_Mercado'!$B$10 -> i_RES - No VIS | M34: =SUM(N34:BF34) -> 137127.06 | N34: 0 | O34: 0 | P34: 0 | Q34: 0 | R34: 0 | S34: 0 | T34: 0 | U34: 0 | V34: 0 | W34: 5078.78 | X34: 5078.78 | Y34: 5078.78 | Z34: 5078.78 | AA34: 5078.78 | AB34: 5078.78 | AC34: 5078.78 | AD34: 5078.78 | AE34: 5078.78 | AF34: 5078.78 | AG34: 5078.78 | AH34: 5078.78 | AI34: 5078.78 | AJ34: 5078.78 | AK34: 5078.78 | AL34: 5078.78 | AM34: 5078.78 | AN34: 5078.78 | AO34: 5078.78 | AP34: 5078.78 | AQ34: 5078.78 | AR34: 5078.78 | AS34: 5078.78 | AT34: 5078.78 | AU34: 5078.78 | AV34: 5078.78 | AW34: 5078.78 | AX34: 0 | AY34: 0 | AZ34: 0 | BA34: 0 | BB34: 0 | BC34: 0 | BD34: 0 | BE34: 0 | BF34: 0
L35: Equipamiento Comunal Privado | M35: =SUM(N35:BF35) -> 10157.56 | N35: 0 | O35: 0 | P35: 0 | Q35: 0 | R35: 5078.78 | S35: 0 | T35: 0 | U35: 0 | V35: 0 | W35: 0 | X35: 0 | Y35: 0 | Z35: 0 | AA35: 0 | AB35: 0 | AC35: 0 | AD35: 0 | AE35: 0 | AF35: 0 | AG35: 0 | AH35: 0 | AI35: 0 | AJ35: 0 | AK35: 0 | AL35: 0 | AM35: 0 | AN35: 0 | AO35: 0 | AP35: 0 | AQ35: 0 | AR35: 0 | AS35: 0 | AT35: 0 | AU35: 0 | AV35: 0 | AW35: 0 | AX35: 5078.78 | AY35: 0 | AZ35: 0 | BA35: 0 | BB35: 0 | BC35: 0 | BD35: 0 | BE35: 0 | BF35: 0
A36: 4 | B36: =SUMIF('04a_PROPUESTA_MO'!$R$9:$R$42,'07a_ATC'!A36,'04a_PROPUESTA_MO'!$T$9:$T$42) -> 25621.214 | C36: =SUMIF('04a_PROPUESTA_MO'!$R$9:$R$42,'07a_ATC'!A36,'04a_PROPUESTA_MO'!$AH$9:$AH$42) -> 6313.2385 | D36: =SUMIF('04a_PROPUESTA_MO'!$R$9:$R$42,'07a_ATC'!A36,'04a_PROPUESTA_MO'!$AI$9:$AI$42) -> 8869.4348 | E36: =SUMIF('04a_PROPUESTA_MO'!$R$9:$R$42,'07a_ATC'!A36,'04a_PROPUESTA_MO'!$AJ$9:$AJ$42) -> 0 | F36: =SUM(C36:E36) -> 15182.673 | G36: =B36-F36 -> 10438.541 | H36: =G36/$G$7 -> 0.18099889 | I36: =G36-J36 -> 2305.0707 | J36: =SUMIF('04a_PROPUESTA_MO'!$R$9:$R$42,'07a_ATC'!A36,'04a_PROPUESTA_MO'!$AN$9:$AN$42) -> 8133.4699 | K36: =J36/$J$7 -> 0.18507012 | M36: =SUM(M37:M43) -> 267720.8 | N36: =SUM(N37:N43) -> 7946.44 | O36: =SUM(O37:O43) -> 8498.63 | P36: =SUM(P37:P43) -> 8498.63 | Q36: =SUM(Q37:Q43) -> 8498.63 | R36: =SUM(R37:R43) -> 0 | S36: =SUM(S37:S43) -> 7557.37 | T36: =SUM(T37:T43) -> 7557.37 | ... BF36: =SUM(BF37:BF43) -> 0
L37: ='00_Datos_Mercado'!$B$3 -> a_CS - Creativos | M37: =SUM(N37:BF37) -> 5508.48 | N37: =2633.53 -> 2633.53 | O37: 2874.95 | P37: 0 | Q37: 0 | R37: 0 | S37: 0 | T37: 0 | U37: 0 | V37: 0 | W37: 0 | X37: 0 | Y37: 0 | Z37: 0 | AA37: 0 | AB37: 0 | AC37: 0 | AD37: 0 | AE37: 0 | AF37: 0 | AG37: 0 | AH37: 0 | AI37: 0 | AJ37: 0 | AK37: 0 | AL37: 0 | AM37: 0 | AN37: 0 | AO37: 0 | AP37: 0 | AQ37: 0 | AR37: 0 | AS37: 0 | AT37: 0 | AU37: 0 | AV37: 0 | AW37: 0 | AX37: 0 | AY37: 0 | AZ37: 0 | BA37: 0 | BB37: 0 | BC37: 0 | BD37: 0 | BE37: 0 | BF37: 0
L38: ='00_Datos_Mercado'!$B$4 -> b_CS - General (Comercio + Oficinas + Hospedaje) | M38: =SUM(N38:BF38) -> 22620.94 | N38: 0 | O38: 5623.68 | P38: 8498.63 | Q38: 8498.63 | R38: 0 | S38: 0 | T38: 0 | U38: 0 | V38: 0 | W38: 0 | X38: 0 | Y38: 0 | Z38: 0 | AA38: 0 | AB38: 0 | AC38: 0 | AD38: 0 | AE38: 0 | AF38: 0 | AG38: 0 | AH38: 0 | AI38: 0 | AJ38: 0 | AK38: 0 | AL38: 0 | AM38: 0 | AN38: 0 | AO38: 0 | AP38: 0 | AQ38: 0 | AR38: 0 | AS38: 0 | AT38: 0 | AU38: 0 | AV38: 0 | AW38: 0 | AX38: 0 | AY38: 0 | AZ38: 0 | BA38: 0 | BB38: 0 | BC38: 0 | BD38: 0 | BE38: 0 | BF38: 0
L39: ='00_Datos_Mercado'!$B$5 -> c_CS - Grandes Superficies | M39: =SUM(N39:BF39) -> 5312.91 | N39: 5312.91 | O39: 0 | P39: 0 | Q39: 0 | R39: 0 | S39: 0 | T39: 0 | U39: 0 | V39: 0 | W39: 0 | X39: 0 | Y39: 0 | Z39: 0 | AA39: 0 | AB39: 0 | AC39: 0 | AD39: 0 | AE39: 0 | AF39: 0 | AG39: 0 | AH39: 0 | AI39: 0 | AJ39: 0 | AK39: 0 | AL39: 0 | AM39: 0 | AN39: 0 | AO39: 0 | AP39: 0 | AQ39: 0 | AR39: 0 | AS39: 0 | AT39: 0 | AU39: 0 | AV39: 0 | AW39: 0 | AX39: 0 | AY39: 0 | AZ39: 0 | BA39: 0 | BB39: 0 | BC39: 0 | BD39: 0 | BE39: 0 | BF39: 0
L40: ='00_Datos_Mercado'!$B$6 -> d_CS - Torre Empresarial (Oficinas + Hospedaje) | M40: =SUM(N40:BF40) -> 0 | N40: 0 | O40: 0 | P40: 0 | Q40: 0 | R40: 0 | S40: 0 | T40: 0 | U40: 0 | V40: 0 | W40: 0 | X40: 0 | Y40: 0 | Z40: 0 | AA40: 0 | AB40: 0 | AC40: 0 | AD40: 0 | AE40: 0 | AF40: 0 | AG40: 0 | AH40: 0 | AI40: 0 | AJ40: 0 | AK40: 0 | AL40: 0 | AM40: 0 | AN40: 0 | AO40: 0 | AP40: 0 | AQ40: 0 | AR40: 0 | AS40: 0 | AT40: 0 | AU40: 0 | AV40: 0 | AW40: 0 | AX40: 0 | AY40: 0 | AZ40: 0 | BA40: 0 | BB40: 0 | BC40: 0 | BD40: 0 | BE40: 0 | BF40: 0
L41: ='00_Datos_Mercado'!$B$7 -> e_CS - Innovation (H, CS, Gamers) | M41: =SUM(N41:BF41) -> 0 | N41: 0 | O41: 0 | P41: 0 | Q41: 0 | R41: 0 | S41: 0 | T41: 0 | U41: 0 | V41: 0 | W41: 0 | X41: 0 | Y41: 0 | Z41: 0 | AA41: 0 | AB41: 0 | AC41: 0 | AD41: 0 | AE41: 0 | AF41: 0 | AG41: 0 | AH41: 0 | AI41: 0 | AJ41: 0 | AK41: 0 | AL41: 0 | AM41: 0 | AN41: 0 | AO41: 0 | AP41: 0 | AQ41: 0 | AR41: 0 | AS41: 0 | AT41: 0 | AU41: 0 | AV41: 0 | AW41: 0 | AX41: 0 | AY41: 0 | AZ41: 0 | BA41: 0 | BB41: 0 | BC41: 0 | BD41: 0 | BE41: 0 | BF41: 0
L42: ='00_Datos_Mercado'!$B$8 -> f_RES - VIS Ru | M42: =SUM(N42:BF42) -> 30229.48 | N42: 0 | O42: 0 | P42: 0 | Q42: 0 | R42: 0 | S42: 7557.37 | T42: 7557.37 | U42: 7557.37 | V42: 7557.37 | W42: 0 | X42: 0 | Y42: 0 | Z42: 0 | AA42: 0 | AB42: 0 | AC42: 0 | AD42: 0 | AE42: 0 | AF42: 0 | AG42: 0 | AH42: 0 | AI42: 0 | AJ42: 0 | AK42: 0 | AL42: 0 | AM42: 0 | AN42: 0 | AO42: 0 | AP42: 0 | AQ42: 0 | AR42: 0 | AS42: 0 | AT42: 0 | AU42: 0 | AV42: 0 | AW42: 0 | AX42: 0 | AY42: 0 | AZ42: 0 | BA42: 0 | BB42: 0 | BC42: 0 | BD42: 0 | BE42: 0 | BF42: 0
L43: ='00_Datos_Mercado'!$B$10 -> i_RES - No VIS | M43: =SUM(N43:BF43) -> 204048.99 | N43: 0 | O43: 0 | P43: 0 | Q43: 0 | R43: 0 | S43: 0 | T43: 0 | U43: 0 | V43: 0 | W43: 7557.37 | X43: 7557.37 | Y43: 7557.37 | Z43: 7557.37 | AA43: 7557.37 | AB43: 7557.37 | AC43: 7557.37 | AD43: 7557.37 | AE43: 7557.37 | AF43: 7557.37 | AG43: 7557.37 | AH43: 7557.37 | AI43: 7557.37 | AJ43: 7557.37 | AK43: 7557.37 | AL43: 7557.37 | AM43: 7557.37 | AN43: 7557.37 | AO43: 7557.37 | AP43: 7557.37 | AQ43: 7557.37 | AR43: 7557.37 | AS43: 7557.37 | AT43: 7557.37 | AU43: 7557.37 | AV43: 7557.37 | AW43: 7557.37 | AX43: 0 | AY43: 0 | AZ43: 0 | BA43: 0 | BB43: 0 | BC43: 0 | BD43: 0 | BE43: 0 | BF43: 0
L44: Equipamiento Comunal Privado | M44: =SUM(N44:BF44) -> 15114.74 | N44: 0 | O44: 0 | P44: 0 | Q44: 0 | R44: 7557.37 | S44: 0 | T44: 0 | U44: 0 | V44: 0 | W44: 0 | X44: 0 | Y44: 0 | Z44: 0 | AA44: 0 | AB44: 0 | AC44: 0 | AD44: 0 | AE44: 0 | AF44: 0 | AG44: 0 | AH44: 0 | AI44: 0 | AJ44: 0 | AK44: 0 | AL44: 0 | AM44: 0 | AN44: 0 | AO44: 0 | AP44: 0 | AQ44: 0 | AR44: 0 | AS44: 0 | AT44: 0 | AU44: 0 | AV44: 0 | AW44: 0 | AX44: 7557.37 | AY44: 0 | AZ44: 0 | BA44: 0 | BB44: 0 | BC44: 0 | BD44: 0 | BE44: 0 | BF44: 0
A45: 5 | B45: =SUMIF('04a_PROPUESTA_MO'!$R$9:$R$42,'07a_ATC'!A45,'04a_PROPUESTA_MO'!$T$9:$T$42) -> 27038.025 | C45: =SUMIF('04a_PROPUESTA_MO'!$R$9:$R$42,'07a_ATC'!A45,'04a_PROPUESTA_MO'!$AH$9:$AH$42) -> 2870.3177 | D45: =SUMIF('04a_PROPUESTA_MO'!$R$9:$R$42,'07a_ATC'!A45,'04a_PROPUESTA_MO'!$AI$9:$AI$42) -> 13279.249 | E45: =SUMIF('04a_PROPUESTA_MO'!$R$9:$R$42,'07a_ATC'!A45,'04a_PROPUESTA_MO'!$AJ$9:$AJ$42) -> 2806.2957 | F45: =SUM(C45:E45) -> 18955.862 | G45: =B45-F45 -> 8082.1628 | H45: =G45/$G$7 -> 0.14014052 | I45: =G45-J45 -> 2084.0474 | J45: =SUMIF('04a_PROPUESTA_MO'!$R$9:$R$42,'07a_ATC'!A45,'04a_PROPUESTA_MO'!$AN$9:$AN$42) -> 5998.1154 | K45: =J45/$J$7 -> 0.13648196 | M45: =SUM(M46:M52) -> 202099.68 | N45: =SUM(N46:N52) -> 5684.65 | O45: =SUM(O46:O52) -> 6173.23 | P45: =SUM(P46:P52) -> 6173.22 | Q45: =SUM(Q46:Q52) -> 6173.22 | R45: =SUM(R46:R52) -> 0 | S45: =SUM(S46:S52) -> 5738.56 | T45: =SUM(T46:T52) -> 5738.56 | ... BF45: =SUM(BF46:BF52) -> 0
L46: ='00_Datos_Mercado'!$B$3 -> a_CS - Creativos | M46: =SUM(N46:BF46) -> 5093.8 | N46: 2436.15 | O46: 2657.65 | P46: 0 | Q46: 0 | R46: 0 | S46: 0 | T46: 0 | U46: 0 | V46: 0 | W46: 0 | X46: 0 | Y46: 0 | Z46: 0 | AA46: 0 | AB46: 0 | AC46: 0 | AD46: 0 | AE46: 0 | AF46: 0 | AG46: 0 | AH46: 0 | AI46: 0 | AJ46: 0 | AK46: 0 | AL46: 0 | AM46: 0 | AN46: 0 | AO46: 0 | AP46: 0 | AQ46: 0 | AR46: 0 | AS46: 0 | AT46: 0 | AU46: 0 | AV46: 0 | AW46: 0 | AX46: 0 | AY46: 0 | AZ46: 0 | BA46: 0 | BB46: 0 | BC46: 0 | BD46: 0 | BE46: 0 | BF46: 0
L47: ='00_Datos_Mercado'!$B$4 -> b_CS - General (Comercio + Oficinas + Hospedaje) | M47: =SUM(N47:BF47) -> 19110.52 | N47: 3248.5 | O47: 3515.58 | P47: 6173.22 | Q47: 6173.22 | R47: 0 | S47: 0 | T47: 0 | U47: 0 | V47: 0 | W47: 0 | X47: 0 | Y47: 0 | Z47: 0 | AA47: 0 | AB47: 0 | AC47: 0 | AD47: 0 | AE47: 0 | AF47: 0 | AG47: 0 | AH47: 0 | AI47: 0 | AJ47: 0 | AK47: 0 | AL47: 0 | AM47: 0 | AN47: 0 | AO47: 0 | AP47: 0 | AQ47: 0 | AR47: 0 | AS47: 0 | AT47: 0 | AU47: 0 | AV47: 0 | AW47: 0 | AX47: 0 | AY47: 0 | AZ47: 0 | BA47: 0 | BB47: 0 | BC47: 0 | BD47: 0 | BE47: 0 | BF47: 0
L48: ='00_Datos_Mercado'!$B$5 -> c_CS - Grandes Superficies | M48: =SUM(N48:BF48) -> 0 | N48: 0 | O48: 0 | P48: 0 | Q48: 0 | R48: 0 | S48: 0 | T48: 0 | U48: 0 | V48: 0 | W48: 0 | X48: 0 | Y48: 0 | Z48: 0 | AA48: 0 | AB48: 0 | AC48: 0 | AD48: 0 | AE48: 0 | AF48: 0 | AG48: 0 | AH48: 0 | AI48: 0 | AJ48: 0 | AK48: 0 | AL48: 0 | AM48: 0 | AN48: 0 | AO48: 0 | AP48: 0 | AQ48: 0 | AR48: 0 | AS48: 0 | AT48: 0 | AU48: 0 | AV48: 0 | AW48: 0 | AX48: 0 | AY48: 0 | AZ48: 0 | BA48: 0 | BB48: 0 | BC48: 0 | BD48: 0 | BE48: 0 | BF48: 0
L49: ='00_Datos_Mercado'!$B$6 -> d_CS - Torre Empresarial (Oficinas + Hospedaje) | M49: =SUM(N49:BF49) -> 0 | N49: 0 | O49: 0 | P49: 0 | Q49: 0 | R49: 0 | S49: 0 | T49: 0 | U49: 0 | V49: 0 | W49: 0 | X49: 0 | Y49: 0 | Z49: 0 | AA49: 0 | AB49: 0 | AC49: 0 | AD49: 0 | AE49: 0 | AF49: 0 | AG49: 0 | AH49: 0 | AI49: 0 | AJ49: 0 | AK49: 0 | AL49: 0 | AM49: 0 | AN49: 0 | AO49: 0 | AP49: 0 | AQ49: 0 | AR49: 0 | AS49: 0 | AT49: 0 | AU49: 0 | AV49: 0 | AW49: 0 | AX49: 0 | AY49: 0 | AZ49: 0 | BA49: 0 | BB49: 0 | BC49: 0 | BD49: 0 | BE49: 0 | BF49: 0
L50: ='00_Datos_Mercado'!$B$7 -> e_CS - Innovation (H, CS, Gamers) | M50: =SUM(N50:BF50) -> 0 | N50: 0 | O50: 0 | P50: 0 | Q50: 0 | R50: 0 | S50: 0 | T50: 0 | U50: 0 | V50: 0 | W50: 0 | X50: 0 | Y50: 0 | Z50: 0 | AA50: 0 | AB50: 0 | AC50: 0 | AD50: 0 | AE50: 0 | AF50: 0 | AG50: 0 | AH50: 0 | AI50: 0 | AJ50: 0 | AK50: 0 | AL50: 0 | AM50: 0 | AN50: 0 | AO50: 0 | AP50: 0 | AQ50: 0 | AR50: 0 | AS50: 0 | AT50: 0 | AU50: 0 | AV50: 0 | AW50: 0 | AX50: 0 | AY50: 0 | AZ50: 0 | BA50: 0 | BB50: 0 | BC50: 0 | BD50: 0 | BE50: 0 | BF50: 0
L51: ='00_Datos_Mercado'!$B$8 -> f_RES - VIS Ru | M51: =SUM(N51:BF51) -> 22954.24 | N51: 0 | O51: 0 | P51: 0 | Q51: 0 | R51: 0 | S51: 5738.56 | T51: 5738.56 | U51: 5738.56 | V51: 5738.56 | W51: 0 | X51: 0 | Y51: 0 | Z51: 0 | AA51: 0 | AB51: 0 | AC51: 0 | AD51: 0 | AE51: 0 | AF51: 0 | AG51: 0 | AH51: 0 | AI51: 0 | AJ51: 0 | AK51: 0 | AL51: 0 | AM51: 0 | AN51: 0 | AO51: 0 | AP51: 0 | AQ51: 0 | AR51: 0 | AS51: 0 | AT51: 0 | AU51: 0 | AV51: 0 | AW51: 0 | AX51: 0 | AY51: 0 | AZ51: 0 | BA51: 0 | BB51: 0 | BC51: 0 | BD51: 0 | BE51: 0 | BF51: 0
L52: ='00_Datos_Mercado'!$B$10 -> i_RES - No VIS | M52: =SUM(N52:BF52) -> 154941.12 | N52: 0 | O52: 0 | P52: 0 | Q52: 0 | R52: 0 | S52: 0 | T52: 0 | U52: 0 | V52: 0 | W52: 5738.56 | X52: 5738.56 | Y52: 5738.56 | Z52: 5738.56 | AA52: 5738.56 | AB52: 5738.56 | AC52: 5738.56 | AD52: 5738.56 | AE52: 5738.56 | AF52: 5738.56 | AG52: 5738.56 | AH52: 5738.56 | AI52: 5738.56 | AJ52: 5738.56 | AK52: 5738.56 | AL52: 5738.56 | AM52: 5738.56 | AN52: 5738.56 | AO52: 5738.56 | AP52: 5738.56 | AQ52: 5738.56 | AR52: 5738.56 | AS52: 5738.56 | AT52: 5738.56 | AU52: 5738.56 | AV52: 5738.56 | AW52: 5738.56 | AX52: 0 | AY52: 0 | AZ52: 0 | BA52: 0 | BB52: 0 | BC52: 0 | BD52: 0 | BE52: 0 | BF52: 0
L53: Equipamiento Comunal Privado | M53: =SUM(N53:BF53) -> 11477.12 | N53: 0 | O53: 0 | P53: 0 | Q53: 0 | R53: 5738.56 | S53: 0 | T53: 0 | U53: 0 | V53: 0 | W53: 0 | X53: 0 | Y53: 0 | Z53: 0 | AA53: 0 | AB53: 0 | AC53: 0 | AD53: 0 | AE53: 0 | AF53: 0 | AG53: 0 | AH53: 0 | AI53: 0 | AJ53: 0 | AK53: 0 | AL53: 0 | AM53: 0 | AN53: 0 | AO53: 0 | AP53: 0 | AQ53: 0 | AR53: 0 | AS53: 0 | AT53: 0 | AU53: 0 | AV53: 0 | AW53: 0 | AX53: 5738.56 | AY53: 0 | AZ53: 0 | BA53: 0 | BB53: 0 | BC53: 0 | BD53: 0 | BE53: 0 | BF53: 0
A54: 6 | B54: =SUMIF('04a_PROPUESTA_MO'!$R$9:$R$42,'07a_ATC'!A54,'04a_PROPUESTA_MO'!$T$9:$T$42) -> 21089.899 | C54: =SUMIF('04a_PROPUESTA_MO'!$R$9:$R$42,'07a_ATC'!A54,'04a_PROPUESTA_MO'!$AH$9:$AH$42) -> 5562.2636 | D54: =SUMIF('04a_PROPUESTA_MO'!$R$9:$R$42,'07a_ATC'!A54,'04a_PROPUESTA_MO'!$AI$9:$AI$42) -> 6942.1096 | E54: =SUMIF('04a_PROPUESTA_MO'!$R$9:$R$42,'07a_ATC'!A54,'04a_PROPUESTA_MO'!$AJ$9:$AJ$42) -> 0 | F54: =SUM(C54:E54) -> 12504.373 | G54: =B54-F54 -> 8585.5262 | H54: =G54/$G$7 -> 0.14886858 | I54: =G54-J54 -> 1905.1279 | J54: =SUMIF('04a_PROPUESTA_MO'!$R$9:$R$42,'07a_ATC'!A54,'04a_PROPUESTA_MO'!$AN$9:$AN$42) -> 6680.3983 | K54: =J54/$J$7 -> 0.15200673 | M54: =SUM(M55:M61) -> 214620.23 | N54: =SUM(N55:N61) -> 6350.43 | O54: =SUM(O55:O61) -> 6855.65 | P54: =SUM(P55:P61) -> 6855.66 | Q54: =SUM(Q55:Q61) -> 6855.66 | R54: =SUM(R55:R61) -> 0 | S54: =SUM(S55:S61) -> 6054.93 | T54: =SUM(T55:T61) -> 6054.93 | ... BF54: =SUM(BF55:BF61) -> 0
L55: ='00_Datos_Mercado'!$B$3 -> a_CS - Creativos | M55: =SUM(N55:BF55) -> 5863.34 | N55: 2813.88 | O55: 3049.46 | P55: 0 | Q55: 0 | R55: 0 | S55: 0 | T55: 0 | U55: 0 | V55: 0 | W55: 0 | X55: 0 | Y55: 0 | Z55: 0 | AA55: 0 | AB55: 0 | AC55: 0 | AD55: 0 | AE55: 0 | AF55: 0 | AG55: 0 | AH55: 0 | AI55: 0 | AJ55: 0 | AK55: 0 | AL55: 0 | AM55: 0 | AN55: 0 | AO55: 0 | AP55: 0 | AQ55: 0 | AR55: 0 | AS55: 0 | AT55: 0 | AU55: 0 | AV55: 0 | AW55: 0 | AX55: 0 | AY55: 0 | AZ55: 0 | BA55: 0 | BB55: 0 | BC55: 0 | BD55: 0 | BE55: 0 | BF55: 0
L56: ='00_Datos_Mercado'!$B$4 -> b_CS - General (Comercio + Oficinas + Hospedaje) | M56: =SUM(N56:BF56) -> 21054.06 | N56: 3536.55 | O56: 3806.19 | P56: 6855.66 | Q56: 6855.66 | R56: 0 | S56: 0 | T56: 0 | U56: 0 | V56: 0 | W56: 0 | X56: 0 | Y56: 0 | Z56: 0 | AA56: 0 | AB56: 0 | AC56: 0 | AD56: 0 | AE56: 0 | AF56: 0 | AG56: 0 | AH56: 0 | AI56: 0 | AJ56: 0 | AK56: 0 | AL56: 0 | AM56: 0 | AN56: 0 | AO56: 0 | AP56: 0 | AQ56: 0 | AR56: 0 | AS56: 0 | AT56: 0 | AU56: 0 | AV56: 0 | AW56: 0 | AX56: 0 | AY56: 0 | AZ56: 0 | BA56: 0 | BB56: 0 | BC56: 0 | BD56: 0 | BE56: 0 | BF56: 0
L57: ='00_Datos_Mercado'!$B$5 -> c_CS - Grandes Superficies | M57: =SUM(N57:BF57) -> 0 | N57: 0 | O57: 0 | P57: 0 | Q57: 0 | R57: 0 | S57: 0 | T57: 0 | U57: 0 | V57: 0 | W57: 0 | X57: 0 | Y57: 0 | Z57: 0 | AA57: 0 | AB57: 0 | AC57: 0 | AD57: 0 | AE57: 0 | AF57: 0 | AG57: 0 | AH57: 0 | AI57: 0 | AJ57: 0 | AK57: 0 | AL57: 0 | AM57: 0 | AN57: 0 | AO57: 0 | AP57: 0 | AQ57: 0 | AR57: 0 | AS57: 0 | AT57: 0 | AU57: 0 | AV57: 0 | AW57: 0 | AX57: 0 | AY57: 0 | AZ57: 0 | BA57: 0 | BB57: 0 | BC57: 0 | BD57: 0 | BE57: 0 | BF57: 0
L58: ='00_Datos_Mercado'!$B$6 -> d_CS - Torre Empresarial (Oficinas + Hospedaje) | M58: =SUM(N58:BF58) -> 0 | N58: 0 | O58: 0 | P58: 0 | Q58: 0 | R58: 0 | S58: 0 | T58: 0 | U58: 0 | V58: 0 | W58: 0 | X58: 0 | Y58: 0 | Z58: 0 | AA58: 0 | AB58: 0 | AC58: 0 | AD58: 0 | AE58: 0 | AF58: 0 | AG58: 0 | AH58: 0 | AI58: 0 | AJ58: 0 | AK58: 0 | AL58: 0 | AM58: 0 | AN58: 0 | AO58: 0 | AP58: 0 | AQ58: 0 | AR58: 0 | AS58: 0 | AT58: 0 | AU58: 0 | AV58: 0 | AW58: 0 | AX58: 0 | AY58: 0 | AZ58: 0 | BA58: 0 | BB58: 0 | BC58: 0 | BD58: 0 | BE58: 0 | BF58: 0
L59: ='00_Datos_Mercado'!$B$7 -> e_CS - Innovation (H, CS, Gamers) | M59: =SUM(N59:BF59) -> 0 | N59: 0 | O59: 0 | P59: 0 | Q59: 0 | R59: 0 | S59: 0 | T59: 0 | U59: 0 | V59: 0 | W59: 0 | X59: 0 | Y59: 0 | Z59: 0 | AA59: 0 | AB59: 0 | AC59: 0 | AD59: 0 | AE59: 0 | AF59: 0 | AG59: 0 | AH59: 0 | AI59: 0 | AJ59: 0 | AK59: 0 | AL59: 0 | AM59: 0 | AN59: 0 | AO59: 0 | AP59: 0 | AQ59: 0 | AR59: 0 | AS59: 0 | AT59: 0 | AU59: 0 | AV59: 0 | AW59: 0 | AX59: 0 | AY59: 0 | AZ59: 0 | BA59: 0 | BB59: 0 | BC59: 0 | BD59: 0 | BE59: 0 | BF59: 0
L60: ='00_Datos_Mercado'!$B$8 -> f_RES - VIS Ru | M60: =SUM(N60:BF60) -> 24219.72 | N60: 0 | O60: 0 | P60: 0 | Q60: 0 | R60: 0 | S60: 6054.93 | T60: 6054.93 | U60: 6054.93 | V60: 6054.93 | W60: 0 | X60: 0 | Y60: 0 | Z60: 0 | AA60: 0 | AB60: 0 | AC60: 0 | AD60: 0 | AE60: 0 | AF60: 0 | AG60: 0 | AH60: 0 | AI60: 0 | AJ60: 0 | AK60: 0 | AL60: 0 | AM60: 0 | AN60: 0 | AO60: 0 | AP60: 0 | AQ60: 0 | AR60: 0 | AS60: 0 | AT60: 0 | AU60: 0 | AV60: 0 | AW60: 0 | AX60: 0 | AY60: 0 | AZ60: 0 | BA60: 0 | BB60: 0 | BC60: 0 | BD60: 0 | BE60: 0 | BF60: 0
L61: ='00_Datos_Mercado'!$B$10 -> i_RES - No VIS | M61: =SUM(N61:BF61) -> 163483.11 | N61: 0 | O61: 0 | P61: 0 | Q61: 0 | R61: 0 | S61: 0 | T61: 0 | U61: 0 | V61: 0 | W61: 6054.93 | X61: 6054.93 | Y61: 6054.93 | Z61: 6054.93 | AA61: 6054.93 | AB61: 6054.93 | AC61: 6054.93 | AD61: 6054.93 | AE61: 6054.93 | AF61: 6054.93 | AG61: 6054.93 | AH61: 6054.93 | AI61: 6054.93 | AJ61: 6054.93 | AK61: 6054.93 | AL61: 6054.93 | AM61: 6054.93 | AN61: 6054.93 | AO61: 6054.93 | AP61: 6054.93 | AQ61: 6054.93 | AR61: 6054.93 | AS61: 6054.93 | AT61: 6054.93 | AU61: 6054.93 | AV61: 6054.93 | AW61: 6054.93 | AX61: 0 | AY61: 0 | AZ61: 0 | BA61: 0 | BB61: 0 | BC61: 0 | BD61: 0 | BE61: 0 | BF61: 0
L62: Equipamiento Comunal Privado | M62: =SUM(N62:BF62) -> 12109.86 | N62: 0 | O62: 0 | P62: 0 | Q62: 0 | R62: 6054.93 | S62: 0 | T62: 0 | U62: 0 | V62: 0 | W62: 0 | X62: 0 | Y62: 0 | Z62: 0 | AA62: 0 | AB62: 0 | AC62: 0 | AD62: 0 | AE62: 0 | AF62: 0 | AG62: 0 | AH62: 0 | AI62: 0 | AJ62: 0 | AK62: 0 | AL62: 0 | AM62: 0 | AN62: 0 | AO62: 0 | AP62: 0 | AQ62: 0 | AR62: 0 | AS62: 0 | AT62: 0 | AU62: 0 | AV62: 0 | AW62: 0 | AX62: 6054.93 | AY62: 0 | AZ62: 0 | BA62: 0 | BB62: 0 | BC62: 0 | BD62: 0 | BE62: 0 | BF62: 0
A63: 7 | B63: =SUMIF('04a_PROPUESTA_MO'!$R$9:$R$42,'07a_ATC'!A63,'04a_PROPUESTA_MO'!$T$9:$T$42) -> 23967.62 | C63: =SUMIF('04a_PROPUESTA_MO'!$R$9:$R$42,'07a_ATC'!A63,'04a_PROPUESTA_MO'!$AH$9:$AH$42) -> 3251.2337 | D63: =SUMIF('04a_PROPUESTA_MO'!$R$9:$R$42,'07a_ATC'!A63,'04a_PROPUESTA_MO'!$AI$9:$AI$42) -> 11010.76 | E63: =SUMIF('04a_PROPUESTA_MO'!$R$9:$R$42,'07a_ATC'!A63,'04a_PROPUESTA_MO'!$AJ$9:$AJ$42) -> 2456.7635 | F63: =SUM(C63:E63) -> 16718.757 | G63: =B63-F63 -> 7248.8624 | H63: =G63/$G$7 -> 0.12569152 | I63: =G63-J63 -> 983.6614 | J63: =SUMIF('04a_PROPUESTA_MO'!$R$9:$R$42,'07a_ATC'!A63,'04a_PROPUESTA_MO'!$AN$9:$AN$42) -> 6265.201 | K63: =J63/$J$7 -> 0.14255927 | M63: =SUM(M64:M70) -> 138244.37 | N63: =SUM(N64:N70) -> 5710.13 | O63: =SUM(O64:O70) -> 6031.65 | P63: =SUM(P64:P70) -> 6031.65 | Q63: =SUM(Q64:Q70) -> 6031.65 | R63: =SUM(R64:R70) -> 0 | S63: =SUM(S64:S70) -> 3691.59 | T63: =SUM(T64:T70) -> 3691.59 | ... BF63: =SUM(BF64:BF70) -> 0
L64: ='00_Datos_Mercado'!$B$3 -> a_CS - Creativos | M64: =SUM(N64:BF64) -> 11741.78 | N64: 5710.13 | O64: 6031.65 | P64: 0 | Q64: 0 | R64: 0 | S64: 0 | T64: 0 | U64: 0 | V64: 0 | W64: 0 | X64: 0 | Y64: 0 | Z64: 0 | AA64: 0 | AB64: 0 | AC64: 0 | AD64: 0 | AE64: 0 | AF64: 0 | AG64: 0 | AH64: 0 | AI64: 0 | AJ64: 0 | AK64: 0 | AL64: 0 | AM64: 0 | AN64: 0 | AO64: 0 | AP64: 0 | AQ64: 0 | AR64: 0 | AS64: 0 | AT64: 0 | AU64: 0 | AV64: 0 | AW64: 0 | AX64: 0 | AY64: 0 | AZ64: 0 | BA64: 0 | BB64: 0 | BC64: 0 | BD64: 0 | BE64: 0 | BF64: 0
L65: ='00_Datos_Mercado'!$B$4 -> b_CS - General (Comercio + Oficinas + Hospedaje) | M65: =SUM(N65:BF65) -> 12063.3 | N65: 0 | O65: 0 | P65: 6031.65 | Q65: 6031.65 | S65: 0 | T65: 0 | U65: 0 | V65: 0 | W65: 0 | X65: 0 | Y65: 0 | Z65: 0 | AA65: 0 | AB65: 0 | AC65: 0 | AD65: 0 | AE65: 0 | AF65: 0 | AG65: 0 | AH65: 0 | AI65: 0 | AJ65: 0 | AK65: 0 | AL65: 0 | AM65: 0 | AN65: 0 | AO65: 0 | AP65: 0 | AQ65: 0 | AR65: 0 | AS65: 0 | AT65: 0 | AU65: 0 | AV65: 0 | AW65: 0 | AX65: 0 | AY65: 0 | AZ65: 0 | BA65: 0 | BB65: 0 | BC65: 0 | BD65: 0 | BE65: 0 | BF65: 0
L66: ='00_Datos_Mercado'!$B$5 -> c_CS - Grandes Superficies | M66: =SUM(N66:BF66) -> 0 | N66: 0 | O66: 0 | P66: 0 | Q66: 0 | R66: 0 | S66: 0 | T66: 0 | U66: 0 | V66: 0 | W66: 0 | X66: 0 | Y66: 0 | Z66: 0 | AA66: 0 | AB66: 0 | AC66: 0 | AD66: 0 | AE66: 0 | AF66: 0 | AG66: 0 | AH66: 0 | AI66: 0 | AJ66: 0 | AK66: 0 | AL66: 0 | AM66: 0 | AN66: 0 | AO66: 0 | AP66: 0 | AQ66: 0 | AR66: 0 | AS66: 0 | AT66: 0 | AU66: 0 | AV66: 0 | AW66: 0 | AX66: 0 | AY66: 0 | AZ66: 0 | BA66: 0 | BB66: 0 | BC66: 0 | BD66: 0 | BE66: 0 | BF66: 0
L67: ='00_Datos_Mercado'!$B$6 -> d_CS - Torre Empresarial (Oficinas + Hospedaje) | M67: =SUM(N67:BF67) -> 0 | N67: 0 | O67: 0 | P67: 0 | Q67: 0 | R67: 0 | S67: 0 | T67: 0 | U67: 0 | V67: 0 | W67: 0 | X67: 0 | Y67: 0 | Z67: 0 | AA67: 0 | AB67: 0 | AC67: 0 | AD67: 0 | AE67: 0 | AF67: 0 | AG67: 0 | AH67: 0 | AI67: 0 | AJ67: 0 | AK67: 0 | AL67: 0 | AM67: 0 | AN67: 0 | AO67: 0 | AP67: 0 | AQ67: 0 | AR67: 0 | AS67: 0 | AT67: 0 | AU67: 0 | AV67: 0 | AW67: 0 | AX67: 0 | AY67: 0 | AZ67: 0 | BA67: 0 | BB67: 0 | BC67: 0 | BD67: 0 | BE67: 0 | BF67: 0
L68: ='00_Datos_Mercado'!$B$7 -> e_CS - Innovation (H, CS, Gamers) | M68: =SUM(N68:BF68) -> 0 | N68: 0 | O68: 0 | P68: 0 | Q68: 0 | R68: 0 | S68: 0 | T68: 0 | U68: 0 | V68: 0 | W68: 0 | X68: 0 | Y68: 0 | Z68: 0 | AA68: 0 | AB68: 0 | AC68: 0 | AD68: 0 | AE68: 0 | AF68: 0 | AG68: 0 | AH68: 0 | AI68: 0 | AJ68: 0 | AK68: 0 | AL68: 0 | AM68: 0 | AN68: 0 | AO68: 0 | AP68: 0 | AQ68: 0 | AR68: 0 | AS68: 0 | AT68: 0 | AU68: 0 | AV68: 0 | AW68: 0 | AX68: 0 | AY68: 0 | AZ68: 0 | BA68: 0 | BB68: 0 | BC68: 0 | BD68: 0 | BE68: 0 | BF68: 0
L69: ='00_Datos_Mercado'!$B$8 -> f_RES - VIS Ru | M69: =SUM(N69:BF69) -> 14766.36 | N69: 0 | O69: 0 | P69: 0 | Q69: 0 | R69: 0 | S69: 3691.59 | T69: 3691.59 | U69: 3691.59 | V69: 3691.59 | W69: 0 | X69: 0 | Y69: 0 | Z69: 0 | AA69: 0 | AB69: 0 | AC69: 0 | AD69: 0 | AE69: 0 | AF69: 0 | AG69: 0 | AH69: 0 | AI69: 0 | AJ69: 0 | AK69: 0 | AL69: 0 | AM69: 0 | AN69: 0 | AO69: 0 | AP69: 0 | AQ69: 0 | AR69: 0 | AS69: 0 | AT69: 0 | AU69: 0 | AV69: 0 | AW69: 0 | AX69: 0 | AY69: 0 | AZ69: 0 | BA69: 0 | BB69: 0 | BC69: 0 | BD69: 0 | BE69: 0 | BF69: 0
L70: ='00_Datos_Mercado'!$B$10 -> i_RES - No VIS | M70: =SUM(N70:BF70) -> 99672.93 | N70: 0 | O70: 0 | P70: 0 | Q70: 0 | R70: 0 | S70: 0 | T70: 0 | U70: 0 | V70: 0 | W70: 3691.59 | X70: 3691.59 | Y70: 3691.59 | Z70: 3691.59 | AA70: 3691.59 | AB70: 3691.59 | AC70: 3691.59 | AD70: 3691.59 | AE70: 3691.59 | AF70: 3691.59 | AG70: 3691.59 | AH70: 3691.59 | AI70: 3691.59 | AJ70: 3691.59 | AK70: 3691.59 | AL70: 3691.59 | AM70: 3691.59 | AN70: 3691.59 | AO70: 3691.59 | AP70: 3691.59 | AQ70: 3691.59 | AR70: 3691.59 | AS70: 3691.59 | AT70: 3691.59 | AU70: 3691.59 | AV70: 3691.59 | AW70: 3691.59 | AX70: 0 | AY70: 0 | AZ70: 0 | BA70: 0 | BB70: 0 | BC70: 0 | BD70: 0 | BE70: 0 | BF70: 0
L71: Equipamiento Comunal Privado | M71: =SUM(N71:BF71) -> 7383.18 | N71: 0 | O71: 0 | P71: 0 | Q71: 0 | R71: 3691.59 | S71: 0 | T71: 0 | U71: 0 | V71: 0 | W71: 0 | X71: 0 | Y71: 0 | Z71: 0 | AA71: 0 | AB71: 0 | AC71: 0 | AD71: 0 | AE71: 0 | AF71: 0 | AG71: 0 | AH71: 0 | AI71: 0 | AJ71: 0 | AK71: 0 | AL71: 0 | AM71: 0 | AN71: 0 | AO71: 0 | AP71: 0 | AQ71: 0 | AR71: 0 | AS71: 0 | AT71: 0 | AU71: 0 | AV71: 0 | AW71: 0 | AX71: 3691.59 | AY71: 0 | AZ71: 0 | BA71: 0 | BB71: 0 | BC71: 0 | BD71: 0 | BE71: 0 | BF71: 0
A72: 8 | B72: =SUMIF('04a_PROPUESTA_MO'!$R$9:$R$42,'07a_ATC'!A72,'04a_PROPUESTA_MO'!$T$9:$T$42) -> 14752.699 | C72: =SUMIF('04a_PROPUESTA_MO'!$R$9:$R$42,'07a_ATC'!A72,'04a_PROPUESTA_MO'!$AH$9:$AH$42) -> 2656.3462 | D72: =SUMIF('04a_PROPUESTA_MO'!$R$9:$R$42,'07a_ATC'!A72,'04a_PROPUESTA_MO'!$AI$9:$AI$42) -> 7315.9372 | E72: =SUMIF('04a_PROPUESTA_MO'!$R$9:$R$42,'07a_ATC'!A72,'04a_PROPUESTA_MO'!$AJ$9:$AJ$42) -> 0 | F72: =SUM(C72:E72) -> 9972.2834 | G72: =B72-F72 -> 4780.4157 | H72: =G72/$G$7 -> 0.082889932 | I72: =G72-J72 -> 1355.2677 | J72: =SUMIF('04a_PROPUESTA_MO'!$R$9:$R$42,'07a_ATC'!A72,'04a_PROPUESTA_MO'!$AN$9:$AN$42) -> 3425.148 | K72: =J72/$J$7 -> 0.077936301 | M72: =SUM(M73:M79) -> 111874.71 | N72: =SUM(N73:N79) -> 3150.69 | O72: =SUM(O73:O79) -> 3504.72 | P72: =SUM(P73:P79) -> 3504.72 | Q72: =SUM(Q73:Q79) -> 3504.72 | R72: =SUM(R73:R79) -> 0 | S72: =SUM(S73:S79) -> 3168.06 | T72: =SUM(T73:T79) -> 3168.06 | ... BF72: =SUM(BF73:BF79) -> 0
L73: ='00_Datos_Mercado'!$B$3 -> a_CS - Creativos | M73: =SUM(N73:BF73) -> 0 | N73: 0 | O73: 0 | P73: 0 | Q73: 0 | R73: 0 | S73: 0 | T73: 0 | U73: 0 | V73: 0 | W73: 0 | X73: 0 | Y73: 0 | Z73: 0 | AA73: 0 | AB73: 0 | AC73: 0 | AD73: 0 | AE73: 0 | AF73: 0 | AG73: 0 | AH73: 0 | AI73: 0 | AJ73: 0 | AK73: 0 | AL73: 0 | AM73: 0 | AN73: 0 | AO73: 0 | AP73: 0 | AQ73: 0 | AR73: 0 | AS73: 0 | AT73: 0 | AU73: 0 | AV73: 0 | AW73: 0 | AX73: 0 | AY73: 0 | AZ73: 0 | BA73: 0 | BB73: 0 | BC73: 0 | BD73: 0 | BE73: 0 | BF73: 0
L74: ='00_Datos_Mercado'!$B$4 -> b_CS - General (Comercio + Oficinas + Hospedaje) | M74: =SUM(N74:BF74) -> 0 | N74: 0 | O74: 0 | P74: 0 | Q74: 0 | R74: 0 | S74: 0 | T74: 0 | U74: 0 | V74: 0 | W74: 0 | X74: 0 | Y74: 0 | Z74: 0 | AA74: 0 | AB74: 0 | AC74: 0 | AD74: 0 | AE74: 0 | AF74: 0 | AG74: 0 | AH74: 0 | AI74: 0 | AJ74: 0 | AK74: 0 | AL74: 0 | AM74: 0 | AN74: 0 | AO74: 0 | AP74: 0 | AQ74: 0 | AR74: 0 | AS74: 0 | AT74: 0 | AU74: 0 | AV74: 0 | AW74: 0 | AX74: 0 | AY74: 0 | AZ74: 0 | BA74: 0 | BB74: 0 | BC74: 0 | BD74: 0 | BE74: 0 | BF74: 0
L75: ='00_Datos_Mercado'!$B$5 -> c_CS - Grandes Superficies | M75: =SUM(N75:BF75) -> 0 | N75: 0 | O75: 0 | P75: 0 | Q75: 0 | R75: 0 | S75: 0 | T75: 0 | U75: 0 | V75: 0 | W75: 0 | X75: 0 | Y75: 0 | Z75: 0 | AA75: 0 | AB75: 0 | AC75: 0 | AD75: 0 | AE75: 0 | AF75: 0 | AG75: 0 | AH75: 0 | AI75: 0 | AJ75: 0 | AK75: 0 | AL75: 0 | AM75: 0 | AN75: 0 | AO75: 0 | AP75: 0 | AQ75: 0 | AR75: 0 | AS75: 0 | AT75: 0 | AU75: 0 | AV75: 0 | AW75: 0 | AX75: 0 | AY75: 0 | AZ75: 0 | BA75: 0 | BB75: 0 | BC75: 0 | BD75: 0 | BE75: 0 | BF75: 0
L76: ='00_Datos_Mercado'!$B$6 -> d_CS - Torre Empresarial (Oficinas + Hospedaje) | M76: =SUM(N76:BF76) -> 0 | N76: 0 | O76: 0 | P76: 0 | Q76: 0 | R76: 0 | S76: 0 | T76: 0 | U76: 0 | V76: 0 | W76: 0 | X76: 0 | Y76: 0 | Z76: 0 | AA76: 0 | AB76: 0 | AC76: 0 | AD76: 0 | AE76: 0 | AF76: 0 | AG76: 0 | AH76: 0 | AI76: 0 | AJ76: 0 | AK76: 0 | AL76: 0 | AM76: 0 | AN76: 0 | AO76: 0 | AP76: 0 | AQ76: 0 | AR76: 0 | AS76: 0 | AT76: 0 | AU76: 0 | AV76: 0 | AW76: 0 | AX76: 0 | AY76: 0 | AZ76: 0 | BA76: 0 | BB76: 0 | BC76: 0 | BD76: 0 | BE76: 0 | BF76: 0
L77: ='00_Datos_Mercado'!$B$7 -> e_CS - Innovation (H, CS, Gamers) | M77: =SUM(N77:BF77) -> 111874.71 | N77: 3150.69 | O77: 3504.72 | P77: 3504.72 | Q77: 3504.72 | R77: 0 | S77: 3168.06 | T77: 3168.06 | U77: 3168.06 | V77: 3168.06 | W77: 3168.06 | X77: 3168.06 | Y77: 3168.06 | Z77: 3168.06 | AA77: 3168.06 | AB77: 3168.06 | AC77: 3168.06 | AD77: 3168.06 | AE77: 3168.06 | AF77: 3168.06 | AG77: 3168.06 | AH77: 3168.06 | AI77: 3168.06 | AJ77: 3168.06 | AK77: 3168.06 | AL77: 3168.06 | AM77: 3168.06 | AN77: 3168.06 | AO77: 3168.06 | AP77: 3168.06 | AQ77: 3168.06 | AR77: 3168.06 | AS77: 3168.06 | AT77: 3168.06 | AU77: 3168.06 | AV77: 3168.06 | AW77: 3168.06 | AX77: 0 | AY77: 0 | AZ77: 0 | BA77: 0 | BB77: 0 | BC77: 0 | BD77: 0 | BE77: 0 | BF77: 0
L78: ='00_Datos_Mercado'!$B$8 -> f_RES - VIS Ru | M78: =SUM(N78:BF78) -> 0 | N78: =SUM(O78:AS78) -> 0 | O78: =SUM(P78:AT78) -> 0 | P78: =SUM(Q78:AU78) -> 0 | Q78: =SUM(R78:AV78) -> 0 | R78: =SUM(S78:AW78) -> 0 | S78: =SUM(T78:AX78) -> 0 | T78: =SUM(U78:AY78) -> 0 | U78: =SUM(V78:AZ78) -> 0 | ... AR78: =SUM(AS78:BW78) -> 0 | AS78: 0 | AT78: 0 | AU78: 0 | AV78: 0 | AW78: 0 | AX78: 0 | AY78: 0 | AZ78: 0 | BA78: 0 | BB78: 0 | BC78: 0 | BD78: 0 | BE78: 0 | BF78: 0
L79: ='00_Datos_Mercado'!$B$10 -> i_RES - No VIS | M79: =SUM(N79:BF79) -> 0 | N79: =SUM(O79:AS79) -> 0 | O79: =SUM(P79:AT79) -> 0 | P79: =SUM(Q79:AU79) -> 0 | Q79: =SUM(R79:AV79) -> 0 | R79: =SUM(S79:AW79) -> 0 | S79: =SUM(T79:AX79) -> 0 | T79: =SUM(U79:AY79) -> 0 | U79: =SUM(V79:AZ79) -> 0 | ... AR79: =SUM(AS79:BW79) -> 0 | AS79: 0 | AT79: 0 | AU79: 0 | AV79: 0 | AW79: 0 | AX79: 0 | AY79: 0 | AZ79: 0 | BA79: 0 | BB79: 0 | BC79: 0 | BD79: 0 | BE79: 0 | BF79: 0
L80: Equipamiento Comunal Privado | M80: =SUM(N80:BF80) -> 6336.12 | N80: 0 | O80: 0 | P80: 0 | Q80: 0 | R80: 3168.06 | S80: 0 | T80: 0 | U80: 0 | V80: 0 | W80: 0 | X80: 0 | Y80: 0 | Z80: 0 | AA80: 0 | AB80: 0 | AC80: 0 | AD80: 0 | AE80: 0 | AF80: 0 | AG80: 0 | AH80: 0 | AI80: 0 | AJ80: 0 | AK80: 0 | AL80: 0 | AM80: 0 | AN80: 0 | AO80: 0 | AP80: 0 | AQ80: 0 | AR80: 0 | AS80: 0 | AT80: 0 | AU80: 0 | AV80: 0 | AW80: 0 | AX80: 3168.06 | AY80: 0 | AZ80: 0 | BA80: 0 | BB80: 0 | BC80: 0 | BD80: 0 | BE80: 0 | BF80: 0

Sheet 07b_ATC_Ajuste
B1: Primer Piso | F1: Piso 2 a 4 | H1: Pisos 5>
A2: uau | B2: Area Util Original | C2: Area Util Ajustada 96,301 % | D2: Incremento | E2: % incremento
B3: m2 | C3: m2 | D3: m2 | E3: % | F3: m2 | G3: m2 | H3: m2 | I3: m2
B4: =SUM(B5:B12) -> 41377.779 | C4: =SUM(C5:C12) -> 43948.044 | D4: =SUM(D5:D12) -> 2570.2654
A5: 1 | B5: 2598.432 | C5: ='04c_Resumen_MO'!I6 -> 2921.1365 | D5: =C5-B5 -> 322.70447 | E5: =D5/B5 -> 0.124192 | F5: 2931.22 | G5: =F5*(1+E5) -> 3295.2541 | H5: 2683.59 | I5: =H5*(1+E5) -> 3016.8704
A6: 2 | B6: 4843.3685 | C6: ='04c_Resumen_MO'!I7 -> 5092.7724 | D6: =C6-B6 -> 249.40388 | E6: =D6/B6 -> 0.05149389 | F6: 5288.17 | G6: =F6*(1+E6) -> 5560.4784 | H6: 4901.88 | I6: =H6*(1+E6) -> 5154.2969
A7: 3 | B7: 5093.2917 | C7: ='04c_Resumen_MO'!I8 -> 5431.8028 | D7: =C7-B7 -> 338.51105 | E7: =D7/B7 -> 0.066462138 | F7: 5530.72 | G7: =F7*(1+E7) -> 5898.3035 | H7: 5078.78 | I7: =H7*(1+E7) -> 5416.3266
A8: 4 | B8: 7946.7857 | C8: ='04c_Resumen_MO'!I9 -> 8133.4699 | D8: =C8-B8 -> 186.68421 | E8: =D8/B8 -> 0.023491789 | F8: 8498.63 | G8: =F8*(1+E8) -> 8698.278 | H8: 7557.37 | I8: =H8*(1+E8) -> 7734.9061
A9: 5 | B9: 5684.6503 | C9: ='04c_Resumen_MO'!I10 -> 5998.1154 | D9: =C9-B9 -> 313.46511 | E9: =D9/B9 -> 0.055142374 | F9: 6173.22 | G9: =F9*(1+E9) -> 6513.626 | H9: 5738.56 | I9: =H9*(1+E9) -> 6054.9978
A10: 6 | B10: 6350.4301 | C10: ='04c_Resumen_MO'!I11 -> 6680.3983 | D10: =C10-B10 -> 329.96822 | E10: =D10/B10 -> 0.05195998 | F10: 6855.66 | G10: =F10*(1+E10) -> 7211.88 | H10: 6054.93 | I10: =H10*(1+E10) -> 6369.544
A11: 7 | B11: 5710.1354 | C11: ='04c_Resumen_MO'!I12 -> 6265.201 | D11: =C11-B11 -> 555.06562 | E11: =D11/B11 -> 0.097207085 | F11: 6031.65 | G11: =F11*(1+E11) -> 6617.9691 | H11: 4133.07 | I11: =H11*(1+E11) -> 4534.8337
A12: 8 | B12: 3150.6852 | C12: ='04c_Resumen_MO'!I13 -> 3425.148 | D12: =C12-B12 -> 274.46279 | E12: =D12/B12 -> 0.087112095 | F12: 3504.72 | G12: =F12*(1+E12) -> 3810.0235 | H12: 3168.06 | I12: =H12*(1+E12) -> 3444.0363

Sheet 07c_ATC_Ajustado
A1: RESUMEN MODELO DE OCUPACION
A2: UAU | B2: Area Terreno | C2: Cesiones | G2: Area Desarrollable 1 | I2: Area Retiros | J2: Area útil | L2: % incremento Beneficios
C3: Vías | D3: Espacio Público | E3: Cesión suelo E.Q. | F3: Total | L3: Usos | M3: TOTAL | N3: Area total Construida
M4: Pisos | N4: 1 | O4: 2 | P4: 3 | Q4: 4 | R4: 5 | S4: 6 | T4: 7 | U4: 8 | V4: 9 | W4: 10 | X4: 11 | Y4: 12 | Z4: 13 | AA4: 14 | AB4: 15 | AC4: 16 | AD4: 17 | AE4: 18 | AF4: 19 | AG4: 20 | AH4: 21 | AI4: 22 | AJ4: 23 | AK4: 24 | AL4: 25 | AM4: 26 | AN4: 27 | AO4: 28 | AP4: 29 | AQ4: 30 | AR4: 31 | AS4: 32 | AT4: 33 | AU4: 34 | AV4: 35 | AW4: 36 | AX4: 37 | AY4: 38 | AZ4: 39 | BA4: 40 | BB4: 41 | BC4: 42 | BD4: 43 | BE4: 44 | BF4: 45
L5: Area total construida con ECP (incluye areas libres terraza último piso)= | M5: =SUM(M6:M7) -> 1533674.7
B6: m2 | C6: m2 | D6: m2 | E6: m2 | F6: m2 | G6: m2 | H6: % | I6: m2 | J6: m2 | K6: % | L6: Equipamiento Comunal Privado | M6: 68424.685
B7: =SUM(B9:B72) -> 164776.71 | C7: =SUM(C9:C72) -> 29501.324 | D7: =SUM(D9:D72) -> 72340.479 | E7: =SUM(E9:E72) -> 5263.0592 | F7: =SUM(F9:F72) -> 107104.86 | G7: =SUM(G9:G72) -> 57671.849 | I7: =SUM(I9:I72) -> 13723.805 | J7: =SUM(J9:J72) -> 43948.044 | K7: =SUM(K9:K72) -> 1 | L7: Area total construida sin ECP = | M7: =SUM(M9,M18,M27,M36,M45,M54,M63,M72) -> 1465250 | N7: =SUM(N9,N18,N27,N36,N45,N54,N63,N72) -> 43948.492 | O7: =SUM(O9,O18,O27,O36,O45,O54,O63,O72) -> 47605.939 | P7: =SUM(P9,P18,P27,P36,P45,P54,P63,P72) -> 47605.813 | Q7: =SUM(Q9,Q18,Q27,Q36,Q45,Q54,Q63,Q72) -> 47605.813 | R7: =SUM(R9,R18,R27,R36,R45,R54,R63,R72) -> 0 | S7: =SUM(S9,S18,S27,S36,S45,S54,S63,S72) -> 41241.417 | T7: =SUM(T9,T18,T27,T36,T45,T54,T63,T72) -> 41241.417 | ... BF7: =SUM(BF9,BF18,BF27,BF36,BF45,BF54,BF63,BF72) -> 0
A9: 1 | B9: =SUMIF('04a_PROPUESTA_MO'!$R$9:$R$42,'07c_ATC_Ajustado'!A9,'04a_PROPUESTA_MO'!$T$9:$T$42) -> 17268.249 | C9: =SUMIF('04a_PROPUESTA_MO'!$R$9:$R$42,'07c_ATC_Ajustado'!A9,'04a_PROPUESTA_MO'!$AH$9:$AH$42) -> 4744.8667 | D9: =SUMIF('04a_PROPUESTA_MO'!$R$9:$R$42,'07c_ATC_Ajustado'!A9,'04a_PROPUESTA_MO'!$AI$9:$AI$42) -> 8246.4926 | E9: =SUMIF('04a_PROPUESTA_MO'!$R$9:$R$42,'07c_ATC_Ajustado'!A9,'04a_PROPUESTA_MO'!$AJ$9:$AJ$42) -> 0 | F9: =SUM(C9:E9) -> 12991.359 | G9: =B9-F9 -> 4276.8892 | H9: =G9/$G$7 -> 0.074159044 | I9: =G9-J9 -> 1355.7527 | J9: =SUMIF('04a_PROPUESTA_MO'!$R$9:$R$42,'07c_ATC_Ajustado'!A9,'04a_PROPUESTA_MO'!$AN$9:$AN$42) -> 2921.1365 | K9: =J9/$J$7 -> 0.066467951 | L9: =1+'07b_ATC_Ajuste'!$E$5 -> 1.124192 | M9: =SUM(M10:M16) -> 106329.81 | N9: =SUM(N10:N16) -> 2921.0668 | O9: =SUM(O10:O16) -> 3295.2541 | P9: =SUM(P10:P16) -> 3295.2541 | Q9: =SUM(Q10:Q16) -> 3295.2541 | R9: =SUM(R10:R16) -> 0 | S9: =SUM(S10:S16) -> 3016.8704 | T9: =SUM(T10:T16) -> 3016.8704 | ... BF9: =SUM(BF10:BF16) -> 0
L10: ='00_Datos_Mercado'!$B$3 -> a_CS - Creativos | M10: =SUM(N10:BF10) -> 0 | N10: =IFERROR('07a_ATC'!N10*'07c_ATC_Ajustado'!$L$9,0) -> 0 | O10: =IFERROR('07a_ATC'!O10*'07c_ATC_Ajustado'!$L$9,0) -> 0 | P10: =IFERROR('07a_ATC'!P10*'07c_ATC_Ajustado'!$L$9,0) -> 0 | Q10: =IFERROR('07a_ATC'!Q10*'07c_ATC_Ajustado'!$L$9,0) -> 0 | R10: =IFERROR('07a_ATC'!R10*'07c_ATC_Ajustado'!$L$9,0) -> 0 | S10: =IFERROR('07a_ATC'!S10*'07c_ATC_Ajustado'!$L$9,0) -> 0 | T10: =IFERROR('07a_ATC'!T10*'07c_ATC_Ajustado'!$L$9,0) -> 0 | U10: =IFERROR('07a_ATC'!U10*'07c_ATC_Ajustado'!$L$9,0) -> 0 | ... BF10: =IFERROR('07a_ATC'!BF10*'07c_ATC_Ajustado'!$L$9,0) -> 0
L11: ='00_Datos_Mercado'!$B$4 -> b_CS - General (Comercio + Oficinas + Hospedaje) | M11: =SUM(N11:BF11) -> 12806.829 | N11: =IFERROR('07a_ATC'!N11*'07c_ATC_Ajustado'!$L$9,0) -> 2921.0668 | O11: =IFERROR('07a_ATC'!O11*'07c_ATC_Ajustado'!$L$9,0) -> 3295.2541 | P11: =IFERROR('07a_ATC'!P11*'07c_ATC_Ajustado'!$L$9,0) -> 3295.2541 | Q11: =IFERROR('07a_ATC'!Q11*'07c_ATC_Ajustado'!$L$9,0) -> 3295.2541 | R11: =IFERROR('07a_ATC'!R11*'07c_ATC_Ajustado'!$L$9,0) -> 0 | S11: =IFERROR('07a_ATC'!S11*'07c_ATC_Ajustado'!$L$9,0) -> 0 | T11: =IFERROR('07a_ATC'!T11*'07c_ATC_Ajustado'!$L$9,0) -> 0 | U11: =IFERROR('07a_ATC'!U11*'07c_ATC_Ajustado'!$L$9,0) -> 0 | ... BF11: =IFERROR('07a_ATC'!BF11*'07c_ATC_Ajustado'!$L$9,0) -> 0
L12: ='00_Datos_Mercado'!$B$5 -> c_CS - Grandes Superficies | M12: =SUM(N12:BF12) -> 0 | N12: =IFERROR('07a_ATC'!N12*'07c_ATC_Ajustado'!$L$9,0) -> 0 | O12: =IFERROR('07a_ATC'!O12*'07c_ATC_Ajustado'!$L$9,0) -> 0 | P12: =IFERROR('07a_ATC'!P12*'07c_ATC_Ajustado'!$L$9,0) -> 0 | Q12: =IFERROR('07a_ATC'!Q12*'07c_ATC_Ajustado'!$L$9,0) -> 0 | R12: =IFERROR('07a_ATC'!R12*'07c_ATC_Ajustado'!$L$9,0) -> 0 | S12: =IFERROR('07a_ATC'!S12*'07c_ATC_Ajustado'!$L$9,0) -> 0 | T12: =IFERROR('07a_ATC'!T12*'07c_ATC_Ajustado'!$L$9,0) -> 0 | U12: =IFERROR('07a_ATC'!U12*'07c_ATC_Ajustado'!$L$9,0) -> 0 | ... BF12: =IFERROR('07a_ATC'!BF12*'07c_ATC_Ajustado'!$L$9,0) -> 0
L13: ='00_Datos_Mercado'!$B$6 -> d_CS - Torre Empresarial (Oficinas + Hospedaje) | M13: =SUM(N13:BF13) -> 93522.983 | N13: =IFERROR('07a_ATC'!N13*'07c_ATC_Ajustado'!$L$9,0) -> 0 | O13: =IFERROR('07a_ATC'!O13*'07c_ATC_Ajustado'!$L$9,0) -> 0 | P13: =IFERROR('07a_ATC'!P13*'07c_ATC_Ajustado'!$L$9,0) -> 0 | Q13: =IFERROR('07a_ATC'!Q13*'07c_ATC_Ajustado'!$L$9,0) -> 0 | R13: =IFERROR('07a_ATC'!R13*'07c_ATC_Ajustado'!$L$9,0) -> 0 | S13: =IFERROR('07a_ATC'!S13*'07c_ATC_Ajustado'!$L$9,0) -> 3016.8704 | T13: =IFERROR('07a_ATC'!T13*'07c_ATC_Ajustado'!$L$9,0) -> 3016.8704 | U13: =IFERROR('07a_ATC'!U13*'07c_ATC_Ajustado'!$L$9,0) -> 3016.8704 | ... BF13: =IFERROR('07a_ATC'!BF13*'07c_ATC_Ajustado'!$L$9,0) -> 0
L14: ='00_Datos_Mercado'!$B$7 -> e_CS - Innovation (H, CS, Gamers) | M14: =SUM(N14:BF14) -> 0 | N14: =IFERROR('07a_ATC'!N14*'07c_ATC_Ajustado'!$L$9,0) -> 0 | O14: =IFERROR('07a_ATC'!O14*'07c_ATC_Ajustado'!$L$9,0) -> 0 | P14: =IFERROR('07a_ATC'!P14*'07c_ATC_Ajustado'!$L$9,0) -> 0 | Q14: =IFERROR('07a_ATC'!Q14*'07c_ATC_Ajustado'!$L$9,0) -> 0 | R14: =IFERROR('07a_ATC'!R14*'07c_ATC_Ajustado'!$L$9,0) -> 0 | S14: =IFERROR('07a_ATC'!S14*'07c_ATC_Ajustado'!$L$9,0) -> 0 | T14: =IFERROR('07a_ATC'!T14*'07c_ATC_Ajustado'!$L$9,0) -> 0 | U14: =IFERROR('07a_ATC'!U14*'07c_ATC_Ajustado'!$L$9,0) -> 0 | ... BF14: =IFERROR('07a_ATC'!BF14*'07c_ATC_Ajustado'!$L$9,0) -> 0
L15: ='00_Datos_Mercado'!$B$8 -> f_RES - VIS Ru | M15: =SUM(N15:BF15) -> 0 | N15: =IFERROR('07a_ATC'!N15*'07c_ATC_Ajustado'!$L$9,0) -> 0 | O15: =IFERROR('07a_ATC'!O15*'07c_ATC_Ajustado'!$L$9,0) -> 0 | P15: =IFERROR('07a_ATC'!P15*'07c_ATC_Ajustado'!$L$9,0) -> 0 | Q15: =IFERROR('07a_ATC'!Q15*'07c_ATC_Ajustado'!$L$9,0) -> 0 | R15: =IFERROR('07a_ATC'!R15*'07c_ATC_Ajustado'!$L$9,0) -> 0 | S15: =IFERROR('07a_ATC'!S15*'07c_ATC_Ajustado'!$L$9,0) -> 0 | T15: =IFERROR('07a_ATC'!T15*'07c_ATC_Ajustado'!$L$9,0) -> 0 | U15: =IFERROR('07a_ATC'!U15*'07c_ATC_Ajustado'!$L$9,0) -> 0 | ... BF15: =IFERROR('07a_ATC'!BF15*'07c_ATC_Ajustado'!$L$9,0) -> 0
L16: ='00_Datos_Mercado'!$B$10 -> i_RES - No VIS | M16: =SUM(N16:BF16) -> 0 | N16: =IFERROR('07a_ATC'!N16*'07c_ATC_Ajustado'!$L$9,0) -> 0 | O16: =IFERROR('07a_ATC'!O16*'07c_ATC_Ajustado'!$L$9,0) -> 0 | P16: =IFERROR('07a_ATC'!P16*'07c_ATC_Ajustado'!$L$9,0) -> 0 | Q16: =IFERROR('07a_ATC'!Q16*'07c_ATC_Ajustado'!$L$9,0) -> 0 | R16: =IFERROR('07a_ATC'!R16*'07c_ATC_Ajustado'!$L$9,0) -> 0 | S16: =IFERROR('07a_ATC'!S16*'07c_ATC_Ajustado'!$L$9,0) -> 0 | T16: =IFERROR('07a_ATC'!T16*'07c_ATC_Ajustado'!$L$9,0) -> 0 | U16: =IFERROR('07a_ATC'!U16*'07c_ATC_Ajustado'!$L$9,0) -> 0 | ... BF16: =IFERROR('07a_ATC'!BF16*'07c_ATC_Ajustado'!$L$9,0) -> 0
L17: Equipamiento Comunal Privado | M17: =SUM(N17:BF17) -> 6033.7408 | N17: =IFERROR('07a_ATC'!N17*'07c_ATC_Ajustado'!$L$9,0) -> 0 | O17: =IFERROR('07a_ATC'!O17*'07c_ATC_Ajustado'!$L$9,0) -> 0 | P17: =IFERROR('07a_ATC'!P17*'07c_ATC_Ajustado'!$L$9,0) -> 0 | Q17: =IFERROR('07a_ATC'!Q17*'07c_ATC_Ajustado'!$L$9,0) -> 0 | R17: =IFERROR('07a_ATC'!R17*'07c_ATC_Ajustado'!$L$9,0) -> 3016.8704 | S17: =IFERROR('07a_ATC'!S17*'07c_ATC_Ajustado'!$L$9,0) -> 0 | T17: =IFERROR('07a_ATC'!T17*'07c_ATC_Ajustado'!$L$9,0) -> 0 | U17: =IFERROR('07a_ATC'!U17*'07c_ATC_Ajustado'!$L$9,0) -> 0 | ... BF17: =IFERROR('07a_ATC'!BF17*'07c_ATC_Ajustado'!$L$9,0) -> 0
A18: 2 | B18: =SUMIF('04a_PROPUESTA_MO'!$R$9:$R$42,'07c_ATC_Ajustado'!A18,'04a_PROPUESTA_MO'!$T$9:$T$42) -> 15602.532 | C18: =SUMIF('04a_PROPUESTA_MO'!$R$9:$R$42,'07c_ATC_Ajustado'!A18,'04a_PROPUESTA_MO'!$AH$9:$AH$42) -> 1166.9775 | D18: =SUMIF('04a_PROPUESTA_MO'!$R$9:$R$42,'07c_ATC_Ajustado'!A18,'04a_PROPUESTA_MO'!$AI$9:$AI$42) -> 7535.2101 | E18: =SUMIF('04a_PROPUESTA_MO'!$R$9:$R$42,'07c_ATC_Ajustado'!A18,'04a_PROPUESTA_MO'!$AJ$9:$AJ$42) -> 0 | F18: =SUM(C18:E18) -> 8702.1876 | G18: =B18-F18 -> 6900.3439 | H18: =G18/$G$7 -> 0.11964839 | I18: =G18-J18 -> 1807.5715 | J18: =SUMIF('04a_PROPUESTA_MO'!$R$9:$R$42,'07c_ATC_Ajustado'!A18,'04a_PROPUESTA_MO'!$AN$9:$AN$42) -> 5092.7724 | K18: =J18/$J$7 -> 0.11588166 | L18: =1+'07b_ATC_Ajuste'!$E$6 -> 1.0514939 | M18: =SUM(M19:M25) -> 181558.4 | N18: =SUM(N19:N25) -> 5093.6362 | O18: =SUM(O19:O25) -> 5560.6046 | P18: =SUM(P19:P25) -> 5560.4784 | Q18: =SUM(Q19:Q25) -> 5560.4784 | R18: =SUM(R19:R25) -> 0 | S18: =SUM(S19:S25) -> 5154.2969 | T18: =SUM(T19:T25) -> 5154.2969 | ... BF18: =SUM(BF19:BF25) -> 0
L19: ='00_Datos_Mercado'!$B$3 -> a_CS - Creativos | M19: =SUM(N19:BF19) -> 4234.8391 | N19: =IFERROR('07a_ATC'!N19*'07c_ATC_Ajustado'!$L$18,0) -> 2007.5542 | O19: =IFERROR('07a_ATC'!O19*'07c_ATC_Ajustado'!$L$18,0) -> 2227.2849 | P19: =IFERROR('07a_ATC'!P19*'07c_ATC_Ajustado'!$L$18,0) -> 0 | Q19: =IFERROR('07a_ATC'!Q19*'07c_ATC_Ajustado'!$L$18,0) -> 0 | R19: =IFERROR('07a_ATC'!R19*'07c_ATC_Ajustado'!$L$18,0) -> 0 | S19: =IFERROR('07a_ATC'!S19*'07c_ATC_Ajustado'!$L$18,0) -> 0 | T19: =IFERROR('07a_ATC'!T19*'07c_ATC_Ajustado'!$L$18,0) -> 0 | U19: =IFERROR('07a_ATC'!U19*'07c_ATC_Ajustado'!$L$18,0) -> 0 | ... BF19: =IFERROR('07a_ATC'!BF19*'07c_ATC_Ajustado'!$L$18,0) -> 0
L20: ='00_Datos_Mercado'!$B$4 -> b_CS - General (Comercio + Oficinas + Hospedaje) | M20: =SUM(N20:BF20) -> 17540.359 | N20: =IFERROR('07a_ATC'!N20*'07c_ATC_Ajustado'!$L$18,0) -> 3086.082 | O20: =IFERROR('07a_ATC'!O20*'07c_ATC_Ajustado'!$L$18,0) -> 3333.3197 | P20: =IFERROR('07a_ATC'!P20*'07c_ATC_Ajustado'!$L$18,0) -> 5560.4784 | Q20: =IFERROR('07a_ATC'!Q20*'07c_ATC_Ajustado'!$L$18,0) -> 5560.4784 | S20: =IFERROR('07a_ATC'!S20*'07c_ATC_Ajustado'!$L$18,0) -> 0 | T20: =IFERROR('07a_ATC'!T20*'07c_ATC_Ajustado'!$L$18,0) -> 0 | U20: =IFERROR('07a_ATC'!U20*'07c_ATC_Ajustado'!$L$18,0) -> 0 | V20: =IFERROR('07a_ATC'!V20*'07c_ATC_Ajustado'!$L$18,0) -> 0 | W20: =IFERROR('07a_ATC'!W20*'07c_ATC_Ajustado'!$L$18,0) -> 0 | X20: =IFERROR('07a_ATC'!X20*'07c_ATC_Ajustado'!$L$18,0) -> 0 | Y20: =IFERROR('07a_ATC'!Y20*'07c_ATC_Ajustado'!$L$18,0) -> 0 | Z20: =IFERROR('07a_ATC'!Z20*'07c_ATC_Ajustado'!$L$18,0) -> 0 | ... BF20: =IFERROR('07a_ATC'!BF20*'07c_ATC_Ajustado'!$L$18,0) -> 0
L21: ='00_Datos_Mercado'!$B$5 -> c_CS - Grandes Superficies | M21: =SUM(N21:BF21) -> 0 | N21: =IFERROR('07a_ATC'!N21*'07c_ATC_Ajustado'!$L$18,0) -> 0 | O21: =IFERROR('07a_ATC'!O21*'07c_ATC_Ajustado'!$L$18,0) -> 0 | P21: =IFERROR('07a_ATC'!P21*'07c_ATC_Ajustado'!$L$18,0) -> 0 | Q21: =IFERROR('07a_ATC'!Q21*'07c_ATC_Ajustado'!$L$18,0) -> 0 | R21: =IFERROR('07a_ATC'!R21*'07c_ATC_Ajustado'!$L$18,0) -> 0 | S21: =IFERROR('07a_ATC'!S21*'07c_ATC_Ajustado'!$L$18,0) -> 0 | T21: =IFERROR('07a_ATC'!T21*'07c_ATC_Ajustado'!$L$18,0) -> 0 | U21: =IFERROR('07a_ATC'!U21*'07c_ATC_Ajustado'!$L$18,0) -> 0 | ... BF21: =IFERROR('07a_ATC'!BF21*'07c_ATC_Ajustado'!$L$18,0) -> 0
